Workbook

Sheet Capa
A19: ORÇAMENTO PARA ELABORAÇÃO DE PROJETOS DE SISTEMA DE ESGOTAMENTO SANITÁRIO
B25: CBH-PIRANGA
B30: São Miguel do Anta/MG
C35: Elaborado por:
E37: Adriano Ferreira Batista
E38: Gerente Técnico
E39: AGEDOCE
E41: Vitor Soares Feitoza
E42: Técnico Pleno - Nível Superior
E43: AGEDOCE
C45: De acordo:
E47: Alex Cardoso Pereira
E48: Diretor-Executivo Interino
E49: AGEDOCE
E53: =TODAY() -> 46170

Sheet Orç_20-30
A10: GOVERNO DO ESTADO DO RIO DE JANEIRO
A11: SECRETARIA DE ESTADO DO AMBIENTE - SEA
B13: Planilha Orçamentária | G13: I0 = AGO/2011
A14: Projeto: ELABORAÇÃO DE PLANO MUNICIPAL DE SANEAMENTO NAS MODALIDADES ÁGUA, ESGOTO E DRENAGEM URBANA PARA MUNICÍPIOS COM POPULAÇÃO ATÉ 15 MIL HABITANTES
A15: ITEM | B15: DESCRIÇÃO | C15: Código | D15: Unid. | E15: Quant. | F15: Preço unit. | G15: Custo total
F16: EMOP JUL/11
A17: 0 | B17: Supervisão e Suporte | G17: =SUM(G18:G20) -> #REF! | I17: h/mês | J17: nº meses | K17: nº prof.
A18: 0.1 | B18: =IF(C18="","",VLOOKUP(C18,#REF!,2,FALSE)) -> #REF! | C18: 05.105.034-0 | D18: h | E18: =I18*J18*K18 -> 240 | F18: =IF(C18="","",VLOOKUP(C18,#REF!,2,FALSE)) -> #REF! | G18: =E18*F18 -> #REF! | I18: 40 | J18: 6 | K18: 1
A19: 0.2 | B19: =IF(C19="","",VLOOKUP(C19,#REF!,2,FALSE)) -> #REF! | C19: 05.105.038-0 | D19: h | E19: =I19*J19*K19 -> 960 | F19: =IF(C19="","",VLOOKUP(C19,#REF!,2,FALSE)) -> #REF! | G19: =E19*F19 -> #REF! | I19: 160 | J19: 6 | K19: 1
A20: 0.3 | B20: =IF(C20="","",VLOOKUP(C20,#REF!,2,FALSE)) -> #REF! | C20: 05.105.041-0 | D20: h | E20: =I20*J20*K20 -> 960 | F20: =IF(C20="","",VLOOKUP(C20,#REF!,2,FALSE)) -> #REF! | G20: =E20*F20 -> #REF! | I20: 160 | J20: 6 | K20: 1
A21: 1 | B21: Plano de Trabalho (P1) e Projeto de Comunicação e Mobilização Social (P2) | G21: =SUM(G22:G29) -> #REF! | L21: 1 | M21: P1 + P2
A22: 1.1 | B22: MÃO-DE-OBRA DE ADVOGADO OU ASSESSOR JURÍDICO | D22: h | E22: =I22*J22*K22 -> 40 | F22: 53.9 | G22: =E22*F22 -> 2156 | I22: 40 | J22: 1 | K22: 1 | N22: 3719.74 | O22: =N22/160 -> 23.248375 | P22: =O22+O22*1.14 -> 49.751522
A23: 1.2 | B23: MÃO-DE-OBRA DE ASSISTENTE SOCIAL | D23: h | E23: =I23*J23*K23 -> 160 | F23: 53.9 | G23: =E23*F23 -> 8624 | I23: 160 | J23: 1 | K23: 1 | N23: 2076 | O23: =N23/160 -> 12.975 | P23: =O23+O23*1.14 -> 27.7665
A24: 1.3 | B24: MÃO-DE-OBRA DE ECONOMISTA | D24: h | E24: =I24*J24*K24 -> 0 | F24: 53.9 | G24: =E24*F24 -> 0 | I24: 160 | J24: 1 | K24: 0 | P24: 50
A25: 1.4 | B25: =IF(C25="","",VLOOKUP(C25,#REF!,2,FALSE)) -> #REF! | C25: 05.105.033-0 | D25: h | E25: =I25*J25*K25 -> 80 | F25: =IF(C25="","",VLOOKUP(C25,#REF!,2,FALSE)) -> #REF! | G25: =E25*F25 -> #REF! | I25: 80 | J25: 1 | K25: 1
A26: 1.5 | B26: =IF(C26="","",VLOOKUP(C26,#REF!,2,FALSE)) -> #REF! | C26: 05.105.032-0 | D26: h | E26: =I26*J26*K26 -> 160 | F26: =IF(C26="","",VLOOKUP(C26,#REF!,2,FALSE)) -> #REF! | G26: =E26*F26 -> #REF! | I26: 160 | J26: 1 | K26: 1
A27: 1.6 | B27: =IF(C27="","",VLOOKUP(C27,#REF!,2,FALSE)) -> #REF! | C27: 05.105.026-0 | D27: h | E27: =I27*J27*K27 -> 0 | F27: =IF(C27="","",VLOOKUP(C27,#REF!,2,FALSE)) -> #REF! | G27: =E27*F27 -> #REF! | I27: 160 | J27: 1 | K27: 0
A28: 1.7 | B28: =IF(C28="","",VLOOKUP(C28,#REF!,2,FALSE)) -> #REF! | C28: 05.105.035-0 | D28: h | E28: =I28*J28*K28 -> 0 | F28: =IF(C28="","",VLOOKUP(C28,#REF!,2,FALSE)) -> #REF! | G28: =E28*F28 -> #REF! | I28: 160 | J28: 1 | K28: 0
A29: 1.8 | B29: =IF(C29="","",VLOOKUP(C29,#REF!,2,FALSE)) -> #REF! | C29: 05.105.025-0 | E29: =I29*J29*K29 -> 0 | F29: =IF(C29="","",VLOOKUP(C29,#REF!,2,FALSE)) -> #REF! | G29: =E29*F29 -> #REF! | I29: 160 | J29: 1 | K29: 0
A30: 2 | B30: Caracterização do Município (P3) | G30: =SUM(G31:G39) -> #REF! | L30: 1 | M30: P3
A31: 2.1 | B31: MÃO-DE-OBRA DE ADVOGADO OU ASSESSOR JURÍDICO | D31: h | E31: =I31*J31*K31 -> 40 | F31: 53.9 | G31: =E31*F31 -> 2156 | I31: 40 | J31: 1 | K31: 1
A32: 2.2 | B32: MÃO-DE-OBRA DE ASSISTENTE SOCIAL | D32: h | E32: =I32*J32*K32 -> 40 | F32: 53.9 | G32: =E32*F32 -> 2156 | I32: 40 | J32: 1 | K32: 1
A33: 2.3 | B33: MÃO-DE-OBRA DE ECONOMISTA | D33: h | E33: =I33*J33*K33 -> 40 | F33: 53.9 | G33: =E33*F33 -> 2156 | I33: 40 | J33: 1 | K33: 1
A34: 2.4 | B34: =IF(C34="","",VLOOKUP(C34,#REF!,2,FALSE)) -> #REF! | C34: 05.105.033-0 | D34: h | E34: =I34*J34*K34 -> 40 | F34: =IF(C34="","",VLOOKUP(C34,#REF!,2,FALSE)) -> #REF! | G34: =E34*F34 -> #REF! | I34: 40 | J34: 1 | K34: 1
A35: 2.5 | B35: =IF(C35="","",VLOOKUP(C35,#REF!,2,FALSE)) -> #REF! | C35: 05.105.032-0 | D35: h | E35: =I35*J35*K35 -> 80 | F35: =IF(C35="","",VLOOKUP(C35,#REF!,2,FALSE)) -> #REF! | G35: =E35*F35 -> #REF! | I35: 80 | J35: 1 | K35: 1
A36: 2.6 | B36: =IF(C36="","",VLOOKUP(C36,#REF!,2,FALSE)) -> #REF! | C36: 05.105.026-0 | D36: h | E36: =I36*J36*K36 -> 0 | F36: =IF(C36="","",VLOOKUP(C36,#REF!,2,FALSE)) -> #REF! | G36: =E36*F36 -> #REF! | I36: 0 | J36: 1 | K36: 1
A37: 2.7 | B37: =IF(C37="","",VLOOKUP(C37,#REF!,2,FALSE)) -> #REF! | C37: 05.105.035-0 | D37: h | E37: =I37*J37*K37 -> 40 | F37: =IF(C37="","",VLOOKUP(C37,#REF!,2,FALSE)) -> #REF! | G37: =E37*F37 -> #REF! | I37: 40 | J37: 1 | K37: 1
A38: 2.8 | B38: =IF(C38="","",VLOOKUP(C38,#REF!,2,FALSE)) -> #REF! | C38: 05.105.025-0 | E38: =I38*J38*K38 -> 80 | F38: =IF(C38="","",VLOOKUP(C38,#REF!,2,FALSE)) -> #REF! | G38: =E38*F38 -> #REF! | I38: 80 | J38: 1 | K38: 1
A39: 2.9 | B39: =IF(C39="","",VLOOKUP(C39,#REF!,2,FALSE)) -> #REF! | C39: 19.004.042-2 | E39: =I39*J39*K39 -> 40 | F39: =IF(C39="","",VLOOKUP(C39,#REF!,2,FALSE)) -> #REF! | G39: =E39*F39 -> #REF! | I39: 40 | J39: 1 | K39: 1
A40: 3 | B40: Diagnóstico dos Serviços de Abastecimento de Água Potável (P4), Esgotamento Sanitário e Drenagem Pluvial Urbana (P5) | G40: =SUM(G41:G50) -> #REF! | L40: 1 | M40: P4
A41: 3.1 | B41: MÃO-DE-OBRA DE ADVOGADO OU ASSESSOR JURÍDICO | D41: h | E41: =I41*J41*K41 -> 40 | F41: 53.9 | G41: =E41*F41 -> 2156 | I41: 40 | J41: 1 | K41: 1
A42: 3.2 | B42: MÃO-DE-OBRA DE ASSISTENTE SOCIAL | D42: h | E42: =I42*J42*K42 -> 40 | F42: 53.9 | G42: =E42*F42 -> 2156 | I42: 40 | J42: 1 | K42: 1
A43: 3.3 | B43: MÃO-DE-OBRA DE ECONOMISTA | D43: h | E43: =I43*J43*K43 -> 40 | F43: 53.9 | G43: =E43*F43 -> 2156 | I43: 40 | J43: 1 | K43: 1
A44: 3.4 | B44: =IF(C44="","",VLOOKUP(C44,#REF!,2,FALSE)) -> #REF! | C44: 05.105.033-0 | D44: h | E44: =I44*J44*K44 -> 160 | F44: =IF(C44="","",VLOOKUP(C44,#REF!,2,FALSE)) -> #REF! | G44: =E44*F44 -> #REF! | I44: 160 | J44: 1 | K44: 1
A45: 3.5 | B45: =IF(C45="","",VLOOKUP(C45,#REF!,2,FALSE)) -> #REF! | C45: 05.105.032-0 | D45: h | E45: =I45*J45*K45 -> 320 | F45: =IF(C45="","",VLOOKUP(C45,#REF!,2,FALSE)) -> #REF! | G45: =E45*F45 -> #REF! | I45: 160 | J45: 1 | K45: 2
A46: 3.6 | B46: =IF(C46="","",VLOOKUP(C46,#REF!,2,FALSE)) -> #REF! | C46: 05.105.050-0 | D46: h | E46: =I46*J46*K46 -> 160 | F46: =IF(C46="","",VLOOKUP(C46,#REF!,2,FALSE)) -> #REF! | G46: =E46*F46 -> #REF! | I46: 160 | J46: 1 | K46: 1
A47: 3.7 | B47: =IF(C47="","",VLOOKUP(C47,#REF!,2,FALSE)) -> #REF! | C47: 05.105.026-0 | D47: h | E47: =I47*J47*K47 -> 160 | F47: =IF(C47="","",VLOOKUP(C47,#REF!,2,FALSE)) -> #REF! | G47: =E47*F47 -> #REF! | I47: 160 | J47: 1 | K47: 1
A48: 3.8 | B48: =IF(C48="","",VLOOKUP(C48,#REF!,2,FALSE)) -> #REF! | C48: 05.105.035-0 | D48: h | E48: =I48*J48*K48 -> 80 | F48: =IF(C48="","",VLOOKUP(C48,#REF!,2,FALSE)) -> #REF! | G48: =E48*F48 -> #REF! | I48: 80 | J48: 1 | K48: 1
A49: 3.9 | B49: =IF(C49="","",VLOOKUP(C49,#REF!,2,FALSE)) -> #REF! | C49: 05.105.025-0 | E49: =I49*J49*K49 -> 160 | F49: =IF(C49="","",VLOOKUP(C49,#REF!,2,FALSE)) -> #REF! | G49: =E49*F49 -> #REF! | I49: 160 | J49: 1 | K49: 1
A50: 3.10 | B50: =IF(C50="","",VLOOKUP(C50,#REF!,2,FALSE)) -> #REF! | C50: 19.004.042-2 | E50: =I50*J50*K50 -> 160 | F50: =IF(C50="","",VLOOKUP(C50,#REF!,2,FALSE)) -> #REF! | G50: =E50*F50 -> #REF! | I50: 160 | J50: 1 | K50: 1
A51: 4 | B51: Proposição de Arranjos Institucionais, Jurídicos e Econômico-Financeiros (P6), Sistemas de Abastecimento de Água (P7), Sistemas de Esgotamento Sanitário e Drenagem Pluvial Urbana (P8) | G51: =SUM(G52:G61) -> #REF! | L51: 1 | M51: P6
A52: 4.1 | B52: MÃO-DE-OBRA DE ADVOGADO OU ASSESSOR JURÍDICO | D52: h | E52: =I52*J52*K52 -> 80 | F52: 53.9 | G52: =E52*F52 -> 4312 | I52: 80 | J52: 1 | K52: 1 | M52: 40 | N52: 1 | O52: 1
A53: 4.2 | B53: MÃO-DE-OBRA DE ASSISTENTE SOCIAL | D53: h | E53: =I53*J53*K53 -> 20 | F53: 53.9 | G53: =E53*F53 -> 1078 | I53: 20 | J53: 1 | K53: 1 | M53: 20 | N53: 1 | O53: 1
A54: 4.3 | B54: MÃO-DE-OBRA DE ECONOMISTA | D54: h | E54: =I54*J54*K54 -> 80 | F54: 53.9 | G54: =E54*F54 -> 4312 | I54: 80 | J54: 1 | K54: 1 | M54: 40 | N54: 1 | O54: 1
A55: 4.4 | B55: =IF(C55="","",VLOOKUP(C55,#REF!,2,FALSE)) -> #REF! | C55: 05.105.033-0 | D55: h | E55: =I55*J55*K55 -> 160 | F55: =IF(C55="","",VLOOKUP(C55,#REF!,2,FALSE)) -> #REF! | G55: =E55*F55 -> #REF! | I55: 160 | J55: 1 | K55: 1 | M55: 80 | N55: 1 | O55: 1
A56: 4.5 | B56: =IF(C56="","",VLOOKUP(C56,#REF!,2,FALSE)) -> #REF! | C56: 05.105.032-0 | D56: h | E56: =I56*J56*K56 -> 320 | F56: =IF(C56="","",VLOOKUP(C56,#REF!,2,FALSE)) -> #REF! | G56: =E56*F56 -> #REF! | I56: 160 | J56: 1 | K56: 2 | M56: 160 | N56: 1 | O56: 2
A57: 4.6 | B57: =IF(C57="","",VLOOKUP(C57,#REF!,2,FALSE)) -> #REF! | C57: 05.105.050-0 | D57: h | E57: =I57*J57*K57 -> 0 | F57: =IF(C57="","",VLOOKUP(C57,#REF!,2,FALSE)) -> #REF! | G57: =E57*F57 -> #REF! | I57: 160 | J57: 1 | K57: 0 | M57: 160 | N57: 1 | O57: 0
A58: 4.7 | B58: =IF(C58="","",VLOOKUP(C58,#REF!,2,FALSE)) -> #REF! | C58: 05.105.026-0 | D58: h | E58: =I58*J58*K58 -> 160 | F58: =IF(C58="","",VLOOKUP(C58,#REF!,2,FALSE)) -> #REF! | G58: =E58*F58 -> #REF! | I58: 160 | J58: 1 | K58: 1 | M58: 160 | N58: 1 | O58: 1
A59: 4.8 | B59: =IF(C59="","",VLOOKUP(C59,#REF!,2,FALSE)) -> #REF! | C59: 05.105.035-0 | D59: h | E59: =I59*J59*K59 -> 160 | F59: =IF(C59="","",VLOOKUP(C59,#REF!,2,FALSE)) -> #REF! | G59: =E59*F59 -> #REF! | I59: 160 | J59: 1 | K59: 1 | M59: 80 | N59: 1 | O59: 1
A60: 4.9 | B60: =IF(C60="","",VLOOKUP(C60,#REF!,2,FALSE)) -> #REF! | C60: 05.105.025-0 | E60: =I60*J60*K60 -> 160 | F60: =IF(C60="","",VLOOKUP(C60,#REF!,2,FALSE)) -> #REF! | G60: =E60*F60 -> #REF! | I60: 160 | J60: 1 | K60: 1 | M60: 160 | N60: 1 | O60: 1
A61: 4.10 | B61: =IF(C61="","",VLOOKUP(C61,#REF!,2,FALSE)) -> #REF! | C61: 19.004.042-2 | E61: =I61*J61*K61 -> 160 | F61: =IF(C61="","",VLOOKUP(C61,#REF!,2,FALSE)) -> #REF! | G61: =E61*F61 -> #REF! | I61: 160 | J61: 1 | K61: 1 | M61: 40 | N61: 1 | O61: 1
A62: 5 | B62: Versão Preliminar do Plano (P9) | G62: =SUM(G63:G70) -> #REF! | L62: 1 | M62: P9
A63: 5.1 | B63: MÃO-DE-OBRA DE ADVOGADO OU ASSESSOR JURÍDICO | D63: h | E63: =I63*J63*K63 -> 0 | F63: 53.9 | G63: =E63*F63 -> 0 | I63: 160 | J63: 1 | K63: 0
A64: 5.2 | B64: MÃO-DE-OBRA DE ASSISTENTE SOCIAL | D64: h | E64: =I64*J64*K64 -> 20 | F64: 53.9 | G64: =E64*F64 -> 1078 | I64: 20 | J64: 1 | K64: 1
A65: 5.3 | B65: MÃO-DE-OBRA DE ECONOMISTA | D65: h | E65: =I65*J65*K65 -> 0 | F65: 53.9 | G65: =E65*F65 -> 0 | I65: 160 | J65: 1 | K65: 0
A66: 5.4 | B66: =IF(C66="","",VLOOKUP(C66,#REF!,2,FALSE)) -> #REF! | C66: 05.105.033-0 | D66: h | E66: =I66*J66*K66 -> 40 | F66: =IF(C66="","",VLOOKUP(C66,#REF!,2,FALSE)) -> #REF! | G66: =E66*F66 -> #REF! | I66: 40 | J66: 1 | K66: 1
A67: 5.5 | B67: =IF(C67="","",VLOOKUP(C67,#REF!,2,FALSE)) -> #REF! | C67: 05.105.032-0 | D67: h | E67: =I67*J67*K67 -> 160 | F67: =IF(C67="","",VLOOKUP(C67,#REF!,2,FALSE)) -> #REF! | G67: =E67*F67 -> #REF! | I67: 160 | J67: 1 | K67: 1
A68: 5.6 | B68: =IF(C68="","",VLOOKUP(C68,#REF!,2,FALSE)) -> #REF! | C68: 05.105.026-0 | D68: h | E68: =I68*J68*K68 -> 0 | F68: =IF(C68="","",VLOOKUP(C68,#REF!,2,FALSE)) -> #REF! | G68: =E68*F68 -> #REF! | I68: 160 | J68: 1 | K68: 0
A69: 5.7 | B69: =IF(C69="","",VLOOKUP(C69,#REF!,2,FALSE)) -> #REF! | C69: 05.105.035-0 | D69: h | E69: =I69*J69*K69 -> 0 | F69: =IF(C69="","",VLOOKUP(C69,#REF!,2,FALSE)) -> #REF! | G69: =E69*F69 -> #REF! | I69: 160 | J69: 1 | K69: 0
A70: 5.8 | B70: =IF(C70="","",VLOOKUP(C70,#REF!,2,FALSE)) -> #REF! | C70: 05.105.025-0 | D70: h | E70: =I70*J70*K70 -> 0 | F70: =IF(C70="","",VLOOKUP(C70,#REF!,2,FALSE)) -> #REF! | G70: =E70*F70 -> #REF! | I70: 160 | J70: 1 | K70: 0
A71: 6 | B71: Versão Final do Plano (P10) e Banco de Dados (P11) | G71: =SUM(G72:G76) -> #REF! | L71: 1 | M71: P10 | N71: P11
A72: 6.1 | B72: =IF(C72="","",VLOOKUP(C72,#REF!,2,FALSE)) -> #REF! | C72: 05.105.033-0 | D72: h | E72: =I72*J72*K72 -> 40 | F72: =IF(C72="","",VLOOKUP(C72,#REF!,2,FALSE)) -> #REF! | G72: =E72*F72 -> #REF! | I72: 40 | J72: 1 | K72: 1
A73: 6.2 | B73: =IF(C73="","",VLOOKUP(C73,#REF!,2,FALSE)) -> #REF! | C73: 05.105.032-0 | D73: h | E73: =I73*J73*K73 -> 160 | F73: =IF(C73="","",VLOOKUP(C73,#REF!,2,FALSE)) -> #REF! | G73: =E73*F73 -> #REF! | I73: 160 | J73: 1 | K73: 1
A74: 6.3 | B74: =IF(C74="","",VLOOKUP(C74,#REF!,2,FALSE)) -> #REF! | C74: 05.105.026-0 | D74: h | E74: =I74*J74*K74 -> 0 | F74: =IF(C74="","",VLOOKUP(C74,#REF!,2,FALSE)) -> #REF! | G74: =E74*F74 -> #REF! | I74: 160 | J74: 1 | K74: 0
A75: 6.4 | B75: MAO-DE-OBRA DE TÉCNICO DE GEOPROCESSAMENTO | D75: h | E75: =I75*J75*K75 -> 160 | F75: 53.9 | G75: =E75*F75 -> 8624 | I75: 160 | J75: 1 | K75: 1
A76: 6.5 | B76: =IF(C76="","",VLOOKUP(C76,#REF!,2,FALSE)) -> #REF! | C76: 19.004.042-2 | D76: h | E76: =I76*J76*K76 -> 40 | F76: =IF(C76="","",VLOOKUP(C76,#REF!,2,FALSE)) -> #REF! | G76: =E76*F76 -> #REF! | I76: 40 | J76: 1 | K76: 1
A77: Sub total Planos Municipais de Saneamento | G77: =((G17/10)*9)+SUM(G21,G30,G40,#REF!,G51,#REF!,#REF!,G62,G71) -> #REF!
A78: Sub total Planos Municipais de Saneamento (c/ BDI 16%) | G78: =G77*1.16 -> #REF!
L79: =SUM(L21:L78) -> 6 | M79: meses
B80: TOTAL | G80: =SUM(G71,G62,G51,,G40,G30,G21,G17) -> #REF!
B81: BDI (8%) | G81: =G80*0.08 -> #REF!
B82: TOTAL GERAL | G82: =SUM(G80:G81) -> #REF!

Sheet Crono_20-30
A9: CRONOGRAMA FÍSICO-FINANCEIRO
A10: Projeto: ELABORAÇÃO DE PLANO MUNICIPAL DE SANEAMENTO NAS MODALIDADES ÁGUA, ESGOTO E DRENAGEM URBANA, PARA MUNICÍPIOS COM POPULAÇÃO ENTRE 15 E 30 MIL HABITANTES
A12: Atividade | B12: Supervisão/mês | C12: DIAS
C13: 30 | D13: 60 | E13: 90 | F13: 120 | G13: 150 | H13: 180
A15: Plano de Trabalho e Projeto de Comunicação e Mobilização Social (P1+P2) | B15: ='Orç_20-30'!$G$17/6 -> #REF!
C16: =('Orç_20-30'!G21+('Crono_20-30'!B15*1))*1.08 -> #REF!
A17: Caracterização do Município (P3) | B17: ='Orç_20-30'!$G$17/6 -> #REF!
D18: =('Orç_20-30'!G30+('Crono_20-30'!B17*1))*1.08 -> #REF!
A19: Diagnóstico do Serviço de Abastecimento de Água Potável (P4), Esgotamento Sanitário e Drenagem Pluvial Urbana (P5) | B19: ='Orç_20-30'!$G$17/6 -> #REF!
E20: =('Orç_20-30'!G40+('Crono_20-30'!B19*1))*1.08 -> #REF!
A21: Proposição de Arranjos Institucionais, Jurídicos e Econômico-Financeiros (P6), sistemas de Abastecimento de Água (P7), esgotamento sanitário e drenagem pluvial urbana (P8) | B21: ='Orç_20-30'!$G$17/6 -> #REF!
F22: =('Orç_20-30'!G51+('Crono_20-30'!B21*1))*1.08 -> #REF!
A23: Versão Preliminar do PMSB (P9) | B23: ='Orç_20-30'!$G$17/6 -> #REF!
G24: =('Orç_20-30'!G62+('Crono_20-30'!B23*1))*1.08 -> #REF!
A25: Banco de Dados (P10) e Versão Final do Plano (P11) | B25: ='Orç_20-30'!$G$17/6 -> #REF!
H26: =('Orç_20-30'!G71+('Crono_20-30'!B25*1))*1.08 -> #REF!
A27: Total | C27: =SUM(C15:C26) -> #REF! | D27: =SUM(D15:D26) -> #REF! | E27: =SUM(E15:E26) -> #REF! | F27: =SUM(F15:F26) -> #REF! | G27: =SUM(G15:G26) -> #REF! | H27: =SUM(H15:H26) -> #REF!
A28: Total Acumulado | C28: =SUM(C27) -> #REF! | D28: =SUM(C27:D27) -> #REF! | E28: =SUM(C27:E27) -> #REF! | F28: =SUM(C27:F27) -> #REF! | G28: =SUM(C27:G27) -> #REF! | H28: =SUM(C27:H27) -> #REF!
A29: Total (%) | C29: =(C27/$H$28)*100 -> #REF! | D29: =(D27/$H$28)*100 -> #REF! | E29: =(E27/$H$28)*100 -> #REF! | F29: =(F27/$H$28)*100 -> #REF! | G29: =(G27/$H$28)*100 -> #REF! | H29: =(H27/$H$28)*100 -> #REF!
A30: Total Acumulado (%) | C30: =(C28/$H$28)*100 -> #REF! | D30: =(D28/$H$28)*100 -> #REF! | E30: =(E28/$H$28)*100 -> #REF! | F30: =(F28/$H$28)*100 -> #REF! | G30: =(G28/$H$28)*100 -> #REF! | H30: =(H28/$H$28)*100 -> #REF!

Sheet Definições
D1: DEFINIÇÕES GERAIS
A7: ENCARGOS SOCIAIS | C7: Encargos Sociais e Benefícios aos Trabalhadores – encargos incidentes sobre a folha de pagamento, encargos demissionais, benefícios pagos ao trabalhador e demais custos que deverão ser pagos ou apropriados para quitação quando devidos, tais como: férias e abono de férias, 13° salário, auxílio refeição, auxílio transporte, plano de saúde, seguro de vida, abonos legais etc.
A15: DESPESAS INDIRETAS | C15: Despesas não apropriadas diretamente nos custos do contrato, como por exemplo: funcionários administrativos, assessoria jurídica, assessoria contábil, telefonia, água e luz, aluguel e manutenção de sede, atestados, certidões, cartórios etc., tarifas bancárias, segurança, manutenção de equipamentos, licenças de usos e atualização de software, hardware, seguros, impostos e taxas não vinculados com o faturamento, papelaria, mercado, livros, jornais e revistas, despesas comerciais etc.
A25: DESPESAS LEGAIS TRIBUTOS | C25: Impostos e contribuições incidentes sobre o faturamento ou o resultado da empresa: PIS, COFINS e Imposto sobre Serviço.
A29: SERVIÇOS DE APOIO TÉCNICO | C29: São serviços complementares, executados por profissionais ou empresas subcontratados, e que são necessários para o desenvolvimento dos trabalhos de arquitetura e engenharia consultiva. Diferenciam-se das despesas diretas por serem atividades e serviços vinculados à responsabilidade técnica inerente ao trabalho da consultoria. Dentre estes serviços pode-se destacar: levantamentos topográficos e cadastrais, sondagens, ensaios geotécnicos, ensaios e análises laboratoriais (biológicos e físico-químicos), ensaios em cimento, agregados, aço, concreto, solo, pavimento etc.
A40: DESPESAS DIRETAS | C40: As despesas diretas são gastos decorrentes diretamente da execução do contrato, relacionados com materiais, serviços e equipamentos, alocados exclusivamente para o cumprimento do contrato em questão. Como exemplo destas despesas pode-se citar: impressão de desenhos, cópias Reprográficas, encadernações, fotografias, mídias, locação de veículo, diárias, refeições, passagens aéreas etc.

Sheet Dados Básicos do município
A1: =Capa!A19 -> ORÇAMENTO PARA ELABORAÇÃO DE PROJETOS DE SISTEMA DE ESGOTAMENTO SANITÁRIO
A4: Dados primários para quantificação | G4: Data: | H4: =Capa!E53 -> 46170
A5: Comitê: | B5: =Capa!B25 -> CBH-PIRANGA
A6: Município: | B6: =Capa!B30 -> São Miguel do Anta/MG
A8: DISCRIMINAÇÃO | C8: VALORES | D8: UNIDADE | E8: FONTE | G8: LEGENDA:
A9: Localidade | C9: Sede Municipal/ São Miguel do Anta | H9: Dados inseridos
A10: Cronograma do projeto estimado | C10: 6 | D10: meses | E10: Estimado
A11: Distância da cidade até Governador Valadares/MG | C11: 323 | D11: km | E11: Google MAPS | H11: Calculado
A12: População Total | C12: 6430 | D12: habitantes | E12: IBGE 2022
A13: População urbana Total | C13: 3624 | D13: habitantes | E13: Prefeitura Municipal ou IBGE
A14: População urbana das áreas de abrangência do projeto | C14: 3565 | D14: habitantes | E14: Prefeitura Municipal ou IBGE
A15: Área de abrangência do projeto | C15: 1.346 | D15: km² | E15: Calculado - Google Earth
A16: Consumo Per Capta | C16: 171.5 | D16: L/hab.dia | E16: SNIS - Água
A17: Número de domicílios da área de abrangência do projeto | C17: 1700 | D17: unidades | E17: Prefeitura Municipal ou IBGE
A18: Percentual de domicílios urbanos com saneamento adequado | C18: 0.48 | D18: Percentual | E18: Prefeitura Municipal ou IBGE
A19: Extensão da rede por ligação | C19: 10 | D19: m/lig | E19: SNIS - Água
A20: Vazão estimada de Esgoto | C20: =((C16*C14*1.2*1.5)/86400)*0.8 -> 10.189958 | D20: L/s | E20: Calculado
A21: Extensão estimada total da rede | C21: =C19*C17*0.8 -> 13600 | D21: m | E21: Calculado (Considerado uma ligação/domicílio)
A22: Extensão de rede em condições adequadas | C22: =ROUND(C21*C18,2) -> 6528 | E22: Calculado
A23: Número Estimados de Poços de Visita (PVs)* | C23: =ROUNDUP(C21/80,0) -> 170 | D23: unidades | E23: Calculado
A24: Estimativa rede de esgoto a ser cadastrada | C24: =C22/1000 -> 6.528 | D24: km | E24: Calculado
A25: Estimativa rede de esgoto a ser projetada | C25: =C21/1000 -> 13.6 | D25: km | E25: Calculado
A26: *Adotou-se o valor de 0,80m como Distância entre Poços de Visita (PVs), conforme NBR 9649/86 - Projeto de redes coletoras e esgoto sanitário

Sheet Dias trabalhados
A1: =Capa!A19 -> ORÇAMENTO PARA ELABORAÇÃO DE PROJETOS DE SISTEMA DE ESGOTAMENTO SANITÁRIO
A4: Dias trabalhados - 2025 | G4: Data: | H4: ='Dados Básicos do município'!H4 -> 46170
A5: Comitê: | B5: ='Dados Básicos do município'!B5 -> CBH-PIRANGA
A6: Município: | B6: ='Dados Básicos do município'!B6 -> São Miguel do Anta/MG
A8: Nº | B8: ESPECIFICAÇÃO | C8: DADOS | D8: UNIDADE | E8: OBSERVAÇÃO
A10: 1 | B10: NÚMERO MÉDIO DE DIAS IMPRODUTIVOS | C10: =C17 -> 114.57143
A11: 1.1 | B11: Número de dias no ano: | C11: 366 | D11: dias | E11: Definido
A12: 1.2 | B12: Número de dias na semana: | C12: 7 | D12: dias | E12: Definido
A13: 1.3 | B13: Número de sábado e domingo na semana: | C13: 2 | D13: dias | E13: Definido
A14: 1.4 | B14: Número de semanas no ano: | C14: =C11/C12 -> 52.285714 | D14: semanas | E14: Calculado | F14: (1.1/1.2)
A15: 1.5 | B15: Número de sábados e domingos no ano: | C15: =C14*2 -> 104.57143 | D15: dias | E15: Calculado | F15: (1.3 x 1.4)
A16: 1.6 | B16: Número de feriados em dias úteis: | C16: 10 | D16: dias
A17: 1.7 | B17: Dias improdutivos no ano: | C17: =C15+C16 -> 114.57143 | D17: dias | E17: Calculado | F17: (1.5 + 1.6)
A19: 2 | B19: NÚMERO DE HORAS TRABALHADAS PELA EMPRESA | C19: =C24 -> 167.61905
A20: 2.1 | B20: Total de dias trabalhados por ano: | C20: =C11-C17 -> 251.42857 | D20: dias | E20: Calculado | F20: (1.1 - 1.7)
A21: 2.2 | B21: Jornada diária de trabalho: | C21: 8 | D21: horas | E21: Definido | F21: Acordo coletivo
A22: 2.3 | B22: Número de horas trabalhadas por ano: | C22: =C20*C21 -> 2011.4286 | D22: horas | E22: Calculado | F22: (2.1 x 2.2)
A23: 2.4 | B23: Número de meses no ano: | C23: 12 | D23: meses | E23: Definido
A24: 2.5 | B24: Número médio de horas trabalhadas pela empresa no mês | C24: =C22/C23 -> 167.61905 | D24: horas | E24: Calculado | F24: (2.3 / 2.4)
A26: 3 | B26: NÚMERO DE HORAS IMPRODUTIVAS DO EMPREGADO | C26: =C27+C29+C31+C35+C40 -> 203.84262 | D26: horas/ano | F26: (3.1 + 3.2 + 3.3 + 3.4 + 3.5)
A27: 3.1 | B27: Número de horas - Férias | C27: =C21*(C28-((C28/C12)+(C28/C12)+(C28*(C16/C11)))) -> 164.87119 | D27: horas | E27: Calculado
A28: 3.1.1 | B28: Número de dias de férias | C28: 30 | D28: dias | E28: Definido
A29: 3.2 | B29: Número de horas - Faltas justificadas | C29: =C30*C21 -> 24 | D29: horas | E29: Calculado | F29: (3.2.1 x 2.2)
A30: 3.2.1 | B30: Número de dias de faltas justificadas por ano: | C30: 3 | D30: dias | E30: Definido
A31: 3.3 | B31: Número de horas - Auxílio enfermidade | C31: =C21*(C33-C34)*(C32/100) -> 8.5714286 | D31: horas | E31: Calculado | F31: ((2.2 x (3.3.2 - 3.3.3)) x (3.3.1 / 100)
A32: 3.3.1 | B32: % de funcionários que recorrem ao auxílio enfermidade: | C32: 10 | D32: % | E32: Definido
A33: 3.3.2 | B33: Número de dias no auxílio enfermidade: | C33: 15 | D33: dias | E33: Definido | F33: Prazo concedido 15 dias - auxílo enfermidade
A34: 3.3.3 | B34: Número de sábados e domingos no auxílio enfermidade: | C34: =(C33/C12)*C13 -> 4.2857143 | D34: dias | E34: Calculado | F34: ((3.3.1 / 1.2) x 1.3))
A35: 3.4 | B35: Número de horas - Aviso prévio | C35: =C36*C21*(C38/100)*(C39/100)*(C23/C37) -> 3.2 | D35: horas | E35: Calculado | F35: 3.4.1 x 2.2 x (3.4.3/100) x (3.4.4/100) x (3.4.2/2.4)
A36: 3.4.1 | B36: Dias úteis dispensado do aviso prévio trabalhado: | C36: =C12-C13 -> 5 | D36: dias | E36: Calculado | F36: (1.2 - 1.3) | G36: (trabalha 1 semana a menos)
A37: 3.4.2 | B37: Permanência média dos funcionários na empresa: | C37: 24 | D37: meses | E37: Definido
A38: 3.4.3 | B38: % de empregados que são demitidos: | C38: 80 | D38: % | E38: Definido
A39: 3.4.4 | B39: % de empregados que cumprem o aviso prévio: | C39: 20 | D39: % | E39: Definido
A40: 3.5 | B40: Número de horas - Licença Paternidade | C40: =C41*C21*(C42/100)*(C43/100) -> 3.2 | D40: horas | E40: Calculado | F40: (3.5.1 x 2.2 x (3.5.2/100) x (3.5.3/100)
A41: 3.5.1 | B41: Dias de licença paternidade: | C41: 5 | D41: dias | E41: Definido
A42: 3.5.2 | B42: % de empregados do sexo masculino: | C42: 80 | D42: % | E42: Definido
A43: 3.5.3 | B43: % dos empregados que recorrem a licença: | C43: 10 | D43: % | E43: Definido
A45: 4 | B45: NÚMERO DE HORAS DE CURSOS | C45: 5 | D45: horas/ano | E45: Definido
A47: THIA | B47: NÚMERO TOTAL DE HORAS IMPRODUTIVAS: | C47: =ROUND(C26+C45,2) -> 208.84 | D47: horas/ano | E47: Calculado | F47: (3 + 4)
A48: THTA | B48: NÚMERO TOTAL DE HORAS TRABALHADAS PELO EMPREGADO: | C48: =ROUND(C22-C47,2) -> 1802.59 | D48: horas/ano | E48: Calculado | F48: (2.3 - THIA)
A49: THTM | B49: NÚMERO DE HORAS PRODUTIVAS DO CONSULTOR POR MÊS: | C49: =ROUND(C48/C23,2) -> 150.22 | D49: horas/mês | E49: Calculado | F49: (THTA/2.4)

Sheet Reajuste
C1: COLUNA 39 – CONSULTORIA (SUPERVISÃO E PROJETOS) | N1: Data: | O1: =Capa!E53 -> 46170
A2: Custo nacional da construção civil e obras públicas apurado pela Fundação Getúlio Vargas (FGV)
A3: Link: | C3: https://sinaenco.com.br/indices/
A4: Mês/ano | B4: 2012 | C4: 2013 | D4: 2014 | E4: 2015 | F4: 2016 | G4: 2017 | H4: 2018 | I4: 2019 | J4: 2020 | K4: 2021 | L4: 2022 | M4: 2023 | N4: 2024 | O4: 2025 | P4: 2026
A5: Jan | B5: 178.829 | C5: 185.325 | D5: 192.333 | E5: 199.928 | F5: 206.784 | G5: 213.434 | H5: 220.124 | I5: 226.409 | J5: 239.086 | K5: 245.714 | L5: 258.009 | M5: 276.133 | N5: 290.267 | O5: 302.16 | P5: 311.803
A6: Fev | B6: 178.456 | C6: 185.474 | D6: 192.614 | E6: 200.415 | F6: 206.103 | G6: 214.391 | H6: 220.741 | I6: 226.117 | J6: 239.69 | K6: 245.836 | L6: 259.05 | M6: 277.437 | N6: 288.772 | O6: 302.831 | P6: 311.938
A7: Mar | B7: 178.73 | C7: 185.974 | D7: 192.918 | E7: 200.952 | F7: 206.392 | G7: 213.959 | H7: 221.529 | I7: 225.755 | J7: 239.613 | K7: 276.133 | L7: 259.785 | M7: 277.093 | N7: 289.857 | O7: 303.687
A8: Abr | B8: 178.987 | C8: 186.157 | D8: 193.488 | E8: 201.065 | F8: 206.336 | G8: 215.335 | H8: 222.09 | I8: 226.119 | J8: 239.055 | K8: 247.326 | L8: 259.913 | M8: 277.972 | N8: 289.583 | O8: 303.675
A9: Mai | B9: 180.119 | C9: 186.467 | D9: 194.132 | E9: 201.46 | F9: 206.788 | G9: 215.284 | H9: 222.637 | I9: 227.136 | J9: 239.395 | K9: 247.645 | L9: 260.548 | M9: 277.437 | N9: 290.572 | O9: 303.563
A10: Jun | B10: 181.558 | C10: 187.994 | D10: 195.116 | E10: 201.894 | F10: 208.638 | G10: 216.176 | H10: 223.109 | I10: 229.966 | J10: 240.003 | K10: 249.937 | L10: 263.502 | M10: 282.935 | N10: 293.836 | O10: 304.106
A11: Jul | B11: 184.512 | C11: 189.395 | D11: 195.944 | E11: 203.065 | F11: 209.867 | G11: 216.619 | H11: 223.233 | I11: 230.827 | J11: 240.929 | K11: 277.437 | L11: 266.491 | M11: 287.46 | N11: 295.845 | O11: 307.564
A12: Ago | B12: 184.675 | C12: 190.325 | D12: 197.363 | E12: 204.333 | F12: 210.212 | G12: 216.648 | H12: 223.328 | I12: 230.783 | J12: 242.103 | K12: 251.964 | L12: 269.72 | M12: 289.599 | N12: 297.481 | O12: 307.87
A13: Set | B13: 184.971 | C13: 190.298 | D13: 198.271 | E13: 204.68 | F13: 210.386 | G13: 216.929 | H13: 223.666 | I13: 231.019 | J13: 243.718 | K13: 252.425 | L13: 270.288 | M13: 289.838 | N13: 298.84 | O13: 309.407
A14: Out | B14: 184.592 | C14: 190.54 | D14: 198.648 | E14: 204.737 | F14: 211.327 | G14: 217.651 | H14: 224.273 | I14: 231.095 | J14: 244.381 | K14: 255.766 | L14: 271.372 | M14: 291.498 | N14: 299.182 | O14: 309.985
A15: Nov | B15: 184.671 | C15: 190.872 | D15: 199.037 | E15: 205.263 | F15: 211.325 | G15: 218.058 | H15: 225.13 | I15: 234.647 | J15: 244.838 | K15: 256.725 | L15: 273.773 | M15: 290.486 | N15: 299.315 | O15: 309.818
A16: Dez | B16: 185.184 | C16: 191.598 | D16: 199.559 | E16: 205.534 | F16: 212.132 | G16: 218.489 | H16: 225.392 | I16: 236.55 | J16: 245.291 | K16: 257.148 | L16: 273.676 | M16: 290.189 | N16: 300.001 | O16: 310.838

Sheet Deslocamento
B1: =Capa!A19 -> ORÇAMENTO PARA ELABORAÇÃO DE PROJETOS DE SISTEMA DE ESGOTAMENTO SANITÁRIO
A4: Critérios para definição da estimativa de deslocamento | E4: Data: | F4: ='Dados Básicos do município'!H4 -> 46170
A5: Comitê: | B5: ='Dados Básicos do município'!B5 -> CBH-PIRANGA
A6: Município: | B6: ='Dados Básicos do município'!B6 -> São Miguel do Anta/MG
A7: Nº | B7: Município | C7: Estado | D7: Distância até Governador Valadares | E7: Distância média | F7: Tempo de visita
D8: km | E8: km | F8: dias
A9: 1 | B9: =Capa!B30 -> São Miguel do Anta/MG | C9: MG | D9: ='Dados Básicos do município'!C11 -> 323 | E9: =($D$9*2)+($C$23*F9) -> 666 | F9: 1
C10: MG | E10: =($D$9*2)+($C$23*F10) -> 686 | F10: 2
C11: MG | E11: =($D$9*2)+($C$23*F11) -> 706 | F11: 3
C12: MG | E12: =($D$9*2)+($C$23*F12) -> 726 | F12: 4
C13: MG | E13: =($D$9*2)+($C$23*F13) -> 746 | F13: 5
C14: MG | E14: =($D$9*2)+($C$23*F14) -> 766 | F14: 6
C15: MG | E15: =($D$9*2)+($C$23*F15) -> 786 | F15: 7
C16: MG | E16: =($D$9*2)+($C$23*F16) -> 806 | F16: 8
C17: MG | E17: =($D$9*2)+($C$23*F17) -> 826 | F17: 9
C18: MG | E18: =($D$9*2)+($C$23*F18) -> 846 | F18: 10
A19: 4 | B19: Valor médio | C19: MG | D19: =SUM(D9:D18)/10 -> 32.3 | E19: =AVERAGE(E9:E18) -> 756 | F19: =AVERAGE(F9:F18) -> 5.5
A20: Observações:
A21: 1 - | B21: Km considerado: | C21: Distância entre Governador Valadares até a localidade de projeto
A22: 2 - | B22: Distância média: | C22: ida e volta + deslocamento interno
A23: 3 - | B23: Deslocamento Interno | C23: 20 | D23: km

Sheet Prod. Topografia
B1: =Capa!A19 -> ORÇAMENTO PARA ELABORAÇÃO DE PROJETOS DE SISTEMA DE ESGOTAMENTO SANITÁRIO
A4: Critérios para definição dos serviços técnicos - topografia | H4: Data: | I4: ='Dados Básicos do município'!H4 -> 46170
A5: Comitê: | D5: ='Dados Básicos do município'!B5 -> CBH-PIRANGA
A6: Município: | D6: ='Dados Básicos do município'!B6 -> São Miguel do Anta/MG
A8: Atividade | F8: Coef. Produção | H8: Top. Campo | I8: Top. Escritório
F9: Eq. Campo (km²/dia) | G9: Eq. Escritório (Hh/km²) | H9: Mês | I9: Mês
A10: Levantamento planialmtimétrico semicadastral | F10: =IF('Dados Básicos do município'!C15<=1,B16,C16) -> 0.6 | G10: =IF('Dados Básicos do município'!C15<=1,SUM(C17:C20),SUM(B17:B20)) -> 32 | H10: =ROUNDUP(('Dados Básicos do município'!C15/F10)/20,2) -> 0.12 | I10: =ROUNDUP((G10/'Dias trabalhados'!C49)*'Dados Básicos do município'!C15,2) -> 0.29
F11: Total mês | H11: Campo | I11: =H10 -> 0.12
H12: Escritório | I12: =I10 -> 0.29
F13: Total de Meses | I13: =SUM(I11:I12) -> 0.41
A15: Produtividades:
A16: Campo (km2/dia) | B16: 0.2 | C16: 0.6
A17: Escritório (Hh/km²): | B17: 8 | C17: 10 | D17: Ajustes
B18: 8 | C18: 10 | D18: Vetorização
B19: 8 | C19: 10 | D19: Desenhos
B20: 8 | C20: 5 | D20: Documentos finais

Sheet Prod. Cadastro Técnico
B1: =Capa!A19 -> ORÇAMENTO PARA ELABORAÇÃO DE PROJETOS DE SISTEMA DE ESGOTAMENTO SANITÁRIO
A4: Critérios para definição dos serviços técnicos - Cadastro técnico | H4: Data: | I4: ='Dados Básicos do município'!H4 -> 46170
A5: Comitê: | D5: ='Dados Básicos do município'!B5 -> CBH-PIRANGA
A6: Município: | D6: ='Dados Básicos do município'!B6 -> São Miguel do Anta/MG
A8: Atividade | F8: Coef. Produção | H8: Top. Campo | I8: Top. Escritório
F9: Eq. Campo | G9: Eq. Escritório | H9: Mês | I9: Mês
A10: Poços de visita | F10: =IF('Dados Básicos do município'!$C$15<1.5,C17,D17) -> 20 | G10: =IF('Dados Básicos do município'!$C$15<=1.5,C20,D20) -> 0.2 | H10: =ROUNDUP(('Dados Básicos do município'!C23/F10)/20,2) -> 0.43 | I10: =ROUNDUP((G10*'Dados Básicos do município'!C23)/'Dias trabalhados'!$C$49,2) -> 0.23
A11: Cadastro de redes | F11: =IF('Dados Básicos do município'!$C$15<1.5,C18,D18) -> 2 | G11: =IF('Dados Básicos do município'!$C$15<=1.5,C21,D21) -> 1 | H11: =ROUNDUP(('Dados Básicos do município'!C24/F11)/20,2) -> 0.17 | I11: =ROUNDUP((G11*'Dados Básicos do município'!C24)/'Dias trabalhados'!$C$49,2) -> 0.05
G12: Total mês | H12: Campo | I12: =ROUND(SUM(H10:H11),2) -> 0.6
H13: Escritório | I13: =ROUND(SUM(I10:I11),2) -> 0.28
G14: Total de Meses | I14: =SUM(I12:I13) -> 0.88
A16: Produtividades:
A17: Campo | B17: Poço de visita: | C17: 20 | D17: 25 | E17: PVs/dia
B18: Cadastro de Redes: | C18: 2 | D18: 4 | E18: km/dia
B19: Edificações: | C19: 50 | D19: 80 | E19: Edificações/dia
A20: Escritório | B20: Poço de visita: | C20: 0.2 | D20: 0.3 | E20: Hh/PV
B21: Cadastro de Redes: | C21: 1 | D21: 1.5 | E21: Hh/km
B22: Edificações: | C22: 0.2 | D22: 0.3 | E22: Hh/Edificação

Sheet Custos
B1: =Capa!A19 -> ORÇAMENTO PARA ELABORAÇÃO DE PROJETOS DE SISTEMA DE ESGOTAMENTO SANITÁRIO
A3: Custos de referência | I3: Data: | J3: ='Dados Básicos do município'!H4 -> 46170
A4: Comitê: | C4: ='Dados Básicos do município'!B5 -> CBH-PIRANGA
A5: Município: | C5: ='Dados Básicos do município'!B6 -> São Miguel do Anta/MG
A7: ITEM | B7: ESPECIFICAÇÃO | D7: FONTE | E7: CÓDIGO | F7: HORAS | G7: DATA BASE | H7: UNIDADE | I7: CUSTO (R$)
F8: MÊS | I8: MENSAL | J8: UNITÁRIO
A10: 1 | B10: EQUIPE TÉCNICA PERMANENTE | L10: Valoes unitários DNIT
A12: 1.1 | B12: PERMANENTE | L12: 46023 | M12: corrigido -fev/2026
A13: a) | B13: Engenheiro Coordenador | D13: DNIT | E13: P8061 | F13: ='Dias trabalhados'!$C$49 -> 150.22 | G13: jan/2026 | H13: hora | I13: =M13 -> 19824.01 | J13: =ROUND(I13/F13,2) -> 131.97 | L13: 19804.31 | M13: =ROUND(L13*(Reajuste!$O$12/Reajuste!$O$11),2) -> 19824.01 | N13: Ir para planilha "Reajuste"
A14: b) | B14: Engenheiro de Projetos Pleno | D14: DNIT | E14: P8066 | F14: ='Dias trabalhados'!$C$49 -> 150.22 | G14: jan/2026 | H14: hora | I14: =M14 -> 14873.85 | J14: =ROUND(I14/F14,2) -> 99.01 | L14: 14859.07 | M14: =ROUND(L14*(Reajuste!$O$12/Reajuste!$O$11),2) -> 14873.85
A15: c) | B15: Auxiliar Administrativo | D15: DNIT | E15: P8026 | F15: ='Dias trabalhados'!$C$49 -> 150.22 | G15: jan/2026 | H15: hora | I15: =M15 -> 2037.16 | J15: =ROUND(I15/F15,2) -> 13.56 | L15: 2035.14 | M15: =ROUND(L15*(Reajuste!$O$12/Reajuste!$O$11),2) -> 2037.16
A17: 2 | B17: EQUIPE DE CONSULTORES
A19: 2.1 | B19: CONSULTORES | L19: 45992 | M19: corrigido -fev/2026
A20: a) | B20: Engenheiro de Projetos (Elétrico) | D20: DNIT | E20: P8067 | F20: ='Dias trabalhados'!$C$49 -> 150.22 | G20: jan/2026 | H20: hora | I20: =M20 -> 17291.77 | J20: =ROUND(I20/F20,2) -> 115.11 | L20: 17274.58 | M20: =ROUND(L20*(Reajuste!$O$12/Reajuste!$O$11),2) -> 17291.77 | N20: Ir para planilha "Reajuste"
A21: b) | B21: Engenheiro de Projeto (Calculista) | D21: DNIT | E21: P8067 | F21: ='Dias trabalhados'!$C$49 -> 150.22 | G21: jan/2026 | H21: hora | I21: =M21 -> 17291.77 | J21: =ROUND(I21/F21,2) -> 115.11 | L21: 17274.58 | M21: =ROUND(L21*(Reajuste!$O$12/Reajuste!$O$11),2) -> 17291.77
A22: c) | B22: Engenheiro ambiental | D22: DNIT | E22: P8059 | F22: ='Dias trabalhados'!$C$49 -> 150.22 | G22: jan/2026 | H22: hora | I22: =M22 -> 18151.59 | J22: =ROUND(I22/F22,2) -> 120.83 | L22: 18133.55 | M22: =ROUND(L22*(Reajuste!$O$12/Reajuste!$O$11),2) -> 18151.59
A24: 3 | B24: SERVIÇOS DE APOIO TÉCNICO | L24: COPASA
A26: 3.1 | B26: SERVIÇO DE SONDAGEM
A27: a) | B27: Sondagem a percussao - mobilizacao e desmobilizacao | D27: COPASA | E27: 65001207 | F27: 65001207 | G27: mar/2026 | H27: unidade | I27: - | J27: 1417.53
A28: b) | B28: Sondagem a percussao - instalacao por furo | D28: COPASA | E28: 65001209 | F28: 65001209 | G28: mar/2026 | H28: unidade | I28: - | J28: 506.64
A29: c) | B29: Sondagem a percussao ø2.1/2" - perfuracao e retirada de amostras | D29: COPASA | E29: 65001210 | F29: 65001210 | G29: mar/2026 | H29: m | I29: - | J29: 155.6
A31: 3.2 | B31: SERVIÇOS DE TOPOGRAFIA
A32: a) | B32: Mobilização e desmobilização de equipe de topografia | D32: COPASA | E32: 65003710 | F32: 65003710 | G32: mar/2026 | H32: km | I32: - | J32: 5.32
A33: b) | B33: Equipe de topografia de campo | D33: COPASA | E33: 65001667 | F33: 65001667 | G33: mar/2026 | H33: mês | I33: - | J33: 58490.33
A34: c) | B34: Equipe de topografia de escritório | D34: COPASA | E34: 65001668 | F34: 65001668 | G34: mar/2026 | H34: mês | I34: - | J34: 31279.74
A36: 3.3 | B36: CADASTRO TÉCNICO
A37: a) | B37: Equipe de topografia de campo | D37: COPASA | E37: 65001667 | F37: 65001667 | G37: mar/2026 | H37: mês | I37: - | J37: 58490.33
A38: b) | B38: Equipe de topografia de escritório | D38: COPASA | E38: 65001668 | F38: 65001668 | G38: mar/2026 | H38: mês | I38: - | J38: 31279.74
A40: 4 | B40: OUTRAS DESPESAS
A42: 4.1 | B42: ANÁLISE DE ÁGUA
A43: a) | B43: Análise fisico-química da água | D43: COPASA | E43: 65001114 | F43: 65001114 | G43: mar/2026 | H43: unidade | I43: - | J43: 453.96
A44: b) | B44: Analise bactereologica da água | D44: COPASA | E44: 65001115 | F44: 65001115 | G44: mar/2026 | H44: unidade | I44: - | J44: 179.28 | L44: Valoes unitários SICOR
A45: 4.1 | B45: OUTRAS DESPESAS | L45: SICOR-2025 | M45: corrigido -fev/2026
A46: a) | B46: Veículo tipo picape leve, com capacidade para cinco (5) lugares, obedecidos os seguintes requisitos mínimos: ter no máximo um (1) ano de uso, até 20.000km rodados, potência mínima de 100cv, direção assistida, ar condicionado, desembaçador de vidros, rádio am/fm, emplacado, com seguro total, inclusive manutenção e combustível (custo variável) | D46: SICOR-MG | E46: CO-28366 | F46: - | G46: jan/2026 | H46: km | I46: - | J46: =M46 -> 1.02 | L46: 1.02 | M46: =ROUND(L46*(Reajuste!$O$12/Reajuste!$O$11),2) -> 1.02 | N46: Ir para planilha "Reajuste"
A47: FONTE DOS CUSTOS:
A48: Item 1.1 e 1.2: | B48: Tabela 01 - Consolidação dos custos de mão de obra da engenharia consultiva, Relatório de Consolidação de Mão de Obra - DNIT, data-base: jan/2026.
B49: Link: | C49: https://www.gov.br/dnit/pt-br/assuntos/planejamento-e-pesquisa/custos-referenciais/engenharia-consultiva-2/tabela-de-precos-de-consultoria-1
A50: Item 3 | B50: Banco de Preços de Serviços da COPASA - BASE NORDESTE, data-base:mar/2026. Disponível em: https://wwwapp.copasa.com.br/servicos/RDC/Rdc/BancoDePrecos
B51: Link: | C51: https://www2.copasa.com.br/servicos/portalTransparencia/obraservico/visao/opcaoFiltroServico.asp?modalidade=Servico
A52: Item 4 | B52: Banco de preços SICOR/MG, data base janeiro de 2026
B53: Link: | C53: https://portal.der.mg.gov.br/portal-servicos-frontend/login

Sheet Horas trabalhadas
B1: =Capa!A19 -> ORÇAMENTO PARA ELABORAÇÃO DE PROJETOS DE SISTEMA DE ESGOTAMENTO SANITÁRIO
A4: Número de horas trabalhadas | K4: Data: | L4: ='Dados Básicos do município'!H4 -> 46170
A5: Comitê: | B5: ='Dados Básicos do município'!B5 -> CBH-PIRANGA | K5: Horas no mês | L5: ='Dias trabalhados'!C49 -> 150.22
A6: Município: | B6: ='Dados Básicos do município'!B6 -> São Miguel do Anta/MG | K6: Cronograma | L6: ='Dados Básicos do município'!C10 -> 6
A7: ETAPA | C7: 1 | D7: 2 | E7: 3 | F7: 4 | G7: 5 | H7: 6 | I7: 7a | J7: 7b | K7: 8 | L7: TOTAL (horas) | M7: Prazo do cronograma
A8: PRODUTO | C8: Plano de Trabalho | D8: Estudos Topográficos | E8: Cadastro Técnico | F8: Estudo de Concepção | G8: Projeto Básico | H8: Estudos Geotécnicos | I8: Estudos Ambientais Preliminares | J8: Estudos Ambientais Consolidados | K8: Projeto Executivo | M8: =MAX(M9:M14) -> 6
A9: EQUIPE TÉCNICA PERMANENTE | B9: Coordenador Geral | C9: =IF(B34="","",ROUND(B34*$B$33*$L$5,2)) -> 25.24 | D9: =IF(C34="","",ROUND(C34*$C$33*$L$5,2)) -> 9.69 | E9: =IF(D34="","",ROUND(D34*$D$33*$L$5,2)) -> 9.69 | F9: =IF(E34="","",ROUND(E34*$E$33*$L$5,2)) -> 51.68 | G9: =IF(F34="","",ROUND(F34*$F$33*$L$5,2)) -> 102.75 | H9: =IF(G34="","",ROUND(G34*$G$33*$L$5,2)) -> 19.38 | I9: =IF(H34="","",ROUND(H34*$H$33*$L$5,2)) -> 9.46 | J9: =IF(I34="","",ROUND(I34*$I$33*$L$5,2)) -> 19.38 | K9: =IF(J34="","",ROUND(J34*$J$33*$L$5,2)) -> 38.76 | L9: =SUM(C9:K9) -> 286.03 | M9: =ROUND(L9/$L$5,2) -> 1.9
B10: Engenheiro Pleno | C10: =IF(B35="","",ROUND(B35*$B$33*$L$5,2)) -> 15.77 | D10: =IF(C35="","",ROUND(C35*$C$33*$L$5,2)) -> 12.92 | E10: =IF(D35="","",ROUND(D35*$D$33*$L$5,2)) -> 12.92 | F10: =IF(E35="","",ROUND(E35*$E$33*$L$5,2)) -> 77.51 | G10: =IF(F35="","",ROUND(F35*$F$33*$L$5,2)) -> 141.28 | H10: =IF(G35="","",ROUND(G35*$G$33*$L$5,2)) -> 0 | I10: =IF(H35="","",ROUND(H35*$H$33*$L$5,2)) -> 0 | J10: =IF(I35="","",ROUND(I35*$I$33*$L$5,2)) -> 0 | K10: =IF(J35="","",ROUND(J35*$J$33*$L$5,2)) -> 53.29 | L10: =SUM(C10:K10) -> 313.69 | M10: =ROUND(L10/$L$5,2) -> 2.09
B11: Auxiliar de Escritório | C11: =IF(B38="","",ROUND(B38*$B$33*$L$5,2)) -> 31.55 | D11: =IF(C38="","",ROUND(C38*$C$33*$L$5,2)) -> 64.59 | E11: =IF(D38="","",ROUND(D38*$D$33*$L$5,2)) -> 64.59 | F11: =IF(E38="","",ROUND(E38*$E$33*$L$5,2)) -> 129.19 | G11: =IF(F38="","",ROUND(F38*$F$33*$L$5,2)) -> 256.88 | H11: =IF(G38="","",ROUND(G38*$G$33*$L$5,2)) -> 64.59 | I11: =IF(H38="","",ROUND(H38*$H$33*$L$5,2)) -> 31.55 | J11: =IF(I38="","",ROUND(I38*$I$33*$L$5,2)) -> 64.59 | K11: =IF(J38="","",ROUND(J38*$J$33*$L$5,2)) -> 193.78 | L11: =SUM(C11:K11) -> 901.31 | M11: =ROUND(L11/$L$5,2) -> 6
A12: EQUIPE CONSULTORES | B12: Engenheiro elétrico | C12: =IF(B40="","",ROUND(B40*$B$33*$L$5,2)) -> 0 | D12: =IF(C40="","",ROUND(C40*$C$33*$L$5,2)) -> 0 | E12: =IF(D40="","",ROUND(D40*$D$33*$L$5,2)) -> 0 | F12: =IF(E40="","",ROUND(E40*$E$33*$L$5,2)) -> 0 | G12: =IF(F40="","",ROUND(F40*$F$33*$L$5,2)) -> 25.69 | H12: =IF(G40="","",ROUND(G40*$G$33*$L$5,2)) -> 0 | I12: =IF(H40="","",ROUND(H40*$H$33*$L$5,2)) -> 0 | J12: =IF(I40="","",ROUND(I40*$I$33*$L$5,2)) -> 0 | K12: =IF(J40="","",ROUND(J40*$J$33*$L$5,2)) -> 96.89 | L12: =SUM(C12:K12) -> 122.58 | M12: =ROUND(L12/$L$5,2) -> 0.82
B13: Engenheiro Civil | C13: =IF(B41="","",ROUND(B41*$B$33*$L$5,2)) -> 0 | D13: =IF(C41="","",ROUND(C41*$C$33*$L$5,2)) -> 0 | E13: =IF(D41="","",ROUND(D41*$D$33*$L$5,2)) -> 0 | F13: =IF(E41="","",ROUND(E41*$E$33*$L$5,2)) -> 0 | G13: =IF(F41="","",ROUND(F41*$F$33*$L$5,2)) -> 25.69 | H13: =IF(G41="","",ROUND(G41*$G$33*$L$5,2)) -> 0 | I13: =IF(H41="","",ROUND(H41*$H$33*$L$5,2)) -> 0 | J13: =IF(I41="","",ROUND(I41*$I$33*$L$5,2)) -> 0 | K13: =IF(J41="","",ROUND(J41*$J$33*$L$5,2)) -> 96.89 | L13: =SUM(C13:K13) -> 122.58 | M13: =ROUND(L13/$L$5,2) -> 0.82
B14: Engenheiro ambiental | C14: =IF(B43="","",ROUND(B43*$B$33*$L$5,2)) -> 0 | D14: =IF(C43="","",ROUND(C43*$C$33*$L$5,2)) -> 0 | E14: =IF(D43="","",ROUND(D43*$D$33*$L$5,2)) -> 0 | F14: =IF(E43="","",ROUND(E43*$E$33*$L$5,2)) -> 0 | G14: =IF(F43="","",ROUND(F43*$F$33*$L$5,2)) -> 0 | H14: =IF(G43="","",ROUND(G43*$G$33*$L$5,2)) -> 0 | I14: =IF(H43="","",ROUND(H43*$H$33*$L$5,2)) -> 31.55 | J14: =IF(I43="","",ROUND(I43*$I$33*$L$5,2)) -> 64.59 | K14: =IF(J43="","",ROUND(J43*$J$33*$L$5,2)) -> 0 | L14: =SUM(C14:K14) -> 96.14 | M14: =ROUND(L14/$L$5,2) -> 0.64
A16: BASE DA CÁLCULO PARA ESTIMATIVAS DE DURAÇÃO
A17: Equipe: | B17: Atuação | K17: Duração por produto estimada p/ 8 meses
B18: P1 | C18: P2 | D18: P3 | E18: P4 | F18: P5 | G18: P6 | H18: P7.1 | I18: P7.2 | J18: P8 | K18: Produto | L18: T estimado | M18: incidência
A19: Coordenador (C) | B19: S | C19: S | D19: S | E19: S | F19: S | G19: S | H19: S | I19: S | J19: S | K19: P1 | L19: 0.25 | M19: =ROUND(L19/$L$28,4) -> 0.0357
A20: Eng. Pleno (EP) | B20: S | C20: S | D20: S | E20: S | F20: S | J20: S | K20: P2 | L20: 0.5 | M20: =ROUND(L20/$L$28,4) -> 0.0714
A21: Eng. Júnior (EJ) | K21: P3 | L21: 0.5 | M21: =ROUND(L21/$L$28,4) -> 0.0714
A22: Cadista (TC) | F22: S | J22: S | K22: P4 | L22: 1 | M22: =ROUND(L22/$L$28,4) -> 0.1429
A23: Aux. Escritório (AE) | B23: S | C23: S | D23: S | E23: S | F23: S | G23: S | H23: S | I23: S | J23: S | K23: P5 | L23: 2 | M23: =ROUND(L23/$L$28,4) -> 0.2857
A24: Advogado (A) | K24: P6 | L24: 0.5 | M24: =ROUND(L24/$L$28,4) -> 0.0714
A25: Eng. Elétrico (EE) | F25: S | J25: S | K25: P7.1 | L25: 0.25 | M25: =ROUND(L25/$L$28,4) -> 0.0357
A26: Eng. Civil (ECV) | F26: S | J26: S | K26: P7.2 | L26: 0.5 | M26: =ROUND(L26/$L$28,4) -> 0.0714
A27: Eng. Mecânico (EM) | K27: P8 | L27: 1.5 | M27: =ROUND(L27/$L$28,4) -> 0.2143
A28: Eng. Ambiental (EA) | H28: S | I28: S | L28: =SUM(L19:L27) -> 7
A29: Téc. Geo (TG)
A32: Produto | B32: P1 | C32: P2 | D32: P3 | E32: P4 | F32: P5 | G32: P6 | H32: P7.1 | I32: P7.2 | J32: P8
A33: Duração (mês) | B33: =ROUND(M19*L6,2) -> 0.21 | C33: =ROUND(M20*L6,2) -> 0.43 | D33: =ROUND(M21*L6,2) -> 0.43 | E33: =ROUND(M22*L6,2) -> 0.86 | F33: =ROUND(M23*L6,2) -> 1.71 | G33: =ROUND(M24*L6,2) -> 0.43 | H33: =ROUND(M25*L6,2) -> 0.21 | I33: =ROUND(M26*L6,2) -> 0.43 | J33: =ROUND(M27*L6,2) -> 1.29
A34: Coordenador (C) | B34: 0.8 | C34: 0.15 | D34: 0.15 | E34: 0.4 | F34: 0.4 | G34: 0.3 | H34: 0.3 | I34: 0.3 | J34: =F34*0.5 -> 0.2
A35: Eng. Pleno (EP) | B35: 0.5 | C35: 0.2 | D35: 0.2 | E35: 0.6 | F35: 0.55 | G35: =IF(G20="",0,0.1) -> 0 | H35: =IF(H20="",0,0) -> 0 | I35: =IF(I20="",0,0) -> 0 | J35: =F35*0.5 -> 0.275
A36: Eng. Júnior (EJ) | B36: 0 | C36: 0 | D36: 0 | E36: 0 | F36: 0 | G36: 0 | H36: 0 | I36: 0 | J36: 0
A37: Cadista (TC) | B37: =IF(B22="",0,0) -> 0 | C37: 0 | D37: 0 | E37: 0 | F37: 0 | G37: 0 | H37: 0 | I37: 0 | J37: 0
A38: Aux. Escritório (AE) | B38: =IF(B23="",0,1) -> 1 | C38: =IF(C23="",0,1) -> 1 | D38: =IF(D23="",0,1) -> 1 | E38: =IF(E23="",0,1) -> 1 | F38: =IF(F23="",0,1) -> 1 | G38: =IF(G23="",0,1) -> 1 | H38: =IF(H23="",0,1) -> 1 | I38: =IF(I23="",0,1) -> 1 | J38: =IF(J23="",0,1) -> 1
A39: Advogado (A) | B39: =IF(B24="",0,0) -> 0 | C39: =IF(C24="",0,0) -> 0 | D39: =IF(D24="",0,0) -> 0 | E39: =IF(E24="",0,0) -> 0 | F39: =IF(F24="",0,0) -> 0 | G39: =IF(G24="",0,0) -> 0 | H39: =IF(H24="",0,0) -> 0 | I39: =IF(I24="",0,0) -> 0 | J39: =IF(J24="",0,0) -> 0
A40: Eng. Elétrico (EE) | B40: =IF(B25="",0,0) -> 0 | C40: =IF(C25="",0,0) -> 0 | D40: =IF(D25="",0,0) -> 0 | E40: =IF(E25="",0,0) -> 0 | F40: 0.1 | G40: =IF(G25="",0,0) -> 0 | H40: =IF(H25="",0,0) -> 0 | I40: =IF(I25="",0,0) -> 0 | J40: 0.5
A41: Eng. Civil (ECV) | B41: =IF(B26="",0,0) -> 0 | C41: =IF(C26="",0,0) -> 0 | D41: =IF(D26="",0,0) -> 0 | E41: =IF(E26="",0,0) -> 0 | F41: 0.1 | G41: =IF(G26="",0,0) -> 0 | H41: =IF(H26="",0,0) -> 0 | I41: =IF(I26="",0,0) -> 0 | J41: 0.5
A42: Eng. Mecânico (EM) | B42: =IF(B27="",0,0) -> 0 | C42: =IF(C27="",0,0) -> 0 | D42: =IF(D27="",0,0) -> 0 | E42: =IF(E27="",0,0) -> 0 | F42: =IF(F27="",0,0) -> 0 | G42: =IF(G27="",0,0) -> 0 | H42: =IF(H27="",0,0) -> 0 | I42: =IF(I27="",0,0) -> 0 | J42: =IF(J27="",0,0) -> 0
A43: Eng. Ambiental (EA) | B43: =IF(B28="",0,0) -> 0 | C43: =IF(C28="",0,0) -> 0 | D43: =IF(D28="",0,0) -> 0 | E43: =IF(E28="",0,0) -> 0 | F43: =IF(F28="",0,0) -> 0 | G43: =IF(G28="",0,0) -> 0 | H43: =IF(H28="",0,1) -> 1 | I43: =IF(I28="",0,1) -> 1 | J43: =IF(J28="",0,0) -> 0
A44: Téc. Geo (TG) | B44: =IF(B29="",0,1) -> 0 | C44: =IF(C29="",0,1) -> 0 | D44: =IF(D29="",0,1) -> 0 | E44: =IF(E29="",0,0) -> 0 | F44: =IF(F29="",0,0) -> 0 | G44: =IF(G29="",0,0) -> 0 | H44: =IF(H29="",0,0) -> 0 | I44: =IF(I29="",0,0) -> 0 | J44: =IF(J29="",0,0) -> 0

Sheet DNIT04.23
A1: P8001 | B1: Advogado júnior | C1: mês | D1: 4222.14
A2: P8002 | B2: Advogado pleno | C2: mês | D2: 5629.52
A3: P8003 | B3: Advogado sênior | C3: mês | D3: 9740.87
A4: P8007 | B4: Analista de desenvolvimento de sistemas júnior | C4: mês | D4: 3731.91
A5: P8008 | B5: Analista de desenvolvimento de sistemas pleno | C5: mês | D5: 4975.88
A6: P8009 | B6: Analista de desenvolvimento de sistemas sênior | C6: mês | D6: 8853.75
A7: P8013 | B7: Arquiteto júnior | C7: mês | D7: 11067
A8: P8014 | B8: Arquiteto pleno | C8: mês | D8: 11492.2
A9: P8015 | B9: Arquiteto sênior | C9: mês | D9: 14185.72
A10: P8019 | B10: Assistente social júnior | C10: mês | D10: 2867.66
A11: P8020 | B11: Assistente social pleno | C11: mês | D11: 3823.55
A12: P8021 | B12: Assistente social sênior | C12: mês | D12: 6517.04
... A98: P8200 | B98: Sociólogo sênior | C98: mês | D98: 7915.13

Sheet Serviços
B1: =Capa!A19 -> ORÇAMENTO PARA ELABORAÇÃO DE PROJETOS DE SISTEMA DE ESGOTAMENTO SANITÁRIO
A3: Serviços contratados | K3: Data: | L3: ='Dados Básicos do município'!H4 -> 46170
A4: Comitê: | B4: ='Dados Básicos do município'!B5 -> CBH-PIRANGA
A5: Município: | B5: ='Dados Básicos do município'!B6 -> São Miguel do Anta/MG
A7: ETAPA | C7: 1 | D7: 2 | E7: 3 | F7: 4 | G7: 5 | H7: 6 | I7: 7 | J7: 8 | K7: TOTAL | L7: UNIDADE
A8: PRODUTO | C8: Plano de Trabalho | D8: Estudos Topográficos | E8: Cadastro Técnico | F8: Estudo de Concepção | G8: Projeto Básico | H8: Estudos Geotécnicos | I8: Estudo Ambiental | J8: Projeto Executivo
A9: SERVIÇOS DE TOPOGRAFIA | B9: =Custos!B32 -> Mobilização e desmobilização de equipe de topografia | D9: =Deslocamento!E19 -> 756 | K9: =SUM(C9:J9) -> 756 | L9: =Custos!H32 -> km
B10: =Custos!B33 -> Equipe de topografia de campo | D10: ='Prod. Topografia'!I11 -> 0.12 | K10: =SUM(C10:J10) -> 0.12 | L10: =Custos!H33 -> mês
B11: =Custos!B34 -> Equipe de topografia de escritório | D11: ='Prod. Topografia'!I12 -> 0.29 | K11: =SUM(C11:J11) -> 0.29 | L11: =Custos!H34 -> mês
A12: CADASTRO TÉCNICO | B12: =Custos!B37 -> Equipe de topografia de campo | E12: ='Prod. Cadastro Técnico'!I12 -> 0.6 | K12: =SUM(C12:J12) -> 0.6 | L12: =Custos!H37 -> mês
B13: =Custos!B38 -> Equipe de topografia de escritório | E13: ='Prod. Cadastro Técnico'!I13 -> 0.28 | K13: =SUM(C13:J13) -> 0.28 | L13: =Custos!H38 -> mês
A14: SERVIÇOS DE SONDAGEM | B14: =Custos!B27 -> Sondagem a percussao - mobilizacao e desmobilizacao | H14: 1 | K14: =SUM(C14:J14) -> 1 | L14: =Custos!H27 -> unidade
B15: =Custos!B28 -> Sondagem a percussao - instalacao por furo | H15: =ROUND((10+('Dados Básicos do município'!C25/1000)/2),2) -> 10.01 | K15: =SUM(C15:J15) -> 10.01 | L15: =Custos!H28 -> unidade
B16: =Custos!B29 -> Sondagem a percussao ø2.1/2" - perfuracao e retirada de amostras | H16: =ROUND((10+('Dados Básicos do município'!C25/1000)/2)*10,2) -> 100.07 | K16: =SUM(C16:J16) -> 100.07 | L16: =Custos!H29 -> m | O16: 3 FUROS ETE + 1 FUROS ELEVATÓRIA + 1FUROS/2KM DE REDE COM 10M DE PROFUNDIDADE
A17: ANÁLISE DE ÁGUA | B17: =[1]Custos!B47 -> Análise bacteriológica de água | F17: 2 | K17: =SUM(C17:J17) -> 2 | L17: unidade
B18: =[1]Custos!B48 -> Análise fisíco-química | F18: 2 | K18: =SUM(C18:J18) -> 2 | L18: Unidade

Sheet K
B1: =Capa!A19 -> ORÇAMENTO PARA ELABORAÇÃO DE PROJETOS DE SISTEMA DE ESGOTAMENTO SANITÁRIO
A4: Detalhamento do Fator K | E4: Data: | F4: ='Dados Básicos do município'!H4 -> 46170
A5: Comitê: | B5: ='Dados Básicos do município'!B5 -> CBH-PIRANGA
A6: Município: | B6: ='Dados Básicos do município'!B6 -> São Miguel do Anta/MG
A8: Os K's foram calculados através de fórmulas estabelecidas pelo Acórdão 1787/2011. Os parâmetros utilizados foram estabelecidos pela Nota Técnica Conjunta nº 01/2012/SIP/SAF da Agência Nacional de Águas.
A10: DETALHAMENTO DO FATOR K
A11: K1 | B11: ES+EC+EA | F11: 0.8179
A12: K2 | F12: 0.1729
A13: K3 | F13: 0.0876
A14: K4 | F14: =(1/(1-(D15+D16+D17))-1) -> 0.16618076
C15: PIS | D15: 0.0165
C16: COFINS | D16: 0.076
C17: ISS** | D17: 0.05
A19: k | C19: K = (1+K1+K2)*(1+K3)*(1+K4) | F19: =ROUNDDOWN((1+F11+F12)*(1+F13)*(1+F14),2) -> 2.52
A20: TRDE | C20: TRDE = (1+K3)*(1+K4) | F20: =ROUND((1+F13)*(1+F14),2) -> 1.27
A21: * Valor adotado conforme Portaria nº 498/2024 da Agência Nacional de Águas e Saneamento Básico
A22: Link: | B22: https://www.gov.br/ana/pt-br/acesso-a-informacao/licitacoes/portaria_ana_498_2024.pdf/view

Sheet P1
C1: =Capa!A19 -> ORÇAMENTO PARA ELABORAÇÃO DE PROJETOS DE SISTEMA DE ESGOTAMENTO SANITÁRIO
A2: Produto 1: | C2: ='Horas trabalhadas'!C8 -> Plano de Trabalho | J2: Data: | K2: ='Dados Básicos do município'!H4 -> 46170
A3: Comitê: | C3: ='Dados Básicos do município'!B5 -> CBH-PIRANGA
A4: Município: | C4: ='Dados Básicos do município'!B6 -> São Miguel do Anta/MG
A6: Item | B6: Código | C6: Data-Base | D6: Órgão | E6: Descrição | F6: Custo unitário (R$) | H6: Quantitativo | I6: Custo total (R$) | J6: Custo total com K (R$) | K6: Peso (%)
A7: 1 | B7: EQUIPE TÉCNICA | J7: =J9 -> 13406.73 | K7: =J7/$J$45 -> 1
A9: 1.1 | B9: PERMANENTE | J9: =SUM(J10:J12) -> 13406.73 | K9: =SUM(K10:K12) -> 1
A10: a) | B10: =Custos!E13 -> P8061 | C10: =Custos!G13 -> jan/2026 | D10: =Custos!$D$13 -> DNIT | E10: =Custos!B13 -> Engenheiro Coordenador | F10: =Custos!J13 -> 131.97 | G10: hora | H10: ='Horas trabalhadas'!C9 -> 25.24 | I10: =ROUND(H10*F10,2) -> 3330.92 | J10: =ROUND(I10*K!$F$19,2) -> 8393.92 | K10: =ROUND(J10/$J$45,4) -> 0.6261
A11: b) | B11: =Custos!E14 -> P8066 | C11: =Custos!G14 -> jan/2026 | D11: =Custos!D14 -> DNIT | E11: =Custos!B14 -> Engenheiro de Projetos Pleno | F11: =Custos!J14 -> 99.01 | G11: hora | H11: ='Horas trabalhadas'!C10 -> 15.77 | I11: =ROUND(H11*F11,2) -> 1561.39 | J11: =ROUND(I11*K!$F$19,2) -> 3934.7 | K11: =ROUND(J11/$J$45,4) -> 0.2935
A12: c) | B12: =Custos!E15 -> P8026 | C12: =Custos!G15 -> jan/2026 | D12: =Custos!D15 -> DNIT | E12: =Custos!B15 -> Auxiliar Administrativo | F12: =Custos!J15 -> 13.56 | G12: hora | H12: ='Horas trabalhadas'!C11 -> 31.55 | I12: =ROUND(H12*F12,2) -> 427.82 | J12: =ROUND(I12*K!$F$19,2) -> 1078.11 | K12: =ROUND(J12/$J$45,4) -> 0.0804
A14: 2 | B14: CONSULTORES | J14: =J16 -> 0 | K14: =J14/$J$45 -> 0
A16: 2.1 | B16: CONSULTORES | J16: =SUM(J17:J19) -> 0 | K16: =SUM(K17:K19) -> 0
A17: a) | B17: =Custos!E20 -> P8067 | C17: =Custos!G20 -> jan/2026 | D17: =Custos!D20 -> DNIT | E17: =Custos!B20 -> Engenheiro de Projetos (Elétrico) | F17: =Custos!J20 -> 115.11 | G17: hora | H17: ='Horas trabalhadas'!C12 -> 0 | I17: =ROUND(H17*F17,2) -> 0 | J17: =ROUND(I17*K!$F$19,2) -> 0 | K17: =ROUND(J17/$J$45,4) -> 0
A18: b) | B18: =Custos!E21 -> P8067 | C18: =Custos!G21 -> jan/2026 | D18: =Custos!D21 -> DNIT | E18: =Custos!B21 -> Engenheiro de Projeto (Calculista) | F18: =Custos!J21 -> 115.11 | G18: hora | H18: ='Horas trabalhadas'!C13 -> 0 | I18: =ROUND(H18*F18,2) -> 0 | J18: =ROUND(I18*K!$F$19,2) -> 0 | K18: =ROUND(J18/$J$45,4) -> 0
A19: c) | B19: =Custos!E22 -> P8059 | C19: =Custos!G22 -> jan/2026 | D19: =Custos!#REF! -> #REF! | E19: =Custos!B22 -> Engenheiro ambiental | F19: =Custos!J22 -> 120.83 | G19: hora | H19: ='Horas trabalhadas'!C14 -> 0 | I19: =ROUND(H19*F19,2) -> 0 | J19: =ROUND(I19*K!$F$19,2) -> 0 | K19: =ROUND(J19/$J$45,4) -> 0
A21: 3 | B21: SERVIÇOS DE APOIO TÉCNICO | J21: =J23+J28+J33+J37 -> 0 | K21: =J21/$J$45 -> 0
A23: 3.1 | B23: SERVIÇOS DE TOPOGRAFIA | J23: =SUM(J24:J26) -> 0 | K23: =SUM(K24:K26) -> 0
A24: a) | B24: =Custos!E32 -> 65003710 | C24: =Custos!G32 -> mar/2026 | D24: =Custos!D32 -> COPASA | E24: =Custos!B32 -> Mobilização e desmobilização de equipe de topografia | F24: =Custos!J32 -> 5.32 | G24: =Custos!H32 -> km | H24: 0 | I24: =ROUND(H24*F24,2) -> 0 | J24: =ROUND(I24*K!$F$20,2) -> 0 | K24: =ROUND(J24/$J$45,4) -> 0
A25: b) | B25: =Custos!E33 -> 65001667 | C25: =Custos!G33 -> mar/2026 | D25: =Custos!D33 -> COPASA | E25: =Custos!B33 -> Equipe de topografia de campo | F25: =Custos!J33 -> 58490.33 | G25: =Custos!H33 -> mês | H25: 0 | I25: =ROUND(H25*F25,2) -> 0 | J25: =ROUND(I25*K!$F$20,2) -> 0 | K25: =ROUND(J25/$J$45,4) -> 0
A26: c) | B26: =Custos!E34 -> 65001668 | C26: =Custos!G34 -> mar/2026 | D26: =Custos!D34 -> COPASA | E26: =Custos!B34 -> Equipe de topografia de escritório | F26: =Custos!J34 -> 31279.74 | G26: =Custos!H34 -> mês | H26: 0 | I26: =ROUND(H26*F26,2) -> 0 | J26: =ROUND(I26*K!$F$20,2) -> 0 | K26: =ROUND(J26/$J$45,4) -> 0
A28: 3.2 | B28: SERVIÇOS DE SONDAGEM | J28: =SUM(J30:J31) -> 0 | K28: =SUM(K30:K31) -> 0
A29: a) | B29: =Custos!E27 -> 65001207 | C29: =Custos!G27 -> mar/2026 | D29: =Custos!D27 -> COPASA | E29: =Custos!B27 -> Sondagem a percussao - mobilizacao e desmobilizacao | F29: =Custos!J27 -> 1417.53 | G29: =Custos!H27 -> unidade | H29: 0 | I29: =ROUND(H29*F29,2) -> 0 | J29: =ROUND(I29*K!$F$20,2) -> 0 | K29: =ROUND(J29/$J$45,4) -> 0
A30: c) | B30: =Custos!E28 -> 65001209 | C30: =Custos!G28 -> mar/2026 | D30: =Custos!D28 -> COPASA | E30: =Custos!B28 -> Sondagem a percussao - instalacao por furo | F30: =Custos!J28 -> 506.64 | G30: =Custos!H28 -> unidade | H30: 0 | I30: =ROUND(H30*F30,2) -> 0 | J30: =ROUND(I30*K!$F$20,2) -> 0 | K30: =ROUND(J30/$J$45,4) -> 0
A31: d) | B31: =Custos!E29 -> 65001210 | C31: =Custos!G29 -> mar/2026 | D31: =Custos!D29 -> COPASA | E31: =Custos!B29 -> Sondagem a percussao ø2.1/2" - perfuracao e retirada de amostras | F31: =Custos!J29 -> 155.6 | G31: =Custos!H29 -> m | H31: 0 | I31: =ROUND(H31*F31,2) -> 0 | J31: =ROUND(I31*K!$F$20,2) -> 0 | K31: =ROUND(J31/$J$45,4) -> 0
A33: 3.3 | B33: CADASTRO TÉCNICO | J33: =SUM(J34:J35) -> 0 | K33: =SUM(K34:K35) -> 0
A34: a) | B34: =Custos!E37 -> 65001667 | C34: =Custos!G37 -> mar/2026 | D34: =Custos!D37 -> COPASA | E34: =Custos!B37 -> Equipe de topografia de campo | F34: =Custos!J37 -> 58490.33 | G34: =Custos!H37 -> mês | H34: 0 | I34: =ROUND(H34*F34,2) -> 0 | J34: =ROUND(I34*K!$F$20,2) -> 0 | K34: =ROUND(J34/$J$45,4) -> 0
A35: b) | B35: =Custos!E38 -> 65001668 | C35: =Custos!G38 -> mar/2026 | D35: =Custos!D38 -> COPASA | E35: =Custos!B38 -> Equipe de topografia de escritório | F35: =Custos!J38 -> 31279.74 | G35: =Custos!H38 -> mês | H35: 0 | I35: =ROUND(H35*F35,2) -> 0 | J35: =ROUND(I35*K!$F$20,2) -> 0 | K35: =ROUND(J35/$J$45,4) -> 0
A37: 3.4 | B37: ANÁLISE DE ÁGUA | J37: =SUM(J38:J39) -> 0 | K37: =SUM(K38:K39) -> 0
A38: a) | B38: =Custos!E43 -> 65001114 | C38: =Custos!G43 -> mar/2026 | D38: =Custos!D43 -> COPASA | E38: =Custos!B43 -> Análise fisico-química da água | F38: =Custos!J43 -> 453.96 | G38: =Custos!H43 -> unidade | H38: =Serviços!C17 -> 0 | I38: =ROUND(H38*F38,2) -> 0 | J38: =ROUND(I38*K!$F$20,2) -> 0 | K38: =ROUND(J38/$J$45,4) -> 0
A39: b) | B39: =Custos!E44 -> 65001115 | C39: =Custos!G44 -> mar/2026 | D39: =Custos!D44 -> COPASA | E39: =Custos!B44 -> Analise bactereologica da água | F39: =Custos!J44 -> 179.28 | G39: =Custos!H44 -> unidade | H39: =Serviços!C18 -> 0 | I39: =ROUND(H39*F39,2) -> 0 | J39: =ROUND(I39*K!$F$20,2) -> 0 | K39: =ROUND(J39/$J$45,4) -> 0
A40: 4. | B40: DESPESAS DIVERSAS | J40: =J42 -> 0 | K40: =J40/$J$45 -> 0
A42: 4.1 | B42: OUTRAS DESPESAS | J42: =SUM(J43:J43) -> 0 | K42: =SUM(K43:K43) -> 0
A43: a) | B43: =Custos!F46 -> - | C43: =Custos!G46 -> jan/2026 | D43: =Custos!D46 -> SICOR-MG | E43: =Custos!B46 -> Veículo tipo picape leve, com capacidade para cinco (5) lugares, obedecidos os seguintes requisitos mínimos: ter no máximo um (1) ano de uso, até 20.000km rodados, potência mínima de 100cv, direção assistida, ar condicionado, desembaçador de vidros, rádio am/fm, emplacado, com seguro total, inclusive manutenção e combustível (custo variável) | F43: ='Produto Consolidado'!F43 -> 1.02 | G43: R$/dia | H43: 0 | I43: =ROUND(H43*F43,2) -> 0 | J43: =ROUND(I43*K!$F$20,2) -> 0 | K43: =ROUND(J43/$J$45,4) -> 0
A45: VALOR TOTAL - Inclusos K's | I45: R$ | J45: =ROUND((J7+J14+J21+J40),2) -> 13406.73 | K45: =K7+K14+K21+K40 -> 1
A47: Observações:
A48: 1- | B48: Os K's foram calculados através de fórmulas estabelecidas pelo Acórdão 1787/2011. Os parâmetros utilizados foram estabelecidos pela Nota Técnica Conjunta nº 01/2012/SIP/SAF da Agência Nacional de Águas.
A49: 2- | B49: A remuneração horária é determinada dividindo-se o valor da remuneração mensal pela carga horária efetivamente trabalhada.

Sheet P2
D1: ='P3'!D1 -> ORÇAMENTO PARA ELABORAÇÃO DE PROJETOS DE SISTEMA DE ESGOTAMENTO SANITÁRIO
A2: Produto 2: | C2: ='Horas trabalhadas'!E8 -> Cadastro Técnico | J2: Data: | K2: ='Dados Básicos do município'!H4 -> 46170
A3: Comitê: | C3: ='Dados Básicos do município'!B5 -> CBH-PIRANGA
A4: Município: | C4: ='Dados Básicos do município'!B6 -> São Miguel do Anta/MG
A6: Item | B6: Código | C6: Data-Base | D6: Órgão | E6: Descrição | F6: Custo unitário (R$) | H6: Quantitativo | I6: Custo total (R$) | J6: Custo total com K (R$) | K6: Peso (%)
A7: 1 | B7: EQUIPE TÉCNICA | J7: =J9 -> 8653.28 | K7: =J7/$J$45 -> 0.12409292
A9: 1.1 | B9: PERMANENTE | J9: =SUM(J10:J12) -> 8653.28 | K9: =SUM(K10:K12) -> 0.1241
A10: a) | B10: ='P1'!B10 -> P8061 | C10: =Custos!G13 -> jan/2026 | D10: =Custos!$D$13 -> DNIT | E10: =Custos!B13 -> Engenheiro Coordenador | F10: =Custos!J13 -> 131.97 | G10: hora | H10: ='Horas trabalhadas'!E9 -> 9.69 | I10: =ROUND(H10*F10,2) -> 1278.79 | J10: =ROUND(I10*K!$F$19,2) -> 3222.55 | K10: =ROUND(J10/$J$45,4) -> 0.0462
A11: b) | B11: ='P1'!B11 -> P8066 | C11: =Custos!G14 -> jan/2026 | D11: =Custos!D14 -> DNIT | E11: =Custos!B14 -> Engenheiro de Projetos Pleno | F11: =Custos!J14 -> 99.01 | G11: hora | H11: ='Horas trabalhadas'!E10 -> 12.92 | I11: =ROUND(H11*F11,2) -> 1279.21 | J11: =ROUND(I11*K!$F$19,2) -> 3223.61 | K11: =ROUND(J11/$J$45,4) -> 0.0462
A12: c) | B12: ='P1'!B12 -> P8026 | C12: =Custos!G15 -> jan/2026 | D12: =Custos!D15 -> DNIT | E12: =Custos!B15 -> Auxiliar Administrativo | F12: =Custos!J15 -> 13.56 | G12: hora | H12: ='Horas trabalhadas'!E11 -> 64.59 | I12: =ROUND(H12*F12,2) -> 875.84 | J12: =ROUND(I12*K!$F$19,2) -> 2207.12 | K12: =ROUND(J12/$J$45,4) -> 0.0317
A14: 2 | B14: CONSULTORES | J14: =J16 -> 0 | K14: =J14/$J$45 -> 0
A16: 2.1 | B16: CONSULTORES | J16: =SUM(J17:J19) -> 0 | K16: =SUM(K17:K19) -> 0
A17: a) | B17: ='P1'!B17 -> P8067 | C17: =Custos!G20 -> jan/2026 | D17: =Custos!D20 -> DNIT | E17: =Custos!B20 -> Engenheiro de Projetos (Elétrico) | F17: =Custos!J20 -> 115.11 | G17: hora | H17: ='Horas trabalhadas'!E12 -> 0 | I17: =ROUND(H17*F17,2) -> 0 | J17: =ROUND(I17*K!$F$19,2) -> 0 | K17: =ROUND(J17/$J$45,4) -> 0
A18: b) | B18: ='P1'!B18 -> P8067 | C18: =Custos!G21 -> jan/2026 | D18: =Custos!D21 -> DNIT | E18: =Custos!B21 -> Engenheiro de Projeto (Calculista) | F18: =Custos!J21 -> 115.11 | G18: hora | H18: ='Horas trabalhadas'!E13 -> 0 | I18: =ROUND(H18*F18,2) -> 0 | J18: =ROUND(I18*K!$F$19,2) -> 0 | K18: =ROUND(J18/$J$45,4) -> 0
A19: c) | B19: ='P1'!B19 -> P8059 | C19: =Custos!G22 -> jan/2026 | D19: =Custos!D22 -> DNIT | E19: =Custos!B22 -> Engenheiro ambiental | F19: =Custos!J22 -> 120.83 | G19: hora | H19: ='Horas trabalhadas'!E14 -> 0 | I19: =ROUND(H19*F19,2) -> 0 | J19: =ROUND(I19*K!$F$19,2) -> 0 | K19: =ROUND(J19/$J$45,4) -> 0
A21: 3 | B21: SERVIÇOS DE APOIO TÉCNICO | J21: =J23+J28+J33+J37 -> 55692.71 | K21: =J21/$J$45 -> 0.79866492
A23: 3.1 | B23: SERVIÇOS DE TOPOGRAFIA | J23: =SUM(J24:J26) -> 0 | K23: =SUM(K24:K26) -> 0
A24: a) | B24: ='P1'!B24 -> 65003710 | C24: =Custos!G32 -> mar/2026 | D24: =Custos!D32 -> COPASA | E24: =Custos!B32 -> Mobilização e desmobilização de equipe de topografia | F24: =Custos!J32 -> 5.32 | G24: =Custos!H32 -> km | H24: =Serviços!E9 -> 0 | I24: =ROUND(H24*F24,2) -> 0 | J24: =ROUND(I24*K!$F$20,2) -> 0 | K24: =ROUND(J24/$J$45,4) -> 0
A25: b) | B25: ='P1'!B25 -> 65001667 | C25: =Custos!G33 -> mar/2026 | D25: =Custos!D33 -> COPASA | E25: =Custos!B33 -> Equipe de topografia de campo | F25: =Custos!J33 -> 58490.33 | G25: =Custos!H33 -> mês | H25: =Serviços!E10 -> 0 | I25: =ROUND(H25*F25,2) -> 0 | J25: =ROUND(I25*K!$F$20,2) -> 0 | K25: =ROUND(J25/$J$45,4) -> 0
A26: c) | B26: ='P1'!B26 -> 65001668 | C26: =Custos!G34 -> mar/2026 | D26: =Custos!D34 -> COPASA | E26: =Custos!B34 -> Equipe de topografia de escritório | F26: =Custos!J34 -> 31279.74 | G26: =Custos!H34 -> mês | H26: =Serviços!E11 -> 0 | I26: =ROUND(H26*F26,2) -> 0 | J26: =ROUND(I26*K!$F$20,2) -> 0 | K26: =ROUND(J26/$J$45,4) -> 0
A28: 3.2 | B28: SERVIÇOS DE SONDAGEM | J28: =SUM(J29:J31) -> 0 | K28: =SUM(K30:K30) -> 0
A29: a) | B29: ='P1'!B29 -> 65001207 | C29: =Custos!G27 -> mar/2026 | D29: =Custos!D27 -> COPASA | E29: =Custos!B27 -> Sondagem a percussao - mobilizacao e desmobilizacao | F29: =Custos!J27 -> 1417.53 | G29: =Custos!H27 -> unidade | H29: =Serviços!E14 -> 0 | I29: =ROUND(H29*F29,2) -> 0 | J29: =ROUND(I29*K!$F$20,2) -> 0 | K29: =ROUND(J29/$J$45,4) -> 0
A30: c) | B30: ='P1'!B30 -> 65001209 | C30: =Custos!G28 -> mar/2026 | D30: =Custos!D28 -> COPASA | E30: =Custos!B28 -> Sondagem a percussao - instalacao por furo | F30: =Custos!J28 -> 506.64 | G30: =Custos!H28 -> unidade | H30: =Serviços!E15 -> 0 | I30: =ROUND(H30*F30,2) -> 0 | J30: =ROUND(I30*K!$F$20,2) -> 0 | K30: =ROUND(J30/$J$45,4) -> 0
A31: d) | B31: ='P1'!B31 -> 65001210 | C31: =Custos!G29 -> mar/2026 | D31: =Custos!D29 -> COPASA | E31: =Custos!B29 -> Sondagem a percussao ø2.1/2" - perfuracao e retirada de amostras | F31: =Custos!J29 -> 155.6 | G31: =Custos!H29 -> m | H31: =Serviços!E16 -> 0 | I31: =ROUND(H31*F31,2) -> 0 | J31: =ROUND(I31*K!$F$20,2) -> 0 | K31: =ROUND(J31/$J$45,4) -> 0
A33: 3.3 | B33: CADASTRO TÉCNICO | J33: =SUM(J34:J35) -> 55692.71 | K33: =SUM(K34:K35) -> 0.7987
A34: a) | B34: ='P1'!B34 -> 65001667 | C34: =Custos!G37 -> mar/2026 | D34: =Custos!D37 -> COPASA | E34: =Custos!B37 -> Equipe de topografia de campo | F34: =Custos!J37 -> 58490.33 | G34: =Custos!H37 -> mês | H34: =Serviços!E12 -> 0.6 | I34: =ROUND(H34*F34,2) -> 35094.2 | J34: =ROUND(I34*K!$F$20,2) -> 44569.63 | K34: =ROUND(J34/$J$45,4) -> 0.6392
A35: b) | B35: ='P1'!B35 -> 65001668 | C35: =Custos!G38 -> mar/2026 | D35: =Custos!D38 -> COPASA | E35: =Custos!B38 -> Equipe de topografia de escritório | F35: =Custos!J38 -> 31279.74 | G35: =Custos!H38 -> mês | H35: =Serviços!E13 -> 0.28 | I35: =ROUND(H35*F35,2) -> 8758.33 | J35: =ROUND(I35*K!$F$20,2) -> 11123.08 | K35: =ROUND(J35/$J$45,4) -> 0.1595
A37: 3.4 | B37: ANÁLISE DE ÁGUA | J37: =SUM(J38:J39) -> 0 | K37: =SUM(K38:K39) -> 0
A38: a) | B38: =Custos!E43 -> 65001114 | C38: =Custos!G43 -> mar/2026 | D38: =Custos!D43 -> COPASA | E38: =Custos!B43 -> Análise fisico-química da água | F38: =Custos!J43 -> 453.96 | G38: =Custos!H43 -> unidade | H38: =Serviços!E17 -> 0 | I38: =ROUND(H38*F38,2) -> 0 | J38: =ROUND(I38*K!$F$20,2) -> 0 | K38: =ROUND(J38/$J$45,4) -> 0
A39: b) | B39: =Custos!E44 -> 65001115 | C39: =Custos!G44 -> mar/2026 | D39: =Custos!D44 -> COPASA | E39: =Custos!B44 -> Analise bactereologica da água | F39: =Custos!J44 -> 179.28 | G39: =Custos!H44 -> unidade | H39: =Serviços!E18 -> 0 | I39: =ROUND(H39*F39,2) -> 0 | J39: =ROUND(I39*K!$F$20,2) -> 0 | K39: =ROUND(J39/$J$45,4) -> 0
A40: 4. | B40: DESPESAS DIVERSAS | J40: =J42 -> 5386.27 | K40: =J40/$J$45 -> 0.077242154
A42: 4.1 | B42: OUTRAS DESPESAS | J42: =SUM(J43:J43) -> 5386.27 | K42: =SUM(K43:K43) -> 0.0772
A43: a) | B43: =Custos!F46 -> - | C43: =Custos!G46 -> jan/2026 | D43: =Custos!D46 -> SICOR-MG | E43: =Custos!B46 -> Veículo tipo picape leve, com capacidade para cinco (5) lugares, obedecidos os seguintes requisitos mínimos: ter no máximo um (1) ano de uso, até 20.000km rodados, potência mínima de 100cv, direção assistida, ar condicionado, desembaçador de vidros, rádio am/fm, emplacado, com seguro total, inclusive manutenção e combustível (custo variável) | F43: =Custos!J46 -> 1.02 | G43: ='P1'!G43 -> R$/dia | H43: =Deslocamento!E19*Deslocamento!F19 -> 4158 | I43: =ROUND(H43*F43,2) -> 4241.16 | J43: =ROUND(I43*K!$F$20,2) -> 5386.27 | K43: =ROUND(J43/$J$45,4) -> 0.0772
A45: VALOR TOTAL - Inclusos K's | I45: R$ | J45: =ROUND((J7+J14+J21+J40),2) -> 69732.26 | K45: =K7+K14+K21+K40 -> 1
A47: Observações:
A48: 1- | B48: Os K's foram calculados através de fórmulas estabelecidas pelo Acórdão 1787/2011. Os parâmetros utilizados foram estabelecidos pela Nota Técnica Conjunta nº 01/2012/SIP/SAF da Agência Nacional de Águas.
A49: 2- | B49: A remuneração horária é determinada dividindo-se o valor da remuneração mensal pela carga horária efetivamente trabalhada.

Sheet P3
D1: ='P1'!C1 -> ORÇAMENTO PARA ELABORAÇÃO DE PROJETOS DE SISTEMA DE ESGOTAMENTO SANITÁRIO
A2: Produto 3: | C2: ='Horas trabalhadas'!D8 -> Estudos Topográficos | J2: Data: | K2: ='Dados Básicos do município'!H4 -> 46170
A3: Comitê: | C3: ='Dados Básicos do município'!B5 -> CBH-PIRANGA
A4: Município: | C4: ='Dados Básicos do município'!B6 -> São Miguel do Anta/MG
A6: Item | B6: Código | C6: Data-Base | D6: Órgão | E6: Descrição | F6: Custo unitário (R$) | H6: Quantitativo | I6: Custo total (R$) | J6: Custo total com K (R$) | K6: Peso (%)
A7: 1 | B7: EQUIPE TÉCNICA | J7: =J9 -> 8653.28 | K7: =J7/$J$45 -> 0.21861853
A9: 1.1 | B9: PERMANENTE | J9: =SUM(J10:J12) -> 8653.28 | K9: =SUM(K10:K12) -> 0.2186
A10: a) | B10: ='P1'!B10 -> P8061 | C10: =Custos!G13 -> jan/2026 | D10: =Custos!$D$13 -> DNIT | E10: =Custos!B13 -> Engenheiro Coordenador | F10: =Custos!J13 -> 131.97 | G10: hora | H10: ='Horas trabalhadas'!D9 -> 9.69 | I10: =ROUND(H10*F10,2) -> 1278.79 | J10: =ROUND(I10*K!$F$19,2) -> 3222.55 | K10: =ROUND(J10/$J$45,4) -> 0.0814
A11: b) | B11: ='P1'!B11 -> P8066 | C11: =Custos!G14 -> jan/2026 | D11: =Custos!D14 -> DNIT | E11: =Custos!B14 -> Engenheiro de Projetos Pleno | F11: =Custos!J14 -> 99.01 | G11: hora | H11: ='Horas trabalhadas'!D10 -> 12.92 | I11: =ROUND(H11*F11,2) -> 1279.21 | J11: =ROUND(I11*K!$F$19,2) -> 3223.61 | K11: =ROUND(J11/$J$45,4) -> 0.0814
A12: c) | B12: ='P1'!B12 -> P8026 | C12: =Custos!G15 -> jan/2026 | D12: =Custos!D15 -> DNIT | E12: =Custos!B15 -> Auxiliar Administrativo | F12: =Custos!J15 -> 13.56 | G12: hora | H12: ='Horas trabalhadas'!D11 -> 64.59 | I12: =ROUND(H12*F12,2) -> 875.84 | J12: =ROUND(I12*K!$F$19,2) -> 2207.12 | K12: =ROUND(J12/$J$45,4) -> 0.0558
A14: 2 | B14: CONSULTORES | J14: =J16 -> 0 | K14: =J14/$J$45 -> 0
A16: 2.1 | B16: CONSULTORES | J16: =SUM(J17:J19) -> 0 | K16: =SUM(K17:K19) -> 0
A17: a) | B17: ='P1'!B17 -> P8067 | C17: =Custos!G20 -> jan/2026 | D17: =Custos!D20 -> DNIT | E17: =Custos!B20 -> Engenheiro de Projetos (Elétrico) | F17: =Custos!J20 -> 115.11 | G17: hora | H17: ='Horas trabalhadas'!E12 -> 0 | I17: =ROUND(H17*F17,2) -> 0 | J17: =ROUND(I17*K!$F$19,2) -> 0 | K17: =ROUND(J17/$J$45,4) -> 0
A18: b) | B18: ='P1'!B18 -> P8067 | C18: =Custos!G21 -> jan/2026 | D18: =Custos!D21 -> DNIT | E18: =Custos!B21 -> Engenheiro de Projeto (Calculista) | F18: =Custos!J21 -> 115.11 | G18: hora | H18: ='Horas trabalhadas'!E13 -> 0 | I18: =ROUND(H18*F18,2) -> 0 | J18: =ROUND(I18*K!$F$19,2) -> 0 | K18: =ROUND(J18/$J$45,4) -> 0
A19: c) | B19: ='P1'!B19 -> P8059 | C19: =Custos!G22 -> jan/2026 | D19: =Custos!#REF! -> #REF! | E19: =Custos!B22 -> Engenheiro ambiental | F19: =Custos!J22 -> 120.83 | G19: hora | H19: ='Horas trabalhadas'!E14 -> 0 | I19: =ROUND(H19*F19,2) -> 0 | J19: =ROUND(I19*K!$F$19,2) -> 0 | K19: =ROUND(J19/$J$45,4) -> 0
A21: 3 | B21: SERVIÇOS DE APOIO TÉCNICO | J21: =J23+J28+J33+J37 -> 25542.09 | K21: =J21/$J$45 -> 0.64530146
A23: 3.1 | B23: SERVIÇOS DE TOPOGRAFIA | J23: =SUM(J24:J26) -> 25542.09 | K23: =SUM(K24:K26) -> 0.6453
A24: a) | B24: ='P1'!B24 -> 65003710 | C24: =Custos!G32 -> mar/2026 | D24: =Custos!D32 -> COPASA | E24: =Custos!B32 -> Mobilização e desmobilização de equipe de topografia | F24: =Custos!J32 -> 5.32 | G24: =Custos!H32 -> km | H24: =Serviços!D9 -> 756 | I24: =ROUND(H24*F24,2) -> 4021.92 | J24: =ROUND(I24*K!$F$20,2) -> 5107.84 | K24: =ROUND(J24/$J$45,4) -> 0.129
A25: b) | B25: ='P1'!B25 -> 65001667 | C25: =Custos!G33 -> mar/2026 | D25: =Custos!D33 -> COPASA | E25: =Custos!B33 -> Equipe de topografia de campo | F25: =Custos!J33 -> 58490.33 | G25: =Custos!H33 -> mês | H25: =Serviços!D10 -> 0.12 | I25: =ROUND(H25*F25,2) -> 7018.84 | J25: =ROUND(I25*K!$F$20,2) -> 8913.93 | K25: =ROUND(J25/$J$45,4) -> 0.2252
A26: c) | B26: ='P1'!B26 -> 65001668 | C26: =Custos!G34 -> mar/2026 | D26: =Custos!D34 -> COPASA | E26: =Custos!B34 -> Equipe de topografia de escritório | F26: =Custos!J34 -> 31279.74 | G26: =Custos!H34 -> mês | H26: =Serviços!D11 -> 0.29 | I26: =ROUND(H26*F26,2) -> 9071.12 | J26: =ROUND(I26*K!$F$20,2) -> 11520.32 | K26: =ROUND(J26/$J$45,4) -> 0.2911
A28: 3.2 | B28: SERVIÇOS DE SONDAGEM | J28: =SUM(J30:J30) -> 0 | K28: =SUM(K30:K30) -> 0
A29: a) | B29: ='P1'!B29 -> 65001207 | C29: =Custos!G27 -> mar/2026 | D29: =Custos!D27 -> COPASA | E29: =Custos!B27 -> Sondagem a percussao - mobilizacao e desmobilizacao | F29: =Custos!J27 -> 1417.53 | G29: =Custos!H27 -> unidade | H29: =Serviços!D14 -> 0 | I29: =ROUND(H29*F29,2) -> 0 | J29: =ROUND(I29*K!$F$20,2) -> 0 | K29: =ROUND(J29/$J$45,4) -> 0
A30: b) | B30: ='P1'!B30 -> 65001209 | C30: =Custos!G28 -> mar/2026 | D30: =Custos!D28 -> COPASA | E30: =Custos!B28 -> Sondagem a percussao - instalacao por furo | F30: =Custos!J28 -> 506.64 | G30: =Custos!H28 -> unidade | H30: =Serviços!D15 -> 0 | I30: =ROUND(H30*F30,2) -> 0 | J30: =ROUND(I30*K!$F$20,2) -> 0 | K30: =ROUND(J30/$J$45,4) -> 0
A31: d) | B31: ='P1'!B31 -> 65001210 | C31: =Custos!G29 -> mar/2026 | D31: =Custos!D29 -> COPASA | E31: =Custos!B29 -> Sondagem a percussao ø2.1/2" - perfuracao e retirada de amostras | F31: =Custos!J29 -> 155.6 | G31: =Custos!H29 -> m | H31: =Serviços!D16 -> 0 | I31: =ROUND(H31*F31,2) -> 0 | J31: =ROUND(I31*K!$F$20,2) -> 0 | K31: =ROUND(J31/$J$45,4) -> 0
A33: 3.3 | B33: CADASTRO TÉCNICO | J33: =SUM(J34:J35) -> 0 | K33: =SUM(K34:K35) -> 0
A34: a) | B34: ='P1'!B34 -> 65001667 | C34: =Custos!G37 -> mar/2026 | D34: =Custos!D37 -> COPASA | E34: =Custos!B37 -> Equipe de topografia de campo | F34: =Custos!J37 -> 58490.33 | G34: =Custos!H37 -> mês | H34: =Serviços!D12 -> 0 | I34: =ROUND(H34*F34,2) -> 0 | J34: =ROUND(I34*K!$F$20,2) -> 0 | K34: =ROUND(J34/$J$45,4) -> 0
A35: b) | B35: ='P1'!B35 -> 65001668 | C35: =Custos!G38 -> mar/2026 | D35: =Custos!D38 -> COPASA | E35: =Custos!B38 -> Equipe de topografia de escritório | F35: =Custos!J38 -> 31279.74 | G35: =Custos!H38 -> mês | H35: =Serviços!D13 -> 0 | I35: =ROUND(H35*F35,2) -> 0 | J35: =ROUND(I35*K!$F$20,2) -> 0 | K35: =ROUND(J35/$J$45,4) -> 0
A37: 3.4 | B37: ANÁLISE DE ÁGUA | J37: =SUM(J38:J39) -> 0 | K37: =SUM(K38:K39) -> 0
A38: a) | B38: =Custos!E43 -> 65001114 | C38: =Custos!G43 -> mar/2026 | D38: =Custos!D43 -> COPASA | E38: =Custos!B43 -> Análise fisico-química da água | F38: =Custos!J43 -> 453.96 | G38: =Custos!H43 -> unidade | H38: =Serviços!D17 -> 0 | I38: =ROUND(H38*F38,2) -> 0 | J38: =ROUND(I38*K!$F$20,2) -> 0 | K38: =ROUND(J38/$J$45,4) -> 0
A39: b) | B39: =Custos!E44 -> 65001115 | C39: =Custos!G44 -> mar/2026 | D39: =Custos!D44 -> COPASA | E39: =Custos!B44 -> Analise bactereologica da água | F39: =Custos!J44 -> 179.28 | G39: =Custos!H44 -> unidade | H39: =Serviços!D18 -> 0 | I39: =ROUND(H39*F39,2) -> 0 | J39: =ROUND(I39*K!$F$20,2) -> 0 | K39: =ROUND(J39/$J$45,4) -> 0
A40: 4. | B40: DESPESAS DIVERSAS | J40: =J42 -> 5386.27 | K40: =J40/$J$45 -> 0.13608001
A42: 4.1 | B42: OUTRAS DESPESAS | J42: =SUM(J43:J43) -> 5386.27 | K42: =SUM(K43:K43) -> 0.1361
A43: a) | B43: =Custos!F46 -> - | C43: =Custos!G46 -> jan/2026 | D43: =Custos!D46 -> SICOR-MG | E43: =Custos!B46 -> Veículo tipo picape leve, com capacidade para cinco (5) lugares, obedecidos os seguintes requisitos mínimos: ter no máximo um (1) ano de uso, até 20.000km rodados, potência mínima de 100cv, direção assistida, ar condicionado, desembaçador de vidros, rádio am/fm, emplacado, com seguro total, inclusive manutenção e combustível (custo variável) | F43: ='P1'!F43 -> 1.02 | G43: ='P1'!G43 -> R$/dia | H43: =Deslocamento!E19*Deslocamento!F19 -> 4158 | I43: =ROUND(H43*F43,2) -> 4241.16 | J43: =ROUND(I43*K!$F$20,2) -> 5386.27 | K43: =ROUND(J43/$J$45,4) -> 0.1361
A45: VALOR TOTAL - Inclusos K's | I45: R$ | J45: =ROUND((J7+J14+J21+J40),2) -> 39581.64 | K45: =K7+K14+K21+K40 -> 1
A47: Observações:
A48: 1- | B48: Os K's foram calculados através de fórmulas estabelecidas pelo Acórdão 1787/2011. Os parâmetros utilizados foram estabelecidos pela Nota Técnica Conjunta nº 01/2012/SIP/SAF da Agência Nacional de Águas.
A49: 2- | B49: A remuneração horária é determinada dividindo-se o valor da remuneração mensal pela carga horária efetivamente trabalhada.
A50: 3- | B50: No valor do veículo já estão inclusos os valores de locação, gasolina, manutenção e pedágio.

Sheet P4
D1: ='P2'!D1 -> ORÇAMENTO PARA ELABORAÇÃO DE PROJETOS DE SISTEMA DE ESGOTAMENTO SANITÁRIO
A2: Produto 4: | C2: ='Horas trabalhadas'!F8 -> Estudo de Concepção | J2: Data: | K2: ='Dados Básicos do município'!H4 -> 46170
A3: Comitê: | C3: ='Dados Básicos do município'!B5 -> CBH-PIRANGA
A4: Município: | C4: ='Dados Básicos do município'!B6 -> São Miguel do Anta/MG
A6: Item | B6: Código | C6: Data-Base | D6: Órgão | E6: Descrição | F6: Custo unitário (R$) | H6: Quantitativo | I6: Custo total (R$) | J6: Custo total com K (R$) | K6: Peso (%)
A7: 1 | B7: EQUIPE TÉCNICA | J7: =J9 -> 40940.68 | K7: =J7/$J$45 -> 0.96219827
A9: 1.1 | B9: PERMANENTE | J9: =SUM(J10:J12) -> 40940.68 | K9: =SUM(K10:K12) -> 0.9622
A10: a) | B10: ='P1'!B10 -> P8061 | C10: =Custos!G13 -> jan/2026 | D10: =Custos!$D$13 -> DNIT | E10: =Custos!B13 -> Engenheiro Coordenador | F10: =Custos!J13 -> 131.97 | G10: hora | H10: ='Horas trabalhadas'!F9 -> 51.68 | I10: =ROUND(H10*F10,2) -> 6820.21 | J10: =ROUND(I10*K!$F$19,2) -> 17186.93 | K10: =ROUND(J10/$J$45,4) -> 0.4039
A11: b) | B11: ='P1'!B11 -> P8066 | C11: =Custos!G14 -> jan/2026 | D11: =Custos!D14 -> DNIT | E11: =Custos!B14 -> Engenheiro de Projetos Pleno | F11: =Custos!J14 -> 99.01 | G11: hora | H11: ='Horas trabalhadas'!F10 -> 77.51 | I11: =ROUND(H11*F11,2) -> 7674.27 | J11: =ROUND(I11*K!$F$19,2) -> 19339.16 | K11: =ROUND(J11/$J$45,4) -> 0.4545
A12: c) | B12: =Custos!E15 -> P8026 | C12: =Custos!G15 -> jan/2026 | D12: =Custos!D15 -> DNIT | E12: =Custos!B15 -> Auxiliar Administrativo | F12: =Custos!J15 -> 13.56 | G12: hora | H12: ='Horas trabalhadas'!F11 -> 129.19 | I12: =ROUND(H12*F12,2) -> 1751.82 | J12: =ROUND(I12*K!$F$19,2) -> 4414.59 | K12: =ROUND(J12/$J$45,4) -> 0.1038
A14: 2 | B14: CONSULTORES | J14: =J16 -> 0 | K14: =J14/$J$45 -> 0
A16: 2.1 | B16: CONSULTORES | J16: =SUM(J17:J19) -> 0 | K16: =SUM(K17:K19) -> 0
A17: a) | B17: ='P1'!B17 -> P8067 | C17: =Custos!G20 -> jan/2026 | D17: =Custos!D20 -> DNIT | E17: =Custos!B20 -> Engenheiro de Projetos (Elétrico) | F17: =Custos!J20 -> 115.11 | G17: hora | H17: ='Horas trabalhadas'!F12 -> 0 | I17: =ROUND(H17*F17,2) -> 0 | J17: =ROUND(I17*K!$F$19,2) -> 0 | K17: =ROUND(J17/$J$45,4) -> 0
A18: b) | B18: ='P1'!B18 -> P8067 | C18: =Custos!G21 -> jan/2026 | D18: =Custos!D21 -> DNIT | E18: =Custos!B21 -> Engenheiro de Projeto (Calculista) | F18: =Custos!J21 -> 115.11 | G18: hora | H18: ='Horas trabalhadas'!F13 -> 0 | I18: =ROUND(H18*F18,2) -> 0 | J18: =ROUND(I18*K!$F$19,2) -> 0 | K18: =ROUND(J18/$J$45,4) -> 0
A19: c) | B19: ='P1'!B19 -> P8059 | C19: =Custos!G22 -> jan/2026 | D19: =Custos!D22 -> DNIT | E19: =Custos!B22 -> Engenheiro ambiental | F19: =Custos!J22 -> 120.83 | G19: hora | H19: ='Horas trabalhadas'!F14 -> 0 | I19: =ROUND(H19*F19,2) -> 0 | J19: =ROUND(I19*K!$F$19,2) -> 0 | K19: =ROUND(J19/$J$45,4) -> 0
A21: 3 | B21: SERVIÇOS DE APOIO TÉCNICO | J21: =J23+J28+J33+J37 -> 1608.43 | K21: =J21/$J$45 -> 0.037801731
A23: 3.1 | B23: SERVIÇOS DE TOPOGRAFIA | J23: =SUM(J24:J26) -> 0 | K23: =SUM(K24:K26) -> 0
A24: a) | B24: ='P1'!B24 -> 65003710 | C24: =Custos!G32 -> mar/2026 | D24: =Custos!D32 -> COPASA | E24: =Custos!B32 -> Mobilização e desmobilização de equipe de topografia | F24: =Custos!J32 -> 5.32 | G24: =Custos!H32 -> km | H24: =Serviços!F9 -> 0 | I24: =ROUND(H24*F24,2) -> 0 | J24: =ROUND(I24*K!$F$20,2) -> 0 | K24: =ROUND(J24/$J$45,4) -> 0
A25: b) | B25: ='P1'!B25 -> 65001667 | C25: =Custos!G33 -> mar/2026 | D25: =Custos!D33 -> COPASA | E25: =Custos!B33 -> Equipe de topografia de campo | F25: =Custos!J33 -> 58490.33 | G25: =Custos!H33 -> mês | H25: =Serviços!F10 -> 0 | I25: =ROUND(H25*F25,2) -> 0 | J25: =ROUND(I25*K!$F$20,2) -> 0 | K25: =ROUND(J25/$J$45,4) -> 0
A26: c) | B26: ='P1'!B26 -> 65001668 | C26: =Custos!G34 -> mar/2026 | D26: =Custos!D34 -> COPASA | E26: =Custos!B34 -> Equipe de topografia de escritório | F26: =Custos!J34 -> 31279.74 | G26: =Custos!H34 -> mês | H26: =Serviços!F11 -> 0 | I26: =ROUND(H26*F26,2) -> 0 | J26: =ROUND(I26*K!$F$20,2) -> 0 | K26: =ROUND(J26/$J$45,4) -> 0
A28: 3.2 | B28: SERVIÇOS DE SONDAGEM | J28: =SUM(J29:J31) -> 0 | K28: =SUM(K29:K31) -> 0
A29: a) | B29: ='P1'!B29 -> 65001207 | C29: =Custos!G27 -> mar/2026 | D29: =Custos!D27 -> COPASA | E29: =Custos!B27 -> Sondagem a percussao - mobilizacao e desmobilizacao | F29: =Custos!J27 -> 1417.53 | G29: =Custos!H27 -> unidade | H29: =Serviços!F14 -> 0 | I29: =ROUND(H29*F29,2) -> 0 | J29: =ROUND(I29*K!$F$20,2) -> 0 | K29: =ROUND(J29/$J$45,4) -> 0
A30: c) | B30: ='P1'!B30 -> 65001209 | C30: =Custos!G28 -> mar/2026 | D30: =Custos!D28 -> COPASA | E30: =Custos!B28 -> Sondagem a percussao - instalacao por furo | F30: =Custos!J28 -> 506.64 | G30: =Custos!H28 -> unidade | H30: =Serviços!F15 -> 0 | I30: =ROUND(H30*F30,2) -> 0 | J30: =ROUND(I30*K!$F$20,2) -> 0 | K30: =ROUND(J30/$J$45,4) -> 0
A31: d) | B31: ='P1'!B31 -> 65001210 | C31: =Custos!G29 -> mar/2026 | D31: =Custos!D29 -> COPASA | E31: =Custos!B29 -> Sondagem a percussao ø2.1/2" - perfuracao e retirada de amostras | F31: =Custos!J29 -> 155.6 | G31: =Custos!H29 -> m | H31: =Serviços!F16 -> 0 | I31: =ROUND(H31*F31,2) -> 0 | J31: =ROUND(I31*K!$F$20,2) -> 0 | K31: =ROUND(J31/$J$45,4) -> 0
A33: 3.3 | B33: CADASTRO TÉCNICO | J33: =SUM(J34:J35) -> 0 | K33: =SUM(K34:K35) -> 0
A34: a) | B34: ='P1'!B34 -> 65001667 | C34: =Custos!G37 -> mar/2026 | D34: =Custos!D37 -> COPASA | E34: =Custos!B37 -> Equipe de topografia de campo | F34: =Custos!J37 -> 58490.33 | G34: =Custos!H37 -> mês | H34: =Serviços!F12 -> 0 | I34: =ROUND(H34*F34,2) -> 0 | J34: =ROUND(I34*K!$F$20,2) -> 0 | K34: =ROUND(J34/$J$45,4) -> 0
A35: b) | B35: ='P1'!B35 -> 65001668 | C35: =Custos!G38 -> mar/2026 | D35: =Custos!D38 -> COPASA | E35: =Custos!B38 -> Equipe de topografia de escritório | F35: =Custos!J38 -> 31279.74 | G35: =Custos!H38 -> mês | H35: =Serviços!F13 -> 0 | I35: =ROUND(H35*F35,2) -> 0 | J35: =ROUND(I35*K!$F$20,2) -> 0 | K35: =ROUND(J35/$J$45,4) -> 0
A37: 3.4 | B37: ANÁLISE DE ÁGUA | J37: =SUM(J38:J39) -> 1608.43 | K37: =SUM(K38:K39) -> 0.0378
A38: a) | B38: =Custos!E43 -> 65001114 | C38: =Custos!G43 -> mar/2026 | D38: =Custos!D43 -> COPASA | E38: =Custos!B43 -> Análise fisico-química da água | F38: =Custos!J43 -> 453.96 | G38: =Custos!H43 -> unidade | H38: =Serviços!F17 -> 2 | I38: =ROUND(H38*F38,2) -> 907.92 | J38: =ROUND(I38*K!$F$20,2) -> 1153.06 | K38: =ROUND(J38/$J$45,4) -> 0.0271
A39: b) | B39: =Custos!E44 -> 65001115 | C39: =Custos!G44 -> mar/2026 | D39: =Custos!D44 -> COPASA | E39: =Custos!B44 -> Analise bactereologica da água | F39: =Custos!J44 -> 179.28 | G39: =Custos!H44 -> unidade | H39: =Serviços!F18 -> 2 | I39: =ROUND(H39*F39,2) -> 358.56 | J39: =ROUND(I39*K!$F$20,2) -> 455.37 | K39: =ROUND(J39/$J$45,4) -> 0.0107
A40: 4. | B40: DESPESAS DIVERSAS | J40: =J42 -> 0 | K40: =J40/$J$45 -> 0
A42: 4.1 | B42: OUTRAS DESPESAS | J42: =SUM(J43:J43) -> 0 | K42: =SUM(K43:K43) -> 0
A43: c) | B43: =Custos!F46 -> - | C43: =Custos!G46 -> jan/2026 | D43: =Custos!D46 -> SICOR-MG | E43: =Custos!B46 -> Veículo tipo picape leve, com capacidade para cinco (5) lugares, obedecidos os seguintes requisitos mínimos: ter no máximo um (1) ano de uso, até 20.000km rodados, potência mínima de 100cv, direção assistida, ar condicionado, desembaçador de vidros, rádio am/fm, emplacado, com seguro total, inclusive manutenção e combustível (custo variável) | F43: =Custos!J46 -> 1.02 | G43: ='P1'!G43 -> R$/dia | H43: 0 | I43: =ROUND(H43*F43,2) -> 0 | J43: =ROUND(I43*K!$F$20,2) -> 0 | K43: =ROUND(J43/$J$45,4) -> 0
A45: VALOR TOTAL - Inclusos K's | I45: R$ | J45: =ROUND((J7+J14+J21+J40),2) -> 42549.11 | K45: =K7+K14+K21+K40 -> 1
A47: Observações:
A48: 1- | B48: Os K's foram calculados através de fórmulas estabelecidas pelo Acórdão 1787/2011. Os parâmetros utilizados foram estabelecidos pela Nota Técnica Conjunta nº 01/2012/SIP/SAF da Agência Nacional de Águas.
A49: 2- | B49: A remuneração horária é determinada dividindo-se o valor da remuneração mensal pela carga horária efetivamente trabalhada.

Sheet P5
D1: ='P4'!D1 -> ORÇAMENTO PARA ELABORAÇÃO DE PROJETOS DE SISTEMA DE ESGOTAMENTO SANITÁRIO
A2: Produto 5: | C2: ='Horas trabalhadas'!G8 -> Projeto Básico | J2: Data: | K2: ='Dados Básicos do município'!H4 -> 46170
A3: Comitê: | C3: ='Dados Básicos do município'!B5 -> CBH-PIRANGA
A4: Município: | C4: ='Dados Básicos do município'!B6 -> São Miguel do Anta/MG
A6: Item | B6: Código | C6: Data-Base | D6: Órgão | E6: Descrição | F6: Custo unitário (R$) | H6: Quantitativo | I6: Custo total (R$) | J6: Custo total com K (R$) | K6: Peso (%)
A7: 1 | B7: EQUIPE TÉCNICA | J7: =J9 -> 78198.98 | K7: =J7/$J$45 -> 0.83991757
A9: 1.1 | B9: PERMANENTE | J9: =SUM(J10:J12) -> 78198.98 | K9: =SUM(K10:K12) -> 0.8399
A10: a) | B10: ='P1'!B10 -> P8061 | C10: =Custos!G13 -> jan/2026 | D10: =Custos!$D$13 -> DNIT | E10: =Custos!B13 -> Engenheiro Coordenador | F10: =Custos!J13 -> 131.97 | G10: hora | H10: ='Horas trabalhadas'!G9 -> 102.75 | I10: =ROUND(H10*F10,2) -> 13559.92 | J10: =ROUND(I10*K!$F$19,2) -> 34171 | K10: =ROUND(J10/$J$45,4) -> 0.367
A11: b) | B11: ='P1'!B11 -> P8066 | C11: =Custos!G14 -> jan/2026 | D11: =Custos!D14 -> DNIT | E11: =Custos!B14 -> Engenheiro de Projetos Pleno | F11: =Custos!J14 -> 99.01 | G11: hora | H11: ='Horas trabalhadas'!G10 -> 141.28 | I11: =ROUND(H11*F11,2) -> 13988.13 | J11: =ROUND(I11*K!$F$19,2) -> 35250.09 | K11: =ROUND(J11/$J$45,4) -> 0.3786
A12: c) | B12: ='P1'!B12 -> P8026 | C12: =Custos!G15 -> jan/2026 | D12: =Custos!D15 -> DNIT | E12: =Custos!B15 -> Auxiliar Administrativo | F12: =Custos!J15 -> 13.56 | G12: hora | H12: ='Horas trabalhadas'!G11 -> 256.88 | I12: =ROUND(H12*F12,2) -> 3483.29 | J12: =ROUND(I12*K!$F$19,2) -> 8777.89 | K12: =ROUND(J12/$J$45,4) -> 0.0943
A14: 2 | B14: CONSULTORES | J14: =J16 -> 14904.18 | K14: =J14/$J$45 -> 0.16008243
A16: 2.1 | B16: CONSULTORES | J16: =SUM(J17:J19) -> 14904.18 | K16: =SUM(K17:K19) -> 0.16
A17: a) | B17: ='P1'!B17 -> P8067 | C17: =Custos!G20 -> jan/2026 | D17: =Custos!D20 -> DNIT | E17: =Custos!B20 -> Engenheiro de Projetos (Elétrico) | F17: =Custos!J20 -> 115.11 | G17: hora | H17: ='Horas trabalhadas'!G12 -> 25.69 | I17: =ROUND(H17*F17,2) -> 2957.18 | J17: =ROUND(I17*K!$F$19,2) -> 7452.09 | K17: =ROUND(J17/$J$45,4) -> 0.08
A18: b) | B18: ='P1'!B18 -> P8067 | C18: =Custos!G21 -> jan/2026 | D18: =Custos!D21 -> DNIT | E18: =Custos!B21 -> Engenheiro de Projeto (Calculista) | F18: =Custos!J21 -> 115.11 | G18: hora | H18: ='Horas trabalhadas'!G13 -> 25.69 | I18: =ROUND(H18*F18,2) -> 2957.18 | J18: =ROUND(I18*K!$F$19,2) -> 7452.09 | K18: =ROUND(J18/$J$45,4) -> 0.08
A19: c) | B19: ='P1'!B19 -> P8059 | C19: =Custos!G22 -> jan/2026 | D19: =Custos!D22 -> DNIT | E19: =Custos!B22 -> Engenheiro ambiental | F19: =Custos!J22 -> 120.83 | G19: hora | H19: ='Horas trabalhadas'!G14 -> 0 | I19: =ROUND(H19*F19,2) -> 0 | J19: =ROUND(I19*K!$F$19,2) -> 0 | K19: =ROUND(J19/$J$45,4) -> 0
A21: 3 | B21: SERVIÇOS DE APOIO TÉCNICO | J21: =J23+J28+J33+J40 -> 0 | K21: =J21/$J$45 -> 0
A23: 3.1 | B23: SERVIÇOS DE TOPOGRAFIA | J23: =SUM(J24:J26) -> 0 | K23: =SUM(K24:K26) -> 0
A24: a) | B24: ='P1'!B24 -> 65003710 | C24: =Custos!G32 -> mar/2026 | D24: =Custos!D32 -> COPASA | E24: =Custos!B32 -> Mobilização e desmobilização de equipe de topografia | F24: =Custos!J32 -> 5.32 | G24: =Custos!H32 -> km | H24: =Serviços!G9 -> 0 | I24: =ROUND(H24*F24,2) -> 0 | J24: =ROUND(I24*K!$F$20,2) -> 0 | K24: =ROUND(J24/$J$45,4) -> 0
A25: b) | B25: ='P1'!B25 -> 65001667 | C25: =Custos!G33 -> mar/2026 | D25: =Custos!D33 -> COPASA | E25: =Custos!B33 -> Equipe de topografia de campo | F25: =Custos!J33 -> 58490.33 | G25: =Custos!H33 -> mês | H25: =Serviços!G10 -> 0 | I25: =ROUND(H25*F25,2) -> 0 | J25: =ROUND(I25*K!$F$20,2) -> 0 | K25: =ROUND(J25/$J$45,4) -> 0
A26: c) | B26: ='P1'!B26 -> 65001668 | C26: =Custos!G34 -> mar/2026 | D26: =Custos!D34 -> COPASA | E26: =Custos!B34 -> Equipe de topografia de escritório | F26: =Custos!J34 -> 31279.74 | G26: =Custos!H34 -> mês | H26: =Serviços!G11 -> 0 | I26: =ROUND(H26*F26,2) -> 0 | J26: =ROUND(I26*K!$F$20,2) -> 0 | K26: =ROUND(J26/$J$45,4) -> 0
A28: 3.2 | B28: SERVIÇOS DE SONDAGEM | J28: =SUM(J29:J31) -> 0 | K28: =SUM(K30:K30) -> 0
A29: a) | B29: ='P1'!B29 -> 65001207 | C29: =Custos!G27 -> mar/2026 | D29: =Custos!D27 -> COPASA | E29: =Custos!B27 -> Sondagem a percussao - mobilizacao e desmobilizacao | F29: =Custos!J27 -> 1417.53 | G29: =Custos!H27 -> unidade | H29: =Serviços!G14 -> 0 | I29: =ROUND(H29*F29,2) -> 0 | J29: =ROUND(I29*K!$F$20,2) -> 0 | K29: =ROUND(J29/$J$45,4) -> 0
A30: b) | B30: ='P1'!B30 -> 65001209 | C30: =Custos!G28 -> mar/2026 | D30: =Custos!D28 -> COPASA | E30: =Custos!B28 -> Sondagem a percussao - instalacao por furo | F30: =Custos!J28 -> 506.64 | G30: =Custos!H28 -> unidade | H30: =Serviços!G15 -> 0 | I30: =ROUND(H30*F30,2) -> 0 | J30: =ROUND(I30*K!$F$20,2) -> 0 | K30: =ROUND(J30/$J$45,4) -> 0
A31: c) | B31: ='P1'!B31 -> 65001210 | C31: =Custos!G29 -> mar/2026 | D31: =Custos!D29 -> COPASA | E31: =Custos!B29 -> Sondagem a percussao ø2.1/2" - perfuracao e retirada de amostras | F31: =Custos!J29 -> 155.6 | G31: =Custos!H29 -> m | H31: =Serviços!G16 -> 0 | I31: =ROUND(H31*F31,2) -> 0 | J31: =ROUND(I31*K!$F$20,2) -> 0 | K31: =ROUND(J31/$J$45,4) -> 0
A33: 3.3 | B33: CADASTRO TÉCNICO | J33: =SUM(J34:J35) -> 0 | K33: =SUM(K34:K35) -> 0
A34: a) | B34: ='P1'!B34 -> 65001667 | C34: =Custos!G37 -> mar/2026 | D34: =Custos!D37 -> COPASA | E34: =Custos!B37 -> Equipe de topografia de campo | F34: =Custos!J37 -> 58490.33 | G34: =Custos!H37 -> mês | H34: =Serviços!G12 -> 0 | I34: =ROUND(H34*F34,2) -> 0 | J34: =ROUND(I34*K!$F$20,2) -> 0 | K34: =ROUND(J34/$J$45,4) -> 0
A35: b) | B35: ='P1'!B35 -> 65001668 | C35: =Custos!G38 -> mar/2026 | D35: =Custos!D38 -> COPASA | E35: =Custos!B38 -> Equipe de topografia de escritório | F35: =Custos!J38 -> 31279.74 | G35: =Custos!H38 -> mês | H35: =Serviços!G13 -> 0 | I35: =ROUND(H35*F35,2) -> 0 | J35: =ROUND(I35*K!$F$20,2) -> 0 | K35: =ROUND(J35/$J$45,4) -> 0
A37: 3.4 | B37: ANÁLISE DE ÁGUA | J37: =SUM(J38:J39) -> 0 | K37: =SUM(K38:K39) -> 0
A38: a) | B38: =Custos!E43 -> 65001114 | C38: =Custos!G43 -> mar/2026 | D38: =Custos!D43 -> COPASA | E38: =Custos!B43 -> Análise fisico-química da água | F38: =Custos!J43 -> 453.96 | G38: =Custos!H43 -> unidade | H38: =Serviços!G17 -> 0 | I38: =ROUND(H38*F38,2) -> 0 | J38: =ROUND(I38*K!$F$20,2) -> 0 | K38: =ROUND(J38/$J$45,4) -> 0
A39: b) | B39: =Custos!E44 -> 65001115 | C39: =Custos!G44 -> mar/2026 | D39: =Custos!D44 -> COPASA | E39: =Custos!B44 -> Analise bactereologica da água | F39: =Custos!J44 -> 179.28 | G39: =Custos!H44 -> unidade | H39: =Serviços!G18 -> 0 | I39: =ROUND(H39*F39,2) -> 0 | J39: =ROUND(I39*K!$F$20,2) -> 0 | K39: =ROUND(J39/$J$45,4) -> 0
A40: 4. | B40: DESPESAS DIVERSAS | J40: =J42 -> 0 | K40: =J40/$J$45 -> 0
A42: 4.1 | B42: OUTRAS DESPESAS | J42: =SUM(J43:J43) -> 0 | K42: =SUM(K43:K43) -> 0
A43: a) | B43: =Custos!F46 -> - | C43: =Custos!G46 -> jan/2026 | D43: =Custos!D46 -> SICOR-MG | E43: =Custos!B46 -> Veículo tipo picape leve, com capacidade para cinco (5) lugares, obedecidos os seguintes requisitos mínimos: ter no máximo um (1) ano de uso, até 20.000km rodados, potência mínima de 100cv, direção assistida, ar condicionado, desembaçador de vidros, rádio am/fm, emplacado, com seguro total, inclusive manutenção e combustível (custo variável) | F43: =Custos!J46 -> 1.02 | G43: ='P1'!G43 -> R$/dia | H43: 0 | I43: =ROUND(H43*F43,2) -> 0 | J43: =ROUND(I43*K!$F$20,2) -> 0 | K43: =ROUND(J43/$J$45,4) -> 0
A45: VALOR TOTAL - Inclusos K's | I45: R$ | J45: =ROUND((J7+J14+J21+J40),2) -> 93103.16 | K45: =K7+K14+K21+K40 -> 1
A47: Observações:
A48: 1- | B48: Os K's foram calculados através de fórmulas estabelecidas pelo Acórdão 1787/2011. Os parâmetros utilizados foram estabelecidos pela Nota Técnica Conjunta nº 01/2012/SIP/SAF da Agência Nacional de Águas.
A49: 2- | B49: A remuneração horária é determinada dividindo-se o valor da remuneração mensal pela carga horária efetivamente trabalhada.

Sheet P6
D1: ORÇAMENTO PARA ELABORAÇÃO DE PROJETO DE SISTEMA DE ESGOTAMENTO SANITÁRIO
A2: Produto 6: | C2: ='Horas trabalhadas'!H8 -> Estudos Geotécnicos | J2: Data: | K2: ='Dados Básicos do município'!H4 -> 46170
A3: Comitê: | C3: ='Dados Básicos do município'!B5 -> CBH-PIRANGA
A4: Município: | C4: ='Dados Básicos do município'!B6 -> São Miguel do Anta/MG
A6: Item | B6: Código | C6: Data-Base | D6: Órgão | E6: Descrição | F6: Custo unitário (R$) | H6: Quantitativo | I6: Custo total (R$) | J6: Custo total com K (R$) | K6: Peso (%)
A7: 1 | B7: EQUIPE TÉCNICA | J7: =J9 -> 8652.22 | K7: =J7/$J$45 -> 0.20573802
A9: 1.1 | B9: PERMANENTE | J9: =SUM(J10:J12) -> 8652.22 | K9: =SUM(K10:K12) -> 0.2058
A10: a) | B10: ='P1'!B10 -> P8061 | C10: =Custos!G13 -> jan/2026 | D10: =Custos!$D$13 -> DNIT | E10: =Custos!B13 -> Engenheiro Coordenador | F10: =Custos!J13 -> 131.97 | G10: hora | H10: ='Horas trabalhadas'!H9 -> 19.38 | I10: =ROUND(F10*H10,2) -> 2557.58 | J10: =ROUND(I10*K!$F$19,2) -> 6445.1 | K10: =ROUND(J10/$J$45,4) -> 0.1533
A11: b) | B11: ='P1'!B11 -> P8066 | C11: =Custos!G14 -> jan/2026 | D11: =Custos!D14 -> DNIT | E11: =Custos!B14 -> Engenheiro de Projetos Pleno | F11: =Custos!J14 -> 99.01 | G11: hora | H11: ='Horas trabalhadas'!H10 -> 0 | I11: =ROUND(F11*H11,2) -> 0 | J11: =ROUND(I11*K!$F$19,2) -> 0 | K11: =ROUND(J11/$J$45,4) -> 0
A12: c) | B12: ='P1'!B12 -> P8026 | C12: =Custos!G15 -> jan/2026 | D12: =Custos!D15 -> DNIT | E12: =Custos!B15 -> Auxiliar Administrativo | F12: =Custos!J15 -> 13.56 | G12: hora | H12: ='Horas trabalhadas'!H11 -> 64.59 | I12: =ROUND(F12*H12,2) -> 875.84 | J12: =ROUND(I12*K!$F$19,2) -> 2207.12 | K12: =ROUND(J12/$J$45,4) -> 0.0525
A14: 2 | B14: CONSULTORES | J14: =J16 -> 0 | K14: =J14/$J$45 -> 0
A16: 2.1 | B16: CONSULTORES | J16: =SUM(J17:J19) -> 0 | K16: =SUM(K17:K19) -> 0
A17: a) | B17: ='P1'!B17 -> P8067 | C17: =Custos!G20 -> jan/2026 | D17: =Custos!D20 -> DNIT | E17: =Custos!B20 -> Engenheiro de Projetos (Elétrico) | F17: =Custos!J20 -> 115.11 | G17: hora | H17: ='Horas trabalhadas'!H12 -> 0 | I17: =ROUND(F17*H17,2) -> 0 | J17: =ROUND(I17*K!$F$19,2) -> 0 | K17: =ROUND(J17/$J$45,4) -> 0
A18: b) | B18: ='P1'!B18 -> P8067 | C18: =Custos!G21 -> jan/2026 | D18: =Custos!D21 -> DNIT | E18: =Custos!B21 -> Engenheiro de Projeto (Calculista) | F18: =Custos!J21 -> 115.11 | G18: hora | H18: ='Horas trabalhadas'!H13 -> 0 | I18: =ROUND(F18*H18,2) -> 0 | J18: =ROUND(I18*K!$F$19,2) -> 0 | K18: =ROUND(J18/$J$45,4) -> 0
A19: c) | B19: ='P1'!B19 -> P8059 | C19: =Custos!G22 -> jan/2026 | D19: =Custos!D22 -> DNIT | E19: =Custos!B22 -> Engenheiro ambiental | F19: =Custos!J22 -> 120.83 | G19: hora | H19: ='Horas trabalhadas'!H14 -> 0 | I19: =ROUND(F19*H19,2) -> 0 | J19: =ROUND(I19*K!$F$19,2) -> 0 | K19: =ROUND(J19/$J$45,4) -> 0
A21: 3 | B21: SERVIÇOS DE APOIO TÉCNICO | J21: =J23+J28+J33+J37 -> 28016.06 | K21: =J21/$J$45 -> 0.6661838
A23: 3.1 | B23: SERVIÇOS DE TOPOGRAFIA | J23: =SUM(J24:J26) -> 0 | K23: =SUM(K24:K26) -> 0
A24: a) | B24: ='P1'!B24 -> 65003710 | C24: =Custos!G32 -> mar/2026 | D24: =Custos!D32 -> COPASA | E24: =Custos!B32 -> Mobilização e desmobilização de equipe de topografia | F24: =Custos!J32 -> 5.32 | G24: =Custos!H32 -> km | H24: =Serviços!H9 -> 0 | I24: =ROUND(F24*H24,2) -> 0 | J24: =ROUND(I24*K!$F$20,2) -> 0 | K24: =ROUND(J24/$J$45,4) -> 0
A25: b) | B25: ='P1'!B25 -> 65001667 | C25: =Custos!G33 -> mar/2026 | D25: =Custos!D33 -> COPASA | E25: =Custos!B33 -> Equipe de topografia de campo | F25: =Custos!J33 -> 58490.33 | G25: =Custos!H33 -> mês | H25: =Serviços!H10 -> 0 | I25: =ROUND(F25*H25,2) -> 0 | J25: =ROUND(I25*K!$F$20,2) -> 0 | K25: =ROUND(J25/$J$45,4) -> 0
A26: c) | B26: ='P1'!B26 -> 65001668 | C26: =Custos!G34 -> mar/2026 | D26: =Custos!D34 -> COPASA | E26: =Custos!B34 -> Equipe de topografia de escritório | F26: =Custos!J34 -> 31279.74 | G26: =Custos!H34 -> mês | H26: =Serviços!H11 -> 0 | I26: =ROUND(F26*H26,2) -> 0 | J26: =ROUND(I26*K!$F$20,2) -> 0 | K26: =ROUND(J26/$J$45,4) -> 0
A28: 3.2 | B28: SERVIÇOS DE SONDAGEM | J28: =SUM(J29:J31) -> 28016.06 | K28: =SUM(K30:K30) -> 0.1532
A29: a) | B29: ='P1'!B29 -> 65001207 | C29: =Custos!G27 -> mar/2026 | D29: =Custos!D27 -> COPASA | E29: =Custos!B27 -> Sondagem a percussao - mobilizacao e desmobilizacao | F29: =Custos!J27 -> 1417.53 | G29: =Custos!H27 -> unidade | H29: =Serviços!H14 -> 1 | I29: =ROUND(F29*H29,2) -> 1417.53 | J29: =ROUND(I29*K!$F$20,2) -> 1800.26 | K29: =ROUND(J29/$J$45,4) -> 0.0428
A30: b) | B30: ='P1'!B30 -> 65001209 | C30: =Custos!G28 -> mar/2026 | D30: =Custos!D28 -> COPASA | E30: =Custos!B28 -> Sondagem a percussao - instalacao por furo | F30: =Custos!J28 -> 506.64 | G30: =Custos!H28 -> unidade | H30: =Serviços!H15 -> 10.01 | I30: =ROUND(F30*H30,2) -> 5071.47 | J30: =ROUND(I30*K!$F$20,2) -> 6440.77 | K30: =ROUND(J30/$J$45,4) -> 0.1532
A31: c) | B31: ='P1'!B31 -> 65001210 | C31: =Custos!G29 -> mar/2026 | D31: =Custos!D29 -> COPASA | E31: =Custos!B29 -> Sondagem a percussao ø2.1/2" - perfuracao e retirada de amostras | F31: =Custos!J29 -> 155.6 | G31: =Custos!H29 -> m | H31: =Serviços!H16 -> 100.07 | I31: =ROUND(F31*H31,2) -> 15570.89 | J31: =ROUND(I31*K!$F$20,2) -> 19775.03 | K31: =ROUND(J31/$J$45,4) -> 0.4702
A33: 3.3 | B33: CADASTRO TÉCNICO | J33: =SUM(J34:J35) -> 0 | K33: =SUM(K34:K35) -> 0
A34: a) | B34: ='P1'!B34 -> 65001667 | C34: =Custos!G37 -> mar/2026 | D34: =Custos!D37 -> COPASA | E34: =Custos!B37 -> Equipe de topografia de campo | F34: =Custos!J37 -> 58490.33 | G34: =Custos!H37 -> mês | H34: =Serviços!H12 -> 0 | I34: =ROUND(F34*H34,2) -> 0 | J34: =ROUND(I34*K!$F$20,2) -> 0 | K34: =ROUND(J34/$J$45,4) -> 0
A35: b) | B35: ='P1'!B35 -> 65001668 | C35: =Custos!G38 -> mar/2026 | D35: =Custos!D38 -> COPASA | E35: =Custos!B38 -> Equipe de topografia de escritório | F35: =Custos!J38 -> 31279.74 | G35: =Custos!H38 -> mês | H35: =Serviços!H13 -> 0 | I35: =ROUND(F35*H35,2) -> 0 | J35: =ROUND(I35*K!$F$20,2) -> 0 | K35: =ROUND(J35/$J$45,4) -> 0
A37: 3.4 | B37: ANÁLISE DE ÁGUA | J37: =SUM(J38:J39) -> 0 | K37: =SUM(K38:K39) -> 0
A38: a) | B38: =Custos!E43 -> 65001114 | C38: =Custos!G43 -> mar/2026 | D38: =Custos!D43 -> COPASA | E38: =Custos!B43 -> Análise fisico-química da água | F38: =Custos!J43 -> 453.96 | G38: =Custos!H43 -> unidade | H38: =Serviços!H17 -> 0 | I38: =ROUND(F38*H38,2) -> 0 | J38: =ROUND(I38*K!$F$20,2) -> 0 | K38: =ROUND(J38/$J$45,4) -> 0
A39: b) | B39: =Custos!E44 -> 65001115 | C39: =Custos!G44 -> mar/2026 | D39: =Custos!D44 -> COPASA | E39: =Custos!B44 -> Analise bactereologica da água | F39: =Custos!J44 -> 179.28 | G39: =Custos!H44 -> unidade | H39: =Serviços!H18 -> 0 | I39: =ROUND(F39*H39,2) -> 0 | J39: =ROUND(I39*K!$F$20,2) -> 0 | K39: =ROUND(J39/$J$45,4) -> 0
A40: 4. | B40: DESPESAS DIVERSAS | J40: =J42 -> 5386.27 | K40: =J40/$J$45 -> 0.12807817
A42: 4.1 | B42: OUTRAS DESPESAS | J42: =SUM(J43:J43) -> 5386.27 | K42: =SUM(K43:K43) -> 0.1281
A43: a) | B43: =Custos!F46 -> - | C43: =Custos!G46 -> jan/2026 | D43: =Custos!D46 -> SICOR-MG | E43: =Custos!B46 -> Veículo tipo picape leve, com capacidade para cinco (5) lugares, obedecidos os seguintes requisitos mínimos: ter no máximo um (1) ano de uso, até 20.000km rodados, potência mínima de 100cv, direção assistida, ar condicionado, desembaçador de vidros, rádio am/fm, emplacado, com seguro total, inclusive manutenção e combustível (custo variável) | F43: =Custos!J46 -> 1.02 | G43: ='P1'!G43 -> R$/dia | H43: =Deslocamento!E19*Deslocamento!F19 -> 4158 | I43: =ROUND(F43*H43,2) -> 4241.16 | J43: =ROUND(I43*K!$F$20,2) -> 5386.27 | K43: =ROUND(J43/$J$45,4) -> 0.1281
A45: VALOR TOTAL - Inclusos K's | I45: R$ | J45: =ROUND((J7+J14+J21+J40),2) -> 42054.55 | K45: =K7+K14+K21+K40 -> 1
A47: Observações:
A48: 1- | B48: Os K's foram calculados através de fórmulas estabelecidas pelo Acórdão 1787/2011. Os parâmetros utilizados foram estabelecidos pela Nota Técnica Conjunta nº 01/2012/SIP/SAF da Agência Nacional de Águas.
A49: 2- | B49: A remuneração horária é determinada dividindo-se o valor da remuneração mensal pela carga horária efetivamente trabalhada.

Sheet P7a
D1: ORÇAMENTO PARA ELABORAÇÃO DE PROJETO DE SISTEMA DE ESGOTAMENTO SANITÁRIO
A2: Produto 7a: | C2: =_xlfn.CONCAT('Horas trabalhadas'!I8) -> Estudos Ambientais Preliminares | J2: Data: | K2: ='Dados Básicos do município'!H4 -> 46170
A3: Comitê: | C3: ='Dados Básicos do município'!B5 -> CBH-PIRANGA
A4: Município: | C4: ='Dados Básicos do município'!B6 -> São Miguel do Anta/MG
A6: Item | B6: Código | C6: Data-Base | D6: Órgão | E6: Descrição | F6: Custo unitário (R$) | H6: Quantitativo | I6: Custo total (R$) | J6: Custo total com K (R$) | K6: Peso (%)
A7: 1 | B7: EQUIPE TÉCNICA | J7: =J9 -> 4224.18 | K7: =J7/$J$45 -> 0.30541613
A9: 1.1 | B9: PERMANENTE | J9: =SUM(J10:J12) -> 4224.18 | K9: =SUM(K10:K12) -> 0.30541613
A10: a) | B10: ='P1'!B10 -> P8061 | C10: =Custos!G13 -> jan/2026 | D10: =Custos!$D$13 -> DNIT | E10: =Custos!B13 -> Engenheiro Coordenador | F10: =Custos!J13 -> 131.97 | G10: hora | H10: ='Horas trabalhadas'!I9 -> 9.46 | I10: =ROUND(H10*F10,2) -> 1248.44 | J10: =ROUND(I10*K!$F$19,2) -> 3146.07 | K10: =J10/$J$45 -> 0.22746676
A11: b) | B11: ='P1'!B11 -> P8066 | C11: =Custos!G14 -> jan/2026 | D11: =Custos!D14 -> DNIT | E11: =Custos!B14 -> Engenheiro de Projetos Pleno | F11: =Custos!J14 -> 99.01 | G11: hora | H11: ='Horas trabalhadas'!I10 -> 0 | I11: =ROUND(H11*F11,2) -> 0 | J11: =ROUND(I11*K!$F$19,2) -> 0 | K11: =J11/$J$45 -> 0
A12: c) | B12: ='P1'!B12 -> P8026 | C12: =Custos!G15 -> jan/2026 | D12: =Custos!D15 -> DNIT | E12: =Custos!B15 -> Auxiliar Administrativo | F12: =Custos!J15 -> 13.56 | G12: hora | H12: ='Horas trabalhadas'!I11 -> 31.55 | I12: =ROUND(H12*F12,2) -> 427.82 | J12: =ROUND(I12*K!$F$19,2) -> 1078.11 | K12: =J12/$J$45 -> 0.077949374
A14: 2 | B14: CONSULTORES | J14: =J16 -> 9606.72 | K14: =J14/$J$45 -> 0.69458387
A16: 2.1 | B16: CONSULTORES | J16: =SUM(J17:J19) -> 9606.72 | K16: =SUM(K17:K19) -> 0.69458387
A17: a) | B17: ='P1'!B17 -> P8067 | C17: =Custos!G20 -> jan/2026 | D17: =Custos!D20 -> DNIT | E17: =Custos!B20 -> Engenheiro de Projetos (Elétrico) | F17: =Custos!J20 -> 115.11 | G17: hora | H17: ='Horas trabalhadas'!I12 -> 0 | I17: =ROUND(H17*F17,2) -> 0 | J17: =ROUND(I17*K!$F$19,2) -> 0 | K17: =J17/$J$45 -> 0
A18: b) | B18: ='P1'!B18 -> P8067 | C18: =Custos!G21 -> jan/2026 | D18: =Custos!D21 -> DNIT | E18: =Custos!B21 -> Engenheiro de Projeto (Calculista) | F18: =Custos!J21 -> 115.11 | G18: hora | H18: ='Horas trabalhadas'!I13 -> 0 | I18: =ROUND(H18*F18,2) -> 0 | J18: =ROUND(I18*K!$F$19,2) -> 0 | K18: =J18/$J$45 -> 0
A19: c) | B19: ='P1'!B19 -> P8059 | C19: =Custos!G22 -> jan/2026 | D19: =Custos!D22 -> DNIT | E19: =Custos!B22 -> Engenheiro ambiental | F19: =Custos!J22 -> 120.83 | G19: hora | H19: ='Horas trabalhadas'!I14 -> 31.55 | I19: =ROUND(H19*F19,2) -> 3812.19 | J19: =ROUND(I19*K!$F$19,2) -> 9606.72 | K19: =J19/$J$45 -> 0.69458387
A21: 3 | B21: SERVIÇOS DE APOIO TÉCNICO | J21: =J23+J28+J33+J37 -> 0 | K21: =J21/$J$45 -> 0
A23: 3.1 | B23: SERVIÇOS DE TOPOGRAFIA | J23: =SUM(J24:J26) -> 0 | K23: =SUM(K24:K26) -> 0
A24: a) | B24: ='P1'!B24 -> 65003710 | C24: =Custos!G32 -> mar/2026 | D24: =Custos!D32 -> COPASA | E24: =Custos!B32 -> Mobilização e desmobilização de equipe de topografia | F24: =Custos!J32 -> 5.32 | G24: =Custos!H32 -> km | H24: 0 | I24: =ROUND(H24*F24,2) -> 0 | J24: =ROUND(I24*K!$F$20,2) -> 0 | K24: =J24/$J$45 -> 0
A25: b) | B25: ='P1'!B25 -> 65001667 | C25: =Custos!G33 -> mar/2026 | D25: =Custos!D33 -> COPASA | E25: =Custos!B33 -> Equipe de topografia de campo | F25: =Custos!J33 -> 58490.33 | G25: =Custos!H33 -> mês | H25: 0 | I25: =ROUND(H25*F25,2) -> 0 | J25: =ROUND(I25*K!$F$20,2) -> 0 | K25: =J25/$J$45 -> 0
A26: c) | B26: ='P1'!B26 -> 65001668 | C26: =Custos!G34 -> mar/2026 | D26: =Custos!D34 -> COPASA | E26: =Custos!B34 -> Equipe de topografia de escritório | F26: =Custos!J34 -> 31279.74 | G26: =Custos!H34 -> mês | H26: 0 | I26: =ROUND(H26*F26,2) -> 0 | J26: =ROUND(I26*K!$F$20,2) -> 0 | K26: =J26/$J$45 -> 0
A28: 3.2 | B28: SERVIÇOS DE SONDAGEM | J28: =SUM(J30:J30) -> 0 | K28: =SUM(K30:K30) -> 0
A29: a) | B29: ='P1'!B29 -> 65001207 | C29: =Custos!G27 -> mar/2026 | D29: =Custos!D27 -> COPASA | E29: =Custos!B27 -> Sondagem a percussao - mobilizacao e desmobilizacao | F29: =Custos!J27 -> 1417.53 | G29: =Custos!H27 -> unidade | H29: 0 | I29: =ROUND(H29*F29,2) -> 0 | J29: =ROUND(I29*K!$F$20,2) -> 0 | K29: =J29/$J$45 -> 0
A30: b) | B30: ='P1'!B30 -> 65001209 | C30: =Custos!G28 -> mar/2026 | D30: =Custos!D28 -> COPASA | E30: =Custos!B28 -> Sondagem a percussao - instalacao por furo | F30: =Custos!J28 -> 506.64 | G30: =Custos!H28 -> unidade | H30: 0 | I30: =ROUND(H30*F30,2) -> 0 | J30: =ROUND(I30*K!$F$20,2) -> 0 | K30: =J30/$J$45 -> 0
A31: c) | B31: ='P1'!B31 -> 65001210 | C31: =Custos!G29 -> mar/2026 | D31: =Custos!D29 -> COPASA | E31: =Custos!B29 -> Sondagem a percussao ø2.1/2" - perfuracao e retirada de amostras | F31: =Custos!J29 -> 155.6 | G31: =Custos!H29 -> m | H31: 0 | I31: =ROUND(H31*F31,2) -> 0 | J31: =ROUND(I31*K!$F$20,2) -> 0 | K31: =J31/$J$45 -> 0
A33: 3.3 | B33: CADASTRO TÉCNICO | J33: =SUM(J34:J35) -> 0 | K33: =SUM(K34:K35) -> 0
A34: a) | B34: ='P1'!B34 -> 65001667 | C34: =Custos!G37 -> mar/2026 | D34: =Custos!D37 -> COPASA | E34: =Custos!B37 -> Equipe de topografia de campo | F34: =Custos!J37 -> 58490.33 | G34: =Custos!H37 -> mês | H34: 0 | I34: =ROUND(H34*F34,2) -> 0 | J34: =ROUND(I34*K!$F$20,2) -> 0 | K34: =J34/$J$45 -> 0
A35: b) | B35: ='P1'!B35 -> 65001668 | C35: =Custos!G38 -> mar/2026 | D35: =Custos!D38 -> COPASA | E35: =Custos!B38 -> Equipe de topografia de escritório | F35: =Custos!J38 -> 31279.74 | G35: =Custos!H38 -> mês | H35: 0 | I35: =ROUND(H35*F35,2) -> 0 | J35: =ROUND(I35*K!$F$20,2) -> 0 | K35: =J35/$J$45 -> 0
A37: 3.4 | B37: ANÁLISE DE ÁGUA | J37: =SUM(J38:J39) -> 0 | K37: =SUM(K38:K39) -> 0
A38: a) | B38: =Custos!E43 -> 65001114 | C38: =Custos!G43 -> mar/2026 | D38: =Custos!D43 -> COPASA | E38: =Custos!B43 -> Análise fisico-química da água | F38: =Custos!J43 -> 453.96 | G38: =Custos!H43 -> unidade | H38: =Serviços!I17 -> 0 | I38: =ROUND(H38*F38,2) -> 0 | J38: =ROUND(I38*K!$F$20,2) -> 0 | K38: =J38/$J$45 -> 0
A39: b) | B39: =Custos!E44 -> 65001115 | C39: =Custos!G44 -> mar/2026 | D39: =Custos!D44 -> COPASA | E39: =Custos!B44 -> Analise bactereologica da água | F39: =Custos!J44 -> 179.28 | G39: =Custos!H44 -> unidade | H39: =Serviços!I18 -> 0 | I39: =ROUND(H39*F39,2) -> 0 | J39: =ROUND(I39*K!$F$20,2) -> 0 | K39: =J39/$J$45 -> 0
A40: 4. | B40: DESPESAS DIVERSAS | J40: =J42 -> 0 | K40: =J40/$J$45 -> 0
A42: 4.1 | B42: OUTRAS DESPESAS | J42: =SUM(J43:J43) -> 0 | K42: =SUM(K43:K43) -> 0
A43: a) | B43: =Custos!F46 -> - | C43: =Custos!G46 -> jan/2026 | D43: =Custos!D46 -> SICOR-MG | E43: =Custos!B46 -> Veículo tipo picape leve, com capacidade para cinco (5) lugares, obedecidos os seguintes requisitos mínimos: ter no máximo um (1) ano de uso, até 20.000km rodados, potência mínima de 100cv, direção assistida, ar condicionado, desembaçador de vidros, rádio am/fm, emplacado, com seguro total, inclusive manutenção e combustível (custo variável) | F43: ='Produto Consolidado'!F43 -> 1.02 | G43: ='P1'!G43 -> R$/dia | H43: 0 | I43: =ROUND(H43*F43,2) -> 0 | J43: =ROUND(I43*K!$F$20,2) -> 0 | K43: =J43/$J$45 -> 0
A45: VALOR TOTAL - Inclusos K's | I45: R$ | J45: =ROUND((J7+J14+J21+J40),2) -> 13830.9 | K45: =K7+K14+K21+K40 -> 1
A47: Observações:
A48: 1- | B48: Os K's foram calculados através de fórmulas estabelecidas pelo Acórdão 1787/2011. Os parâmetros utilizados foram estabelecidos pela Nota Técnica Conjunta nº 01/2012/SIP/SAF da Agência Nacional de Águas.
A49: 2- | B49: A remuneração horária é determinada dividindo-se o valor da remuneração mensal pela carga horária efetivamente trabalhada.

Sheet P7b
D1: =P7a!D1 -> ORÇAMENTO PARA ELABORAÇÃO DE PROJETO DE SISTEMA DE ESGOTAMENTO SANITÁRIO
A2: Produto 7: | C2: =_xlfn.CONCAT('Horas trabalhadas'!J8) -> Estudos Ambientais Consolidados | J2: Data: | K2: ='Dados Básicos do município'!H4 -> 46170
A3: Comitê: | C3: ='Dados Básicos do município'!B5 -> CBH-PIRANGA
A4: Município: | C4: ='Dados Básicos do município'!B6 -> São Miguel do Anta/MG
A6: Item | B6: Código | C6: Data-Base | D6: Órgão | E6: Descrição | F6: Custo unitário (R$) | H6: Quantitativo | I6: Custo total (R$) | J6: Custo total com K (R$) | K6: Peso (%)
A7: 1 | B7: EQUIPE TÉCNICA | J7: =J9 -> 8652.22 | K7: =J7/$J$45 -> 0.30552347
A9: 1.1 | B9: PERMANENTE | J9: =SUM(J10:J12) -> 8652.22 | K9: =SUM(K10:K12) -> 0.3055
A10: a) | B10: ='P1'!B10 -> P8061 | C10: =Custos!G13 -> jan/2026 | D10: =Custos!$D$13 -> DNIT | E10: =Custos!B13 -> Engenheiro Coordenador | F10: =Custos!J13 -> 131.97 | G10: hora | H10: ='Horas trabalhadas'!J9 -> 19.38 | I10: =ROUND(H10*F10,2) -> 2557.58 | J10: =ROUND(I10*K!$F$19,2) -> 6445.1 | K10: =ROUND(J10/$J$45,4) -> 0.2276
A11: b) | B11: ='P1'!B11 -> P8066 | C11: =Custos!G14 -> jan/2026 | D11: =Custos!D14 -> DNIT | E11: =Custos!B14 -> Engenheiro de Projetos Pleno | F11: =Custos!J14 -> 99.01 | G11: hora | H11: ='Horas trabalhadas'!J10 -> 0 | I11: =ROUND(H11*F11,2) -> 0 | J11: =ROUND(I11*K!$F$19,2) -> 0 | K11: =ROUND(J11/$J$45,4) -> 0
A12: c) | B12: ='P1'!B12 -> P8026 | C12: =Custos!G15 -> jan/2026 | D12: =Custos!D15 -> DNIT | E12: =Custos!B15 -> Auxiliar Administrativo | F12: =Custos!J15 -> 13.56 | G12: hora | H12: ='Horas trabalhadas'!J11 -> 64.59 | I12: =ROUND(H12*F12,2) -> 875.84 | J12: =ROUND(I12*K!$F$19,2) -> 2207.12 | K12: =ROUND(J12/$J$45,4) -> 0.0779
A14: 2 | B14: CONSULTORES | J14: =J16 -> 19667.11 | K14: =J14/$J$45 -> 0.69447653
A16: 2.1 | B16: CONSULTORES | J16: =SUM(J17:J19) -> 19667.11 | K16: =SUM(K17:K19) -> 0.6945
A17: a) | B17: ='P1'!B17 -> P8067 | C17: =Custos!G20 -> jan/2026 | D17: =Custos!D20 -> DNIT | E17: =Custos!B20 -> Engenheiro de Projetos (Elétrico) | F17: =Custos!J20 -> 115.11 | G17: hora | H17: ='Horas trabalhadas'!J12 -> 0 | I17: =ROUND(H17*F17,2) -> 0 | J17: =ROUND(I17*K!$F$19,2) -> 0 | K17: =ROUND(J17/$J$45,4) -> 0
A18: b) | B18: ='P1'!B18 -> P8067 | C18: =Custos!G21 -> jan/2026 | D18: =Custos!D21 -> DNIT | E18: =Custos!B21 -> Engenheiro de Projeto (Calculista) | F18: =Custos!J21 -> 115.11 | G18: hora | H18: ='Horas trabalhadas'!J13 -> 0 | I18: =ROUND(H18*F18,2) -> 0 | J18: =ROUND(I18*K!$F$19,2) -> 0 | K18: =ROUND(J18/$J$45,4) -> 0
A19: c) | B19: ='P1'!B19 -> P8059 | C19: =Custos!G22 -> jan/2026 | D19: =Custos!D22 -> DNIT | E19: =Custos!B22 -> Engenheiro ambiental | F19: =Custos!J22 -> 120.83 | G19: hora | H19: ='Horas trabalhadas'!J14 -> 64.59 | I19: =ROUND(H19*F19,2) -> 7804.41 | J19: =ROUND(I19*K!$F$19,2) -> 19667.11 | K19: =ROUND(J19/$J$45,4) -> 0.6945
A21: 3 | B21: SERVIÇOS DE APOIO TÉCNICO | J21: =J23+J28+J33+J37 -> 0 | K21: =J21/$J$45 -> 0
A23: 3.1 | B23: SERVIÇOS DE TOPOGRAFIA | J23: =SUM(J24:J26) -> 0 | K23: =SUM(K24:K26) -> 0
A24: a) | B24: ='P1'!B24 -> 65003710 | C24: =Custos!G32 -> mar/2026 | D24: =Custos!D32 -> COPASA | E24: =Custos!B32 -> Mobilização e desmobilização de equipe de topografia | F24: =Custos!J32 -> 5.32 | G24: =Custos!H32 -> km | H24: 0 | I24: =ROUND(H24*F24,2) -> 0 | J24: =ROUND(I24*K!$F$20,2) -> 0 | K24: =ROUND(J24/$J$45,4) -> 0
A25: b) | B25: ='P1'!B25 -> 65001667 | C25: =Custos!G33 -> mar/2026 | D25: =Custos!D33 -> COPASA | E25: =Custos!B33 -> Equipe de topografia de campo | F25: =Custos!J33 -> 58490.33 | G25: =Custos!H33 -> mês | H25: 0 | I25: =ROUND(H25*F25,2) -> 0 | J25: =ROUND(I25*K!$F$20,2) -> 0 | K25: =ROUND(J25/$J$45,4) -> 0
A26: c) | B26: ='P1'!B26 -> 65001668 | C26: =Custos!G34 -> mar/2026 | D26: =Custos!D34 -> COPASA | E26: =Custos!B34 -> Equipe de topografia de escritório | F26: =Custos!J34 -> 31279.74 | G26: =Custos!H34 -> mês | H26: 0 | I26: =ROUND(H26*F26,2) -> 0 | J26: =ROUND(I26*K!$F$20,2) -> 0 | K26: =ROUND(J26/$J$45,4) -> 0
A28: 3.2 | B28: SERVIÇOS DE SONDAGEM | J28: =SUM(J30:J30) -> 0 | K28: =SUM(K30:K30) -> 0
A29: a) | B29: ='P1'!B29 -> 65001207 | C29: =Custos!G27 -> mar/2026 | D29: =Custos!D27 -> COPASA | E29: =Custos!B27 -> Sondagem a percussao - mobilizacao e desmobilizacao | F29: =Custos!J27 -> 1417.53 | G29: =Custos!H27 -> unidade | H29: 0 | I29: =ROUND(H29*F29,2) -> 0 | J29: =ROUND(I29*K!$F$20,2) -> 0 | K29: =ROUND(J29/$J$45,4) -> 0
A30: b) | B30: ='P1'!B30 -> 65001209 | C30: =Custos!G28 -> mar/2026 | D30: =Custos!D28 -> COPASA | E30: =Custos!B28 -> Sondagem a percussao - instalacao por furo | F30: =Custos!J28 -> 506.64 | G30: =Custos!H28 -> unidade | H30: 0 | I30: =ROUND(H30*F30,2) -> 0 | J30: =ROUND(I30*K!$F$20,2) -> 0 | K30: =ROUND(J30/$J$45,4) -> 0
A31: c) | B31: ='P1'!B31 -> 65001210 | C31: =Custos!G29 -> mar/2026 | D31: =Custos!D29 -> COPASA | E31: =Custos!B29 -> Sondagem a percussao ø2.1/2" - perfuracao e retirada de amostras | F31: =Custos!J29 -> 155.6 | G31: =Custos!H29 -> m | H31: 0 | I31: =ROUND(H31*F31,2) -> 0 | J31: =ROUND(I31*K!$F$20,2) -> 0 | K31: =ROUND(J31/$J$45,4) -> 0
A33: 3.3 | B33: CADASTRO TÉCNICO | J33: =SUM(J34:J35) -> 0 | K33: =SUM(K34:K35) -> 0
A34: a) | B34: ='P1'!B34 -> 65001667 | C34: =Custos!G37 -> mar/2026 | D34: =Custos!D37 -> COPASA | E34: =Custos!B37 -> Equipe de topografia de campo | F34: =Custos!J37 -> 58490.33 | G34: =Custos!H37 -> mês | H34: 0 | I34: =ROUND(H34*F34,2) -> 0 | J34: =ROUND(I34*K!$F$20,2) -> 0 | K34: =ROUND(J34/$J$45,4) -> 0
A35: b) | B35: ='P1'!B35 -> 65001668 | C35: =Custos!G38 -> mar/2026 | D35: =Custos!D38 -> COPASA | E35: =Custos!B38 -> Equipe de topografia de escritório | F35: =Custos!J38 -> 31279.74 | G35: =Custos!H38 -> mês | H35: 0 | I35: =ROUND(H35*F35,2) -> 0 | J35: =ROUND(I35*K!$F$20,2) -> 0 | K35: =ROUND(J35/$J$45,4) -> 0
A37: 3.4 | B37: ANÁLISE DE ÁGUA | J37: =SUM(J38:J39) -> 0 | K37: =SUM(K38:K39) -> 0
A38: a) | B38: =Custos!E43 -> 65001114 | C38: =Custos!G43 -> mar/2026 | D38: =Custos!D43 -> COPASA | E38: =Custos!B43 -> Análise fisico-química da água | F38: =Custos!J43 -> 453.96 | G38: =Custos!H43 -> unidade | H38: =Serviços!I17 -> 0 | I38: =ROUND(H38*F38,2) -> 0 | J38: =ROUND(I38*K!$F$20,2) -> 0 | K38: =ROUND(J38/$J$45,4) -> 0
A39: b) | B39: =Custos!E44 -> 65001115 | C39: =Custos!G44 -> mar/2026 | D39: =Custos!D44 -> COPASA | E39: =Custos!B44 -> Analise bactereologica da água | F39: =Custos!J44 -> 179.28 | G39: =Custos!H44 -> unidade | H39: =Serviços!I18 -> 0 | I39: =ROUND(H39*F39,2) -> 0 | J39: =ROUND(I39*K!$F$20,2) -> 0 | K39: =ROUND(J39/$J$45,4) -> 0
A40: 4. | B40: DESPESAS DIVERSAS | J40: =J42 -> 0 | K40: =J40/$J$45 -> 0
A42: 4.1 | B42: OUTRAS DESPESAS | J42: =SUM(J43:J43) -> 0 | K42: =SUM(K43:K43) -> 0
A43: a) | B43: =Custos!F46 -> - | C43: =Custos!G46 -> jan/2026 | D43: =Custos!D46 -> SICOR-MG | E43: =Custos!B46 -> Veículo tipo picape leve, com capacidade para cinco (5) lugares, obedecidos os seguintes requisitos mínimos: ter no máximo um (1) ano de uso, até 20.000km rodados, potência mínima de 100cv, direção assistida, ar condicionado, desembaçador de vidros, rádio am/fm, emplacado, com seguro total, inclusive manutenção e combustível (custo variável) | F43: =Custos!J46 -> 1.02 | G43: ='P1'!G43 -> R$/dia | H43: 0 | I43: =ROUND(H43*F43,2) -> 0 | J43: =ROUND(I43*K!$F$20,2) -> 0 | K43: =ROUND(J43/$J$45,4) -> 0
A45: VALOR TOTAL - Inclusos K's | I45: R$ | J45: =ROUND((J7+J14+J21+J40),2) -> 28319.33 | K45: =K7+K14+K21+K40 -> 1
A47: Observações:
A48: 1- | B48: Os K's foram calculados através de fórmulas estabelecidas pelo Acórdão 1787/2011. Os parâmetros utilizados foram estabelecidos pela Nota Técnica Conjunta nº 01/2012/SIP/SAF da Agência Nacional de Águas.
A49: 2- | B49: A remuneração horária é determinada dividindo-se o valor da remuneração mensal pela carga horária efetivamente trabalhada.

Sheet P8
D1: =P7b!D1 -> ORÇAMENTO PARA ELABORAÇÃO DE PROJETO DE SISTEMA DE ESGOTAMENTO SANITÁRIO
A2: Produto 8: | C2: ='Horas trabalhadas'!K8 -> Projeto Executivo | J2: Data: | K2: ='Dados Básicos do município'!H4 -> 46170
A3: Comitê: | C3: ='Dados Básicos do município'!B5 -> CBH-PIRANGA
A4: Município: | C4: ='Dados Básicos do município'!B6 -> São Miguel do Anta/MG
A6: Item | B6: Código | C6: Data-Base | D6: Órgão | E6: Descrição | F6: Custo unitário (R$) | H6: Quantitativo | I6: Custo total (R$) | J6: Custo total com K (R$) | K6: Peso (%)
A7: 1 | B7: EQUIPE TÉCNICA | J7: =J9 -> 32808.02 | K7: =J7/$J$45 -> 0.36854993
A9: 1.1 | B9: PERMANENTE | J9: =SUM(J10:J12) -> 32808.02 | K9: =SUM(K10:K12) -> 0.3686
A10: a) | B10: ='P1'!B10 -> P8061 | C10: =Custos!G13 -> jan/2026 | D10: =Custos!$D$13 -> DNIT | E10: =Custos!B13 -> Engenheiro Coordenador | F10: =Custos!J13 -> 131.97 | G10: hora | H10: ='Horas trabalhadas'!K9 -> 38.76 | I10: =ROUND(H10*F10,2) -> 5115.16 | J10: =ROUND(I10*K!$F$19,2) -> 12890.2 | K10: =ROUND(J10/$J$45,4) -> 0.1448
A11: b) | B11: ='P1'!B11 -> P8066 | C11: =Custos!G14 -> jan/2026 | D11: =Custos!D14 -> DNIT | E11: =Custos!B14 -> Engenheiro de Projetos Pleno | F11: =Custos!J14 -> 99.01 | G11: hora | H11: ='Horas trabalhadas'!K10 -> 53.29 | I11: =ROUND(H11*F11,2) -> 5276.24 | J11: =ROUND(I11*K!$F$19,2) -> 13296.12 | K11: =ROUND(J11/$J$45,4) -> 0.1494
A12: c) | B12: ='P1'!B12 -> P8026 | C12: =Custos!G15 -> jan/2026 | D12: =Custos!D15 -> DNIT | E12: =Custos!B15 -> Auxiliar Administrativo | F12: =Custos!J15 -> 13.56 | G12: hora | H12: ='Horas trabalhadas'!K11 -> 193.78 | I12: =ROUND(H12*F12,2) -> 2627.66 | J12: =ROUND(I12*K!$F$19,2) -> 6621.7 | K12: =ROUND(J12/$J$45,4) -> 0.0744
A14: 2 | B14: CONSULTORES | J14: =J16 -> 56211.18 | K14: =J14/$J$45 -> 0.63145007
A16: 2.1 | B16: CONSULTORES | J16: =SUM(J17:J19) -> 56211.18 | K16: =SUM(K17:K19) -> 0.6314
A17: a) | B17: ='P1'!B17 -> P8067 | C17: =Custos!G20 -> jan/2026 | D17: =Custos!D20 -> DNIT | E17: =Custos!B20 -> Engenheiro de Projetos (Elétrico) | F17: =Custos!J20 -> 115.11 | G17: hora | H17: ='Horas trabalhadas'!K12 -> 96.89 | I17: =ROUND(H17*F17,2) -> 11153.01 | J17: =ROUND(I17*K!$F$19,2) -> 28105.59 | K17: =ROUND(J17/$J$45,4) -> 0.3157
A18: b) | B18: ='P1'!B18 -> P8067 | C18: =Custos!G21 -> jan/2026 | D18: =Custos!D21 -> DNIT | E18: =Custos!B21 -> Engenheiro de Projeto (Calculista) | F18: =Custos!J21 -> 115.11 | G18: hora | H18: ='Horas trabalhadas'!K13 -> 96.89 | I18: =ROUND(H18*F18,2) -> 11153.01 | J18: =ROUND(I18*K!$F$19,2) -> 28105.59 | K18: =ROUND(J18/$J$45,4) -> 0.3157
A19: c) | B19: ='P1'!B19 -> P8059 | C19: =Custos!G22 -> jan/2026 | D19: =Custos!D22 -> DNIT | E19: =Custos!B22 -> Engenheiro ambiental | F19: =Custos!J22 -> 120.83 | G19: hora | H19: ='Horas trabalhadas'!K14 -> 0 | I19: =ROUND(H19*F19,2) -> 0 | J19: =ROUND(I19*K!$F$19,2) -> 0 | K19: =ROUND(J19/$J$45,4) -> 0
A21: 3 | B21: SERVIÇOS DE APOIO TÉCNICO | J21: =J23+J28+J33+J37 -> 0 | K21: =J21/$J$45 -> 0
A23: 3.1 | B23: SERVIÇOS DE TOPOGRAFIA | J23: =SUM(J24:J26) -> 0 | K23: =SUM(K24:K26) -> 0
A24: a) | B24: ='P1'!B24 -> 65003710 | C24: =Custos!G32 -> mar/2026 | D24: =Custos!D32 -> COPASA | E24: =Custos!B32 -> Mobilização e desmobilização de equipe de topografia | F24: =Custos!J32 -> 5.32 | G24: =Custos!H32 -> km | H24: 0 | I24: =ROUND(H24*F24,2) -> 0 | J24: =ROUND(I24*K!$F$20,2) -> 0 | K24: =ROUND(J24/$J$45,4) -> 0
A25: b) | B25: ='P1'!B25 -> 65001667 | C25: =Custos!G33 -> mar/2026 | D25: =Custos!D33 -> COPASA | E25: =Custos!B33 -> Equipe de topografia de campo | F25: =Custos!J33 -> 58490.33 | G25: =Custos!H33 -> mês | H25: 0 | I25: =ROUND(H25*F25,2) -> 0 | J25: =ROUND(I25*K!$F$20,2) -> 0 | K25: =ROUND(J25/$J$45,4) -> 0
A26: c) | B26: ='P1'!B26 -> 65001668 | C26: =Custos!G34 -> mar/2026 | D26: =Custos!D34 -> COPASA | E26: =Custos!B34 -> Equipe de topografia de escritório | F26: =Custos!J34 -> 31279.74 | G26: =Custos!H34 -> mês | H26: 0 | I26: =ROUND(H26*F26,2) -> 0 | J26: =ROUND(I26*K!$F$20,2) -> 0 | K26: =ROUND(J26/$J$45,4) -> 0
A28: 3.2 | B28: SERVIÇOS DE SONDAGEM | J28: =SUM(J30:J30) -> 0 | K28: =SUM(K30:K30) -> 0
A29: a) | B29: ='P1'!B29 -> 65001207 | C29: =Custos!G27 -> mar/2026 | D29: =Custos!D27 -> COPASA | E29: =Custos!B27 -> Sondagem a percussao - mobilizacao e desmobilizacao | F29: =Custos!J27 -> 1417.53 | G29: =Custos!H27 -> unidade | H29: 0 | I29: =ROUND(H29*F29,2) -> 0 | J29: =ROUND(I29*K!$F$20,2) -> 0 | K29: =ROUND(J29/$J$45,4) -> 0
A30: b) | B30: ='P1'!B30 -> 65001209 | C30: =Custos!G28 -> mar/2026 | D30: =Custos!D28 -> COPASA | E30: =Custos!B28 -> Sondagem a percussao - instalacao por furo | F30: =Custos!J28 -> 506.64 | G30: =Custos!H28 -> unidade | H30: 0 | I30: =ROUND(H30*F30,2) -> 0 | J30: =ROUND(I30*K!$F$20,2) -> 0 | K30: =ROUND(J30/$J$45,4) -> 0
A31: c) | B31: ='P1'!B31 -> 65001210 | C31: =Custos!G29 -> mar/2026 | D31: =Custos!D29 -> COPASA | E31: =Custos!B29 -> Sondagem a percussao ø2.1/2" - perfuracao e retirada de amostras | F31: =Custos!J29 -> 155.6 | G31: =Custos!H29 -> m | H31: 0 | I31: =ROUND(H31*F31,2) -> 0 | J31: =ROUND(I31*K!$F$20,2) -> 0 | K31: =ROUND(J31/$J$45,4) -> 0
A33: 3.3 | B33: CADASTRO TÉCNICO | J33: =SUM(J34:J35) -> 0 | K33: =SUM(K34:K35) -> 0
A34: a) | B34: ='P1'!B34 -> 65001667 | C34: =Custos!G37 -> mar/2026 | D34: =Custos!D37 -> COPASA | E34: =Custos!B37 -> Equipe de topografia de campo | F34: =Custos!J37 -> 58490.33 | G34: =Custos!H37 -> mês | H34: 0 | I34: =ROUND(H34*F34,2) -> 0 | J34: =ROUND(I34*K!$F$20,2) -> 0 | K34: =ROUND(J34/$J$45,4) -> 0
A35: b) | B35: ='P1'!B35 -> 65001668 | C35: =Custos!G38 -> mar/2026 | D35: =Custos!D38 -> COPASA | E35: =Custos!B38 -> Equipe de topografia de escritório | F35: =Custos!J38 -> 31279.74 | G35: =Custos!H38 -> mês | H35: 0 | I35: =ROUND(H35*F35,2) -> 0 | J35: =ROUND(I35*K!$F$20,2) -> 0 | K35: =ROUND(J35/$J$45,4) -> 0
A37: 3.4 | B37: ANÁLISE DE ÁGUA | J37: =SUM(J38:J39) -> 0 | K37: =SUM(K38:K39) -> 0
A38: a) | B38: =Custos!E43 -> 65001114 | C38: =Custos!G43 -> mar/2026 | D38: =Custos!D43 -> COPASA | E38: =Custos!B43 -> Análise fisico-química da água | F38: =Custos!J43 -> 453.96 | G38: =Custos!H43 -> unidade | H38: =Serviços!J17 -> 0 | I38: =ROUND(H38*F38,2) -> 0 | J38: =ROUND(I38*K!$F$20,2) -> 0 | K38: =ROUND(J38/$J$45,4) -> 0
A39: b) | B39: =Custos!E44 -> 65001115 | C39: =Custos!G44 -> mar/2026 | D39: =Custos!D44 -> COPASA | E39: =Custos!B44 -> Analise bactereologica da água | F39: =Custos!J44 -> 179.28 | G39: =Custos!H44 -> unidade | H39: =Serviços!J18 -> 0 | I39: =ROUND(H39*F39,2) -> 0 | J39: =ROUND(I39*K!$F$20,2) -> 0 | K39: =ROUND(J39/$J$45,4) -> 0
A40: 4. | B40: DESPESAS DIVERSAS | J40: =J42 -> 0 | K40: =J40/$J$45 -> 0
A42: 4.1 | B42: OUTRAS DESPESAS | J42: =SUM(J43:J43) -> 0 | K42: =SUM(K43:K43) -> 0
A43: a) | B43: =Custos!F46 -> - | C43: =Custos!G46 -> jan/2026 | D43: =Custos!D46 -> SICOR-MG | E43: =Custos!B46 -> Veículo tipo picape leve, com capacidade para cinco (5) lugares, obedecidos os seguintes requisitos mínimos: ter no máximo um (1) ano de uso, até 20.000km rodados, potência mínima de 100cv, direção assistida, ar condicionado, desembaçador de vidros, rádio am/fm, emplacado, com seguro total, inclusive manutenção e combustível (custo variável) | F43: =Custos!J46 -> 1.02 | G43: ='P1'!G43 -> R$/dia | H43: 0 | I43: =ROUND(H43*F43,2) -> 0 | J43: =ROUND(I43*K!$F$20,2) -> 0 | K43: =ROUND(J43/$J$45,4) -> 0
A45: VALOR TOTAL - Inclusos K's | I45: R$ | J45: =ROUND((J7+J14+J21+J40),2) -> 89019.2 | K45: =K7+K14+K21+K40 -> 1
A47: Observações:
A48: 1- | B48: Os K's foram calculados através de fórmulas estabelecidas pelo Acórdão 1787/2011. Os parâmetros utilizados foram estabelecidos pela Nota Técnica Conjunta nº 01/2012/SIP/SAF da Agência Nacional de Águas.
A49: 2- | B49: A remuneração horária é determinada dividindo-se o valor da remuneração mensal pela carga horária efetivamente trabalhada.

Sheet Produto Consolidado
C1: ='P1'!C1:K1 -> ORÇAMENTO PARA ELABORAÇÃO DE PROJETOS DE SISTEMA DE ESGOTAMENTO SANITÁRIO
A2: Produto Consolidado | J2: Data: | K2: ='Dados Básicos do município'!H4 -> 46170
A3: Comitê: | C3: ='Dados Básicos do município'!B5 -> CBH-PIRANGA
A4: Município: | C4: ='Dados Básicos do município'!B6 -> São Miguel do Anta/MG
A6: Item | B6: Código | C6: Data-Base | D6: Órgão | E6: Descrição | F6: Custo unitário (R$) | H6: Quantitativo | I6: Custo total (R$) | J6: Custo total com K (R$) | K6: Peso (%)
A7: 1 | B7: EQUIPE TÉCNICA | J7: =J9 -> 204189.59 | K7: =J7/$J$45 -> 0.47310256
A9: 1.1 | B9: PERMANENTE | J9: =SUM(J10:J12) -> 204189.59 | K9: =SUM(K10:K12) -> 0.4731
A10: a) | B10: ='P1'!B10 -> P8061 | C10: =Custos!G13 -> jan/2026 | D10: =Custos!$D$13 -> DNIT | E10: =Custos!B13 -> Engenheiro Coordenador | F10: =Custos!J13 -> 131.97 | G10: hora | H10: ='P1'!H10+'P2'!H10+'P3'!H10+'P4'!H10+'P5'!H10+'P6'!H10+P7a!H10+P7b!H10+'P8'!H10 -> 286.03 | I10: ='P1'!I10+'P2'!I10+'P3'!I10+'P4'!I10+'P5'!I10+'P6'!I10+P7a!I10+P7b!I10+'P8'!I10 -> 37747.39 | J10: ='P1'!J10+'P2'!J10+'P3'!J10+'P4'!J10+'P5'!J10+'P6'!J10+P7a!J10+P7b!J10+'P8'!J10 -> 95123.42 | K10: =ROUND(J10/$J$45,4) -> 0.2204 | L10: ='Horas trabalhadas'!L9 -> 286.03
A11: b) | B11: ='P1'!B11 -> P8066 | C11: =Custos!G14 -> jan/2026 | D11: =Custos!D14 -> DNIT | E11: =Custos!B14 -> Engenheiro de Projetos Pleno | F11: =Custos!J14 -> 99.01 | G11: hora | H11: ='P1'!H11+'P2'!H11+'P3'!H11+'P4'!H11+'P5'!H11+'P6'!H11+P7a!H11+P7b!H11+'P8'!H11 -> 313.69 | I11: ='P1'!I11+'P2'!I11+'P3'!I11+'P4'!I11+'P5'!I11+'P6'!I11+P7a!I11+P7b!I11+'P8'!I11 -> 31058.45 | J11: ='P1'!J11+'P2'!J11+'P3'!J11+'P4'!J11+'P5'!J11+'P6'!J11+P7a!J11+P7b!J11+'P8'!J11 -> 78267.29 | K11: =ROUND(J11/$J$45,4) -> 0.1813
A12: c) | B12: ='P1'!B12 -> P8026 | C12: =Custos!G15 -> jan/2026 | D12: =Custos!D15 -> DNIT | E12: =Custos!B15 -> Auxiliar Administrativo | F12: =Custos!J15 -> 13.56 | G12: hora | H12: ='P1'!H12+'P2'!H12+'P3'!H12+'P4'!H12+'P5'!H12+'P6'!H12+P7a!H12+P7b!H12+'P8'!H12 -> 901.31 | I12: ='P1'!I12+'P2'!I12+'P3'!I12+'P4'!I12+'P5'!I12+'P6'!I12+P7a!I12+P7b!I12+'P8'!I12 -> 12221.77 | J12: ='P1'!J12+'P2'!J12+'P3'!J12+'P4'!J12+'P5'!J12+'P6'!J12+P7a!J12+P7b!J12+'P8'!J12 -> 30798.88 | K12: =ROUND(J12/$J$45,4) -> 0.0714
A14: 2 | B14: CONSULTORES | J14: =J16 -> 100389.19 | K14: =J14/$J$45 -> 0.23259943
A16: 2.1 | B16: CONSULTORES | J16: =SUM(J17:J19) -> 100389.19 | K16: =SUM(K17:K19) -> 0.2326
A17: a) | B17: ='P1'!B17 -> P8067 | C17: =Custos!G20 -> jan/2026 | D17: =Custos!D20 -> DNIT | E17: =Custos!B20 -> Engenheiro de Projetos (Elétrico) | F17: =Custos!J20 -> 115.11 | G17: hora | H17: ='P1'!H17+'P2'!H17+'P3'!H17+'P4'!H17+'P5'!H17+'P6'!H17+P7a!H17+P7b!H17+'P8'!H17 -> 122.58 | I17: ='P1'!I17+'P2'!I17+'P3'!I17+'P4'!I17+'P5'!I17+'P6'!I17+P7a!I17+P7b!I17+'P8'!I17 -> 14110.19 | J17: ='P1'!J17+'P2'!J17+'P3'!J17+'P4'!J17+'P5'!J17+'P6'!J17+P7a!J17+P7b!J17+'P8'!J17 -> 35557.68 | K17: =ROUND(J17/$J$45,4) -> 0.0824
A18: b) | B18: ='P1'!B18 -> P8067 | C18: =Custos!G21 -> jan/2026 | D18: =Custos!D21 -> DNIT | E18: =Custos!B21 -> Engenheiro de Projeto (Calculista) | F18: =Custos!J21 -> 115.11 | G18: hora | H18: ='P1'!H18+'P2'!H18+'P3'!H18+'P4'!H18+'P5'!H18+'P6'!H18+P7a!H18+P7b!H18+'P8'!H18 -> 122.58 | I18: ='P1'!I18+'P2'!I18+'P3'!I18+'P4'!I18+'P5'!I18+'P6'!I18+P7a!I18+P7b!I18+'P8'!I18 -> 14110.19 | J18: ='P1'!J18+'P2'!J18+'P3'!J18+'P4'!J18+'P5'!J18+'P6'!J18+P7a!J18+P7b!J18+'P8'!J18 -> 35557.68 | K18: =ROUND(J18/$J$45,4) -> 0.0824
A19: c) | B19: ='P1'!B19 -> P8059 | C19: =Custos!G22 -> jan/2026 | D19: =Custos!D22 -> DNIT | E19: =Custos!B22 -> Engenheiro ambiental | F19: =Custos!J22 -> 120.83 | G19: hora | H19: ='P1'!H19+'P2'!H19+'P3'!H19+'P4'!H19+'P5'!H19+'P6'!H19+P7a!H19+P7b!H19+'P8'!H19 -> 96.14 | I19: ='P1'!I19+'P2'!I19+'P3'!I19+'P4'!I19+'P5'!I19+'P6'!I19+P7a!I19+P7b!I19+'P8'!I19 -> 11616.6 | J19: ='P1'!J19+'P2'!J19+'P3'!J19+'P4'!J19+'P5'!J19+'P6'!J19+P7a!J19+P7b!J19+'P8'!J19 -> 29273.83 | K19: =ROUND(J19/$J$45,4) -> 0.0678
A21: 3 | B21: SERVIÇOS DE APOIO TÉCNICO | J21: =J23+J28+J33+J37 -> 110859.29 | K21: =J21/$J$45 -> 0.25685841
A23: 3.1 | B23: SERVIÇOS DE TOPOGRAFIA | J23: =SUM(J24:J26) -> 25542.09 | K23: =SUM(K24:K26) -> 0.0592
A24: a) | B24: ='P1'!B24 -> 65003710 | C24: =Custos!G32 -> mar/2026 | D24: =Custos!D32 -> COPASA | E24: =Custos!B32 -> Mobilização e desmobilização de equipe de topografia | F24: =Custos!J32 -> 5.32 | G24: =Custos!H32 -> km | H24: ='P1'!H24+'P2'!H24+'P3'!H24+'P4'!H24+'P5'!H24+'P6'!H24+P7a!H24+P7b!H24+'P8'!H24 -> 756 | I24: ='P1'!I24+'P2'!I24+'P3'!I24+'P4'!I24+'P5'!I24+'P6'!I24+P7a!I24+P7b!I24+'P8'!I24 -> 4021.92 | J24: ='P1'!J24+'P2'!J24+'P3'!J24+'P4'!J24+'P5'!J24+'P6'!J24+P7a!J24+P7b!J24+'P8'!J24 -> 5107.84 | K24: =ROUND(J24/$J$45,4) -> 0.0118
A25: b) | B25: ='P1'!B25 -> 65001667 | C25: =Custos!G33 -> mar/2026 | D25: =Custos!D33 -> COPASA | E25: =Custos!B33 -> Equipe de topografia de campo | F25: =Custos!J33 -> 58490.33 | G25: =Custos!H33 -> mês | H25: ='P1'!H25+'P2'!H25+'P3'!H25+'P4'!H25+'P5'!H25+'P6'!H25+P7a!H25+P7b!H25+'P8'!H25 -> 0.12 | I25: ='P1'!I25+'P2'!I25+'P3'!I25+'P4'!I25+'P5'!I25+'P6'!I25+P7a!I25+P7b!I25+'P8'!I25 -> 7018.84 | J25: ='P1'!J25+'P2'!J25+'P3'!J25+'P4'!J25+'P5'!J25+'P6'!J25+P7a!J25+P7b!J25+'P8'!J25 -> 8913.93 | K25: =ROUND(J25/$J$45,4) -> 0.0207
A26: c) | B26: ='P1'!B26 -> 65001668 | C26: =Custos!G34 -> mar/2026 | D26: =Custos!D34 -> COPASA | E26: =Custos!B34 -> Equipe de topografia de escritório | F26: =Custos!J34 -> 31279.74 | G26: =Custos!H34 -> mês | H26: ='P1'!H26+'P2'!H26+'P3'!H26+'P4'!H26+'P5'!H26+'P6'!H26+P7a!H26+P7b!H26+'P8'!H26 -> 0.29 | I26: ='P1'!I26+'P2'!I26+'P3'!I26+'P4'!I26+'P5'!I26+'P6'!I26+P7a!I26+P7b!I26+'P8'!I26 -> 9071.12 | J26: ='P1'!J26+'P2'!J26+'P3'!J26+'P4'!J26+'P5'!J26+'P6'!J26+P7a!J26+P7b!J26+'P8'!J26 -> 11520.32 | K26: =ROUND(J26/$J$45,4) -> 0.0267
A28: 3.2 | B28: SERVIÇOS DE SONDAGEM | J28: =SUM(J29:J31) -> 28016.06 | K28: =SUM(K29:K31) -> 0.0649
A29: a) | B29: ='P1'!B29 -> 65001207 | C29: =Custos!G27 -> mar/2026 | D29: =Custos!D27 -> COPASA | E29: =Custos!B27 -> Sondagem a percussao - mobilizacao e desmobilizacao | F29: =Custos!J27 -> 1417.53 | G29: =Custos!H27 -> unidade | H29: ='P1'!H29+'P2'!H29+'P3'!H29+'P4'!H29+'P5'!H29+'P6'!H29+P7a!H29+P7b!H29+'P8'!H29 -> 1 | I29: ='P1'!I29+'P2'!I29+'P3'!I29+'P4'!I29+'P5'!I29+'P6'!I29+P7a!I29+P7b!I29+'P8'!I29 -> 1417.53 | J29: ='P1'!J29+'P2'!J29+'P3'!J29+'P4'!J29+'P5'!J29+'P6'!J29+P7a!J29+P7b!J29+'P8'!J29 -> 1800.26 | K29: =ROUND(J29/$J$45,4) -> 0.0042
A30: b) | B30: ='P1'!B30 -> 65001209 | C30: =Custos!G28 -> mar/2026 | D30: =Custos!D28 -> COPASA | E30: =Custos!B28 -> Sondagem a percussao - instalacao por furo | F30: =Custos!J28 -> 506.64 | G30: =Custos!H28 -> unidade | H30: ='P1'!H30+'P2'!H30+'P3'!H30+'P4'!H30+'P5'!H30+'P6'!H30+P7a!H30+P7b!H30+'P8'!H30 -> 10.01 | I30: ='P1'!I30+'P2'!I30+'P3'!I30+'P4'!I30+'P5'!I30+'P6'!I30+P7a!I30+P7b!I30+'P8'!I30 -> 5071.47 | J30: ='P1'!J30+'P2'!J30+'P3'!J30+'P4'!J30+'P5'!J30+'P6'!J30+P7a!J30+P7b!J30+'P8'!J30 -> 6440.77 | K30: =ROUND(J30/$J$45,4) -> 0.0149
A31: c) | B31: ='P1'!B31 -> 65001210 | C31: =Custos!G29 -> mar/2026 | D31: =Custos!D29 -> COPASA | E31: =Custos!B29 -> Sondagem a percussao ø2.1/2" - perfuracao e retirada de amostras | F31: =Custos!J29 -> 155.6 | G31: =Custos!H29 -> m | H31: ='P1'!H31+'P2'!H31+'P3'!H31+'P4'!H31+'P5'!H31+'P6'!H31+P7a!H31+P7b!H31+'P8'!H31 -> 100.07 | I31: ='P1'!I31+'P2'!I31+'P3'!I31+'P4'!I31+'P5'!I31+'P6'!I31+P7a!I31+P7b!I31+'P8'!I31 -> 15570.89 | J31: ='P1'!J31+'P2'!J31+'P3'!J31+'P4'!J31+'P5'!J31+'P6'!J31+P7a!J31+P7b!J31+'P8'!J31 -> 19775.03 | K31: =ROUND(J31/$J$45,4) -> 0.0458
A33: 3.3 | B33: CADASTRO TÉCNICO DE REDES DE ESGOTAMENTO SANITÁRIO | J33: =SUM(J34:J35) -> 55692.71 | K33: =SUM(K34:K35) -> 0.1291
A34: a) | B34: ='P1'!B34 -> 65001667 | C34: =Custos!G37 -> mar/2026 | D34: =Custos!D37 -> COPASA | E34: =Custos!B37 -> Equipe de topografia de campo | F34: =Custos!J37 -> 58490.33 | G34: =Custos!H37 -> mês | H34: ='P1'!H34+'P2'!H34+'P3'!H34+'P4'!H34+'P5'!H34+'P6'!H34+P7a!H34+P7b!H34+'P8'!H34 -> 0.6 | I34: ='P1'!I34+'P2'!I34+'P3'!I34+'P4'!I34+'P5'!I34+'P6'!I34+P7a!I34+P7b!I34+'P8'!I34 -> 35094.2 | J34: ='P1'!J34+'P2'!J34+'P3'!J34+'P4'!J34+'P5'!J34+'P6'!J34+P7a!J34+P7b!J34+'P8'!J34 -> 44569.63 | K34: =ROUND(J34/$J$45,4) -> 0.1033
A35: b) | B35: ='P1'!B35 -> 65001668 | C35: =Custos!G38 -> mar/2026 | D35: =Custos!D38 -> COPASA | E35: =Custos!B38 -> Equipe de topografia de escritório | F35: =Custos!J38 -> 31279.74 | G35: =Custos!H38 -> mês | H35: ='P1'!H35+'P2'!H35+'P3'!H35+'P4'!H35+'P5'!H35+'P6'!H35+P7a!H35+P7b!H35+'P8'!H35 -> 0.28 | I35: ='P1'!I35+'P2'!I35+'P3'!I35+'P4'!I35+'P5'!I35+'P6'!I35+P7a!I35+P7b!I35+'P8'!I35 -> 8758.33 | J35: ='P1'!J35+'P2'!J35+'P3'!J35+'P4'!J35+'P5'!J35+'P6'!J35+P7a!J35+P7b!J35+'P8'!J35 -> 11123.08 | K35: =ROUND(J35/$J$45,4) -> 0.0258
A37: 3.4 | B37: ANÁLISE DE ÁGUA | J37: =SUM(J38:J39) -> 1608.43 | K37: =SUM(K38:K39) -> 0.0038
A38: a) | B38: =Custos!E43 -> 65001114 | C38: =Custos!G43 -> mar/2026 | D38: =Custos!D43 -> COPASA | E38: =Custos!B43 -> Análise fisico-química da água | F38: =Custos!J43 -> 453.96 | G38: =Custos!H43 -> unidade | H38: ='P1'!H38+'P2'!H38+'P3'!H38+'P4'!H38+'P5'!H38+'P6'!H38+P7a!H38+P7b!H38+'P8'!H38 -> 2 | I38: ='P1'!I38+'P2'!I38+'P3'!I38+'P4'!I38+'P5'!I38+'P6'!I38+P7a!I38+P7b!I38+'P8'!I38 -> 907.92 | J38: ='P1'!J38+'P2'!J38+'P3'!J38+'P4'!J38+'P5'!J38+'P6'!J38+P7a!J38+P7b!J38+'P8'!J38 -> 1153.06 | K38: =ROUND(J38/$J$45,4) -> 0.0027
A39: b) | B39: =Custos!E44 -> 65001115 | C39: =Custos!G44 -> mar/2026 | D39: =Custos!D44 -> COPASA | E39: =Custos!B44 -> Analise bactereologica da água | F39: =Custos!J44 -> 179.28 | G39: =Custos!H44 -> unidade | H39: ='P1'!H39+'P2'!H39+'P3'!H39+'P4'!H39+'P5'!H39+'P6'!H39+P7a!H39+P7b!H39+'P8'!H39 -> 2 | I39: ='P1'!I39+'P2'!I39+'P3'!I39+'P4'!I39+'P5'!I39+'P6'!I39+P7a!I39+P7b!I39+'P8'!I39 -> 358.56 | J39: ='P1'!J39+'P2'!J39+'P3'!J39+'P4'!J39+'P5'!J39+'P6'!J39+P7a!J39+P7b!J39+'P8'!J39 -> 455.37 | K39: =ROUND(J39/$J$45,4) -> 0.0011
A40: 4. | B40: DESPESAS DIVERSAS | J40: =J42 -> 16158.81 | K40: =J40/$J$45 -> 0.037439589
A42: 4.1 | B42: OUTRAS DESPESAS | J42: =SUM(J43:J43) -> 16158.81 | K42: =SUM(K43:K43) -> 0.0374
A43: a) | B43: =Custos!F46 -> - | C43: =Custos!G46 -> jan/2026 | D43: =Custos!D46 -> SICOR-MG | E43: =Custos!B46 -> Veículo tipo picape leve, com capacidade para cinco (5) lugares, obedecidos os seguintes requisitos mínimos: ter no máximo um (1) ano de uso, até 20.000km rodados, potência mínima de 100cv, direção assistida, ar condicionado, desembaçador de vidros, rádio am/fm, emplacado, com seguro total, inclusive manutenção e combustível (custo variável) | F43: =Custos!J46 -> 1.02 | G43: ='P1'!G43 -> R$/dia | H43: ='P1'!H43+'P2'!H43+'P3'!H43+'P4'!H43+'P5'!H43+'P6'!H43+P7a!H43+P7b!H43+'P8'!H43 -> 12474 | I43: ='P1'!I43+'P2'!I43+'P3'!I43+'P4'!I43+'P5'!I43+'P6'!I43+P7a!I43+P7b!I43+'P8'!I43 -> 12723.48 | J43: ='P1'!J43+'P2'!J43+'P3'!J43+'P4'!J43+'P5'!J43+'P6'!J43+P7a!J43+P7b!J43+'P8'!J43 -> 16158.81 | K43: =ROUND(J43/$J$45,4) -> 0.0374
A45: VALOR TOTAL - Inclusos K's | I45: R$ | J45: =J40+J21+J14+J7 -> 431596.88 | K45: =K7+K14+K21+K40 -> 1
A47: Observações:
A48: 1- | B48: Os K's foram calculados através de fórmulas estabelecidas pelo Acórdão 1787/2011. Os parâmetros utilizados foram estabelecidos pela Nota Técnica Conjunta nº 01/2012/SIP/SAF da Agência Nacional de Águas.
A49: 2- | B49: A remuneração horária é determinada dividindo-se o valor da remuneração mensal pela carga horária efetivamente trabalhada.

Sheet CPP
B1: ='P1'!C1 -> ORÇAMENTO PARA ELABORAÇÃO DE PROJETOS DE SISTEMA DE ESGOTAMENTO SANITÁRIO
A3: Custo por produto | D3: Data: | E3: ='Dados Básicos do município'!H4 -> 46170
A4: Comitê: | B4: ='Dados Básicos do município'!B5 -> CBH-PIRANGA
A5: Município: | B5: ='Dados Básicos do município'!B6 -> São Miguel do Anta/MG
A7: PRODUTO | D7: PERCENTUAL | E7: CUSTO (R$)
A8: Produto 1: | B8: =Cronograma!B12 -> Plano de Trabalho | D8: =E8/$E$17 -> 0.031063084 | E8: ='P1'!J45 -> 13406.73
A9: Produto 2: | B9: =Cronograma!B13 -> Cadastro Técnico | D9: =E9/$E$17 -> 0.16156804 | E9: ='P2'!J45 -> 69732.26
A10: Produto 3: | B10: =Cronograma!B14 -> Estudos Topográficos | D10: =E10/$E$17 -> 0.091709745 | E10: ='P3'!J45 -> 39581.64
A11: Produto 4: | B11: =Cronograma!B15 -> Estudo de Concepção | D11: =E11/$E$17 -> 0.098585305 | E11: ='P4'!J45 -> 42549.11
A12: Produto 5: | B12: =Cronograma!B17 -> Projeto Básico | D12: =E12/$E$17 -> 0.21571787 | E12: ='P5'!J45 -> 93103.16
A13: Produto 6: | B13: =Cronograma!B18 -> Estudos Geotécnicos | D13: =E13/$E$17 -> 0.097439421 | E13: ='P6'!J45 -> 42054.55
A14: Produto 7.1: | B14: =Cronograma!B16 -> Estudos Ambientais Preliminares | D14: =E14/$E$17 -> 0.032045876 | E14: =P7a!J45 -> 13830.9
A15: Produto 7.2: | B15: =Cronograma!B19 -> Estudos Ambientais Consolidados | D15: =E15/$E$17 -> 0.065615233 | E15: =P7b!J45 -> 28319.33
A16: Produto 8: | B16: =Cronograma!B20 -> Projeto Executivo | D16: =E16/$E$17 -> 0.20625543 | E16: ='P8'!J45 -> 89019.2
C17: TOTAL | D17: =SUM(D8:D16) -> 1 | E17: =SUM(E8:E16) -> 431596.88

Sheet Cronograma
A1: Cronograma físico-financeiro
A4: Cronograma físico-financeiro
A5: Comitê: | C5: ='Dados Básicos do município'!B5 -> CBH-PIRANGA
A6: Município: | C6: ='Dados Básicos do município'!B6 -> São Miguel do Anta/MG
A8: CRONOGRAMA
A9: ETAPA PRODUTO | B9: ESPECIFICAÇÃO | D9: Repasse | E9: Percentual | F9: MÊS
F10: - | G10: 1 | M10: 2 | S10: 3 | Y10: 4 | AE10: 5 | AK10: 6
D11: R$ | E11: % | F11: - | G11: 5 | H11: 10 | I11: 15 | J11: 20 | K11: 25 | L11: 30 | M11: 35 | N11: 40 | O11: 45 | P11: 50 | Q11: 55 | R11: 60 | S11: 65 | T11: 70 | U11: 75 | V11: 80 | W11: 85 | X11: 90 | Y11: 95 | Z11: 100 | AA11: 105 | AB11: 110 | AC11: 115 | AD11: 120 | AE11: 125 | AF11: 130 | AG11: 135 | AH11: 140 | AI11: 145 | AJ11: 150 | AK11: 155 | AL11: 160 | AM11: 165 | AN11: 170 | AO11: 175 | AP11: 180
A12: 1 | B12: ='P1'!C2 -> Plano de Trabalho | D12: ='P1'!J45 -> 13406.73 | E12: =D12/$D$23 -> 0.031063084
A13: 2 | B13: ='P2'!C2 -> Cadastro Técnico | D13: ='P2'!J45 -> 69732.26 | E13: =D13/$D$23 -> 0.16156804
A14: 3 | B14: ='P3'!C2 -> Estudos Topográficos | D14: ='P3'!J45 -> 39581.64 | E14: =D14/$D$23 -> 0.091709745
A15: 4 | B15: ='P4'!C2 -> Estudo de Concepção | D15: ='P4'!J45 -> 42549.11 | E15: =D15/$D$23 -> 0.098585305
A16: 7.1 | B16: =P7a!C2 -> Estudos Ambientais Preliminares | D16: =P7a!J45 -> 13830.9 | E16: =D16/$D$23 -> 0.032045876
A17: 5 | B17: ='P5'!C2 -> Projeto Básico | D17: ='P5'!J45 -> 93103.16 | E17: =D17/$D$23 -> 0.21571787
A18: 6 | B18: ='P6'!C2 -> Estudos Geotécnicos | D18: ='P6'!J45 -> 42054.55 | E18: =D18/$D$23 -> 0.097439421
A19: 7.2 | B19: =P7b!C2 -> Estudos Ambientais Consolidados | D19: =P7b!J45 -> 28319.33 | E19: =D19/$D$23 -> 0.065615233
A20: 8 | B20: ='P8'!C2 -> Projeto Executivo | D20: ='P8'!J45 -> 89019.2 | E20: =D20/$D$23 -> 0.20625543
A21: - | B21: Finalização Contratual | D21: - | E21: -
A23: TOTAL GERAL | D23: =SUM(D12:D22) -> 431596.88 | E23: =ROUND(SUM(E12:E22),2) -> 1
A25: LEGENDA:
C26: Emissão da Ordem de Serviço | I26: Análise da versão final do produto
C27: Elaboração do produto e entrega da minuta | I27: Período para pagamento
C28: Análise e revisão do produto | I28: Finalização contratual interna
C29: Correção e entrega versão final do produto
